Workbook
Name Afectación_Económica: #REF!
Name Afectación_Económica: #REF!
Name Definicion_tratamiento: #REF!
Name Definicion_tratamiento: #REF!
Name Ejecución_administración_de_procesos: #REF!
Name Fiscal_A: #REF!
Name Fiscal_A: #REF!
Name Fiscal_B: #REF!
Name Fiscal_B: #REF!
Name Gestiòn: #REF!
Name Gestiòn: #REF!
Name Gestión_A: #REF!
Name Gestión_A: #REF!
Name Gestión_B: #REF!
Name Gestión_B: #REF!
Name IMPACTO_PROCESOS: #REF!
Name IMPACTO_PROCESOS: #REF!
Name IMPACTO_PROCESOS: #REF!
Name IMPACTO_PROCESOS: #REF!
Name IntegridadPública_Corrupción: #REF!
Name IntegridadPública_Corrupción: #REF!
Name IntegridadPública_LA_FT_FP: #REF!
Name IntegridadPública_LA_FT_FP: #REF!
Name opciones: #REF!
Name opciones: #REF!
Name opciones: #REF!
Name opciones: #REF!
Name opciones2: #REF!
Name opciones2: #REF!
Name opciones2: #REF!
Name opciones2: #REF!
Name Plan_accion: #REF!
Name Plan_accion: #REF!
Name Plan_acción: #REF!
Name Plan_acción: #REF!
Name Plan_de_acción: #REF!
Name Plan_de_acción: #REF!
Name Posibilidad__de_efecto_dañoso_sobre_el_interes_patrimonial: #REF!
Name Posibilidad__de_efecto_dañoso_sobre_el_interes_patrimonial: #REF!
Name Posibilidad_de_pérdida_Económica: #REF!
Name Posibilidad_de_pérdida_Económica: #REF!
Name Proceso: #REF!
Name Quince_Cero: #REF!
Name Quince_Cero: #REF!
Name Quince_Cero: #REF!
Name Quince_Cero: #REF!
Name Rango_Calificacion_Ejecucion: #REF!
Name Rango_Calificacion_Ejecucion: #REF!
Name Rango_Calificacion_Ejecucion: #REF!
Name Rango_Calificacion_Ejecucion: #REF!
Name Reducir_mitigar_Transferir_Evitar: #REF!
Name Reducir_mitigar_Transferir_Evitar: #REF!
Name Reputacional: #REF!
Name Reputacional: #REF!
Name Requiere_Plan_de_Acción: #REF!
Name Requiere_Plan_de_Acción: #REF!
Name Seg.Información: #REF!
Name Seg.Información: #REF!
Name TIPO: #REF!
Name TIPO: #REF!

Sheet 1. ESTABLECIMIENTO CONTEXTO 
B1: MAPA DE RIESGOS DE PROCESO | L1: CÓDIGO: F-GM-29
L2: VERSIÓN: 05
L3: FECHA: 30/03/2022
L4: PÁGINA: 1 de 3
A6: 4.2.1. ESTABLECIMIENTO DEL CONTEXTO
A9: PROCESO: | D9: Gestión Financiera
A10: FECHA DE ELABORACIÓN O ACTUALIZACIÓN: | E10: Diciembre de 2021
A11: RESPONSABLE (s) DE ELABORACIÓN O ACTUALIZACIÓN | F11: Subdirector Administrativo y Financiero
A14: Factor: Externo/Interno/Proceso | D14: Variable | G14: ¿Cómo me puede afectar?
G15: CARÁCTER: Positivo/negativo | I15: Breve análisis
A16: Factor Externo | C16: Factor Externo | D16: Transferencias municipales | G16: NEGATIVO | H16: POSITIVO | I16: Reduce la inversión en procesos misionales y gastos de funcionamiento, agudizado actualmente por la destinación de recursos para la atención de la emergencia sanitaria COVID 19.
A17: Factor de proceso | D17: Recuperación de cartera | G17: NEGATIVO | I17: La irrecuperabilidad de la cartera afecta los recursos para soportar los gastos de funcionamiento proyectados en el presupuesto del instituto
A18: Factor Externo | D18: Solvencia financiera por parte de los usuarios | G18: NEGATIVO | I18: Afecta las metas proyectadas para el recaudo de la cartera.
A19: Factor Interno | C19: Factor de proceso | D19: Comunicación con los grupos de interes | G19: NEGATIVO | I19: No permite la accesibilidad y consulta constante de información por parte de los grupos de interes, en medios de comunicación dispuestos por la entidad.
A20: Factor Externo | D20: Conflicto de orden público | G20: NEGATIVO | I20: Afectaciones a la integridad de las personas que podria desencadenar pagos de indemnización a terceros.
A21: Factor Interno | D21: Fortaleza en las alianzas para la cooperación | G21: POSITIVO | I21: Las inicativas de cooperación que actualmente desarrolla el Instituto permitirá el acceso a recursos y por ende el cumplimiento de las metas globales.
A22: Factor Externo | D22: Imposiciones administrativas y financieras | G22: NEGATIVO | I22: El instituto se ve afectado en ciertas circunstancias por directrices impartidas desde la administración central.
A23: Factor Externo | D23: Medio ambiente | G23: NEGATIVO | I23: Situaciones de desastre derivados de temas ambientales, pueden generar contingencias y por ende la redistribución de recursos.
A24: Factor Externo | D24: Cambios normativos | G24: POSITIVO | I24: Cambios normativos en términos del presupuesto que buscan la estandarización de los informes del presupuesto.
A25: Factor Externo | D25: Cambio de administración | G25: NEGATIVO | I25: Se puede ver afectada la asignación de recursos dada la priorización de necesidades.
A26: Factor Interno | D26: Debilidad en la planificación de cambios | G26: NEGATIVO | I26: No se proyectan los cambios de acuerdo al ciclo presupuestal y asignación de recursos.
A27: Factor Interno | D27: Planeación de actividades internas | G27: NEGATIVO | I27: No existe articulación entre lo planeado y lo ejecutado lo cual afecta los resultados.
A28: Factor Interno | D28: Sistemas de información | G28: NEGATIVO | I28: El Instituto no cuenta con recursos tecnológicos adecuados para la a elaboración de sus procesos, además algunas herramientas son sub-utilizadas.
A29: Factor Interno | D29: Competencias del personal | G29: NEGATIVO | I29: Falencias en la incorporación que se ajuste a los perfiles definidos en el Instituto dada la modalidad de contratación de personal.
A30: Factor Interno | D30: Evaluación del desempeño | G30: NEGATIVO | I30: Los resultados en la evaluación del desempeño no se utiliza para efectos de planes de mejoramiento individuales.
A31: Factor Interno | D31: Estructura organizacional | G31: NEGATIVO | I31: La estructura organizacional actual no es la óptima para el funcionamiento del Instituto.
... A37: Factor Externo | D37: Ambiental o Biologico | G37: NEGATIVO | I37: Cambios en la calidad de vida y entorno laboral a raiz de posibles catastofes, ambientales o biologicas, como la pandemia.

Sheet 2. MATRIZ DE RIESGOS
D1: MAPA DE RIESGOS DE PROCESO | AG1: CÓDIGO: F-GM-29
AG2: VERSIÓN: 05
AG3: FECHA: 30/03/2022
AG4: PÁGINA: 3 de 3
A6: PROCESO: | D6: Gestión Financiera | F6: FECHA DE ELABORACIÓN O ACTUALIZACIÓN: | H6: Actualizada noviembre de 2025
F7: RESPONSABLE (s) DE ELABORACIÓN O ACTUALIZACIÓN | H7: Suddirector Administrativo y Financiero
A8: OBJETIVO: | D8: Gestionar presupuestal y financieramente los recursos del Instituto, garantizando el cumplimiento de requisitos legales.
A9: ALCANCE: | D9: Desde la elaboración del presupuesto hasta la presentación de estados contables y financieros consolidados.
A11: 4.2. IDENTIFICACION DEL RIESGO | J11: 4.3. EVALUACIÓN DEL RIESGO | AI11: 4.4. TRATAMIENTO DEL RIESGO | AK11: SEGUIMIENTO TRIMESTRE 1 DE 2026 | AL11: RELACIÓN DE EVIDENCIAS IMPORTANTE:- RELACIONAR LOS ENLACES SOBRE MATERIALIZACION DE RIESGOS Y SOBRE APLICACIÓN DE CONTROLES -LAS EVIDENCIAS SOBRE APLICACIÓN DE CONTROLES SON LAS QUE SE ENCUENTRAN EN LA COLUMNA X - RELACIONARLAS UNA A UNA CON EL ENLACE CORRESPONDIENTE. | AM11: SEGUIMIENTO TRIMESTRE 2 DE 2026 | AN11: RELACIÓN DE EVIDENCIAS IMPORTANTE:- RELACIONAR LOS ENLACES SOBRE MATERIALIZACION DE RIESGOS Y SOBRE APLICACIÓN DE CONTROLES -LAS EVIDENCIAS SOBRE APLICACIÓN DE CONTROLES SON LAS QUE SE ENCUENTRAN EN LA COLUMNA X - RELACIONARLAS UNA A UNA CON EL ENLACE CORRESPONDIENTE. | AO11: SEGUIMIENTO TRIMESTRE 3 DE 2026 | AP11: RELACIÓN DE EVIDENCIAS IMPORTANTE:- RELACIONAR LOS ENLACES SOBRE MATERIALIZACION DE RIESGOS Y SOBRE APLICACIÓN DE CONTROLES -LAS EVIDENCIAS SOBRE APLICACIÓN DE CONTROLES SON LAS QUE SE ENCUENTRAN EN LA COLUMNA X - RELACIONARLAS UNA A UNA CON EL ENLACE CORRESPONDIENTE. | AQ11: SEGUIMIENTO TRIMESTRE 4 DE 2026 | AR11: RELACIÓN DE EVIDENCIAS IMPORTANTE:- RELACIONAR LOS ENLACES SOBRE MATERIALIZACION DE RIESGOS Y SOBRE APLICACIÓN DE CONTROLES -LAS EVIDENCIAS SOBRE APLICACIÓN DE CONTROLES SON LAS QUE SE ENCUENTRAN EN LA COLUMNA X - RELACIONARLAS UNA A UNA CON EL ENLACE CORRESPONDIENTE.
A12: Referencia | B12: Objetivo / Requisto a cumplir | C12: Temática / Linea de Acción | D12: 1. QUE? | E12: 2. COMO SE REFLEJA? | F12: 3. POR QUE? (Evento Potencial Principal) | G12: Descripción del Riesgo (1+2+3) | H12: Causa (Evento Potencial Intermedio) | I12: Clasificación del Riesgo | J12: EVALUACION DE RIESGO INHERENTE | O12: VALORACION DE CONTROLES | AD12: EVALUACION DEL RIESGO RESIDUAL | AI12: Tratamiento | AJ12: FORMULAR ACCIONES ESPECIFICAS
J13: Probabilidad Inherente | K13: % | L13: Impacto Inherente | M13: % | N13: Zona de Riesgo Inherente | O13: No. Control | P13: Descripción del Control (Medida Actual) | Q13: Afectación | R13: Atributos | Y13: Probabilidad Residual | Z13: Probabilidad Residual | AA13: % | AB13: Impacto Residual | AC13: % | AD13: Probabilidad Residual Final | AE13: % | AF13: Impacto Residual Final | AG13: % | AH13: Zona de Riesgo Final | AJ13: VER ACCION #
R14: Tipo | S14: Implementación | T14: Calificación | U14: Documentación | V14: Frecuencia | W14: Evidencia | X14: Nombre de la evidencia
A15: GF16 | B15: NA Riesgo Fiscal | C15: Tesorería | D15: Posibilidad de afectación reputacional y económica | E15: Por quejas interpuestas de manera informal o por correo electrónico por parte de proveedores y contratistas. Por disminución en la liquidez institucional. Por pérdida de recursos. Por acciones legales de terceros | F15: debido a la realización de desembolsos por valores diferentes a los obligados. | G15: Posibilidad de afectación reputacional y económica del Instituto por quejas interpuestas de manera informal o por correo electrónico por parte de los proveedores y contratistas, por disminución en la liquidez institucional, por pérdida de recursos, así como por posibles acciones legales de terceros. Lo anterior, debido a la realización de desembolsos por valores diferentes a los obligados. | H15: 1. Errores en la digitación | I15: Fiscal | J15: Alta | K15: =IF(J15="","",IF(J15="Muy Baja",0.2,IF(J15="Baja",0.4,IF(J15="Media",0.6,IF(J15="Alta",0.8,IF(J15="Muy Alta",1,)))))) -> 0.8 | L15: Moderado | M15: =IF(L15="","",IF(L15="Leve",0.2,IF(L15="Menor",0.4,IF(L15="Moderado",0.6,IF(L15="Mayor",0.8,IF(L15="Catastrófico",1,)))))) -> 0.6 | N15: =IF(OR(AND(J15="Muy Baja",L15="Leve"),AND(J15="Muy Baja",L15="Menor"),AND(J15="Baja",L15="Leve")),"Bajo",IF(OR(AND(J15="Muy baja",L15="Moderado"),AND(J15="Baja",L15="Menor"),AND(J15="Baja",L15="Moderado"),AND(J15="Media",L15="Leve"),AND(J15="Media",L15="Menor"),AND(J15="Media",L15="Moderado"),AND(J15="Alta",L15="Leve"),AND(J15="Alta",L15="Menor")),"Moderado",IF(OR(AND(J15="Muy Baja",L15="Mayor"),AND(J15="Baja",L15="Mayor"),AND(J15="Media",L15="Mayor"),AND(J15="Alta",L15="Moderado"),AND(J15="Alta",L15="Mayor"),AND(J15="Muy Alta",L15="Leve"),AND(J15="Muy Alta",L15="Menor"),AND(J15="Muy Alta",L15="Moderado"),AND(J15="Muy Alta",L15="Mayor")),"Alto",IF(OR(AND(J15="Muy Baja",L15="Catastrófico"),AND(J15="Baja",L15="Catastrófico"),AND(J15="Media",L15="Catastrófico"),AND(J15="Alta",L15="Catastrófico"),AND(J15="Muy Alta",L15="Catastrófico")),"Extremo","")))) -> Alto | O15: 1.1. | P15: El profesional de tesorería genera el soporte de pago a través de la sucursal bancaria y lo compara contra el egreso. | Q15: =IF(OR(R15="Preventivo",R15="Detectivo"),"Probabilidad",IF(R15="Correctivo","Impacto","")) -> Probabilidad | R15: Detectivo | S15: Manual | T15: =IF(AND(R15="Preventivo",S15="Automático"),"50%",IF(AND(R15="Preventivo",S15="Manual"),"40%",IF(AND(R15="Detectivo",S15="Automático"),"40%",IF(AND(R15="Detectivo",S15="Manual"),"30%",IF(AND(R15="Correctivo",S15="Automático"),"35%",IF(AND(R15="Correctivo",S15="Manual"),"25%","")))))) -> 30% | U15: Sin Documentar | V15: Continua | W15: Con Registro | X15: Documentos que soportan la solicitud de pago. | Y15: =IFERROR(IF(Q15="Probabilidad",(K15-(+K15*T15)),IF(Q15="Impacto",K15,"")),"") -> 0.56 | Z15: =IFERROR(IF(Y15="","",IF(Y15<=0.2,"Muy Baja",IF(Y15<=0.4,"Baja",IF(Y15<=0.6,"Media",IF(Y15<=0.8,"Alta","Muy Alta"))))),"") -> Media | AA15: =+Y15 -> 0.56 | AB15: =IFERROR(IF(AC15="","",IF(AC15<=0.2,"Leve",IF(AC15<=0.4,"Menor",IF(AC15<=0.6,"Moderado",IF(AC15<=0.8,"Mayor","Catastrófico"))))),"") -> Moderado | AC15: =IFERROR(IF(Q15="Impacto",(M15-(+M15*T15)),IF(Q15="Probabilidad",M15,"")),"") -> 0.6 | AD15: =IFERROR(IF(AE15=0,"",IF(AND(AE15>0,AE15<=0.2),"Muy Baja",IF(AE15<=0.4,"Baja",IF(AE15<=0.6,"Media",IF(AE15<=0.8,"Alta","Muy Alta"))))),"") -> Baja | AE15: =MIN(Y15:Y16) -> 0.336 | AF15: =IFERROR(IF(AG15=0,"",IF(AND(AG15>0,AG15<=0.2),"Leve",IF(AG15<=0.4,"Menor",IF(AG15<=0.6,"Moderado",IF(AG15<=0.8,"Mayor","Catastrófico"))))),"") -> Moderado | AG15: =MIN(AC15:AC16) -> 0.6 | AH15: =IFERROR(IF(OR(AND(AD15="Muy Baja",AF15="Leve"),AND(AD15="Muy Baja",AF15="Menor"),AND(AD15="Baja",AF15="Leve")),"Bajo",IF(OR(AND(AD15="Muy Baja",AF15="Moderado"),AND(AD15="Baja",AF15="Menor"),AND(AD15="Baja",AF15="Moderado"),AND(AD15="Media",AF15="Leve"),AND(AD15="Media",AF15="Menor"),AND(AD15="Media",AF15="Moderado"),AND(AD15="Alta",AF15="Leve"),AND(AD15="Alta",AF15="Menor")),"Moderado",IF(OR(AND(AD15="Muy Baja",AF15="Mayor"),AND(AD15="Baja",AF15="Mayor"),AND(AD15="Media",AF15="Mayor"),AND(AD15="Alta",AF15="Moderado"),AND(AD15="Alta",AF15="Mayor"),AND(AD15="Muy Alta",AF15="Leve"),AND(AD15="Muy Alta",AF15="Menor"),AND(AD15="Muy Alta",AF15="Moderado"),AND(AD15="Muy Alta",AF15="Mayor")),"Alto",IF(OR(AND(AD15="Muy Baja",AF15="Catastrófico"),AND(AD15="Baja",AF15="Catastrófico"),AND(AD15="Media",AF15="Catastrófico"),AND(AD15="Alta",AF15="Catastrófico"),AND(AD15="Muy Alta",AF15="Catastrófico")),"Extremo","")))),"") -> Moderado | AI15: Reducir (mitigar) | AK15: Se materializó el Riesgo? (Ver evento potencial principal en Columna F. Relacionar detalles de la materialización - que, como, cuando, donde): No se evidencia la materialización del evento potencial principal. Durante el período evaluado, los valores desembolsados corresponden a los valores obligados. Los Controles están bien diseñados, se aplican de acuerdo al diseño y son efectivos? (Ver controles en la columna P / Concluir frente a cada control): Las medidas de control para este riesgo están bien diseñadas y se aplican de acuerdo con el proceso. El control 1 permite verificar que el soporte de pago generado en la sucursal bancaria coincida con el egreso, y el control 2 valida que la información registrada en la sucursal corresponda con los soportes de la solicitud de pago. En este sentido, los controles son coherentes y contribuyen a mitigar el riesgo. Que acciones propones o se están llevando a cabo para gestionar el riesgo que se materializó? (Si no aplica colocar N/A) No aplica, dado que el riesgo no se materializó durante el período evaluado. Que acciones propones o se están llevando a cabo para fortalecer los controles? (En el caso de que tener Acciones de mejora / Acciones correctivas en proceso, relacionar el avance. Si tienes acciones específicas a desarrollar en la columna AJ, también relacionar el avance): Se continúa con la aplicación de los controles definidos y el seguimiento periódico a su ejecución, con el fin de garantizar su adecuada operación. | AL15: https://isvimedgovco.sharepoint.com/:f:/s/1Admin_Y_Financiera/IgCsojgZ1oSPQLAtK0yc-mNzAb8cABpLn_42Hza6Gmluo6E?e=ZgJq4E | AM15: Se materializó el Riesgo? (Ver evento potencial principal en Columna F. Relacionar detalles de la materialización - que, como, cuando, donde): No se evidencia la materialización del evento potencial principal. Durante el período evaluado, los valores desembolsados corresponden a los valores obligados. Los Controles están bien diseñados, se aplican de acuerdo al diseño y son efectivos? (Ver controles en la columna P / Concluir frente a cada control): Las medidas de control para este riesgo están bien diseñadas y se aplican de acuerdo con el proceso. El control 1 permite verificar que el soporte de pago generado en la sucursal bancaria coincida con el egreso, y el control 2 valida que la información registrada en la sucursal corresponda con los soportes de la solicitud de pago. En este sentido, los controles son coherentes y contribuyen a mitigar el riesgo. Que acciones propones o se están llevando a cabo para gestionar el riesgo que se materializó? (Si no aplica colocar N/A) No aplica, dado que el riesgo no se materializó durante el período evaluado. Que acciones propones o se están llevando a cabo para fortalecer los controles? (En el caso de que tener Acciones de mejora / Acciones correctivas en proceso, relacionar el avance. Si tienes acciones específicas a desarrollar en la columna AJ, también relacionar el avance): Se continúa con la aplicación de los controles definidos y el seguimiento periódico a su ejecución, con el fin de garantizar su adecuada operación. | AN15: CORRESPONDE A EGRESOS ( SOPORTES SOLICITUDES PAGO) EN LA COMPARTIDA *P:\1.ADMIN_Y_FINANCIERA\Comprobantes\Soportes 2026 | AO15: Se materializó el Riesgo? (Ver evento potencial principal en Columna F. Relacionar detalles de la materialización - que, como, cuando, donde): Los Controles están bien diseñados, se aplican de acuerdo al diseño y son efectivos? (Ver controles en la columna P / Concluir frente a cada control) Que acciones propones o se están llevando a cabo para gestionar el riesgo que se materializó? (Si no aplica colocar N/A) Que acciones propones o se están llevando a cabo para fortalecer los controles? (En el caso de que tener Acciones de mejora / Acciones correctivas en proceso, relacionar el avance. Si tienes acciones específicas a desarrollar en la columna AJ, también relacionar el avance) | AQ15: Se materializó el Riesgo? (Ver evento potencial principal en Columna F. Relacionar detalles de la materialización - que, como, cuando, donde): Los Controles están bien diseñados, se aplican de acuerdo al diseño y son efectivos? (Ver controles en la columna P / Concluir frente a cada control) Que acciones propones o se están llevando a cabo para gestionar el riesgo que se materializó? (Si no aplica colocar N/A) Que acciones propones o se están llevando a cabo para fortalecer los controles? (En el caso de que tener Acciones de mejora / Acciones correctivas en proceso, relacionar el avance. Si tienes acciones específicas a desarrollar en la columna AJ, también relacionar el avance)
O16: 1.2. | P16: El aprobador del pago valida que lo registrado en la sucursal bancaria corresponda a los soportes de la solicitud de pago (obligación y egreso) | Q16: =IF(OR(R16="Preventivo",R16="Detectivo"),"Probabilidad",IF(R16="Correctivo","Impacto","")) -> Probabilidad | R16: Preventivo | S16: Manual | T16: =IF(AND(R16="Preventivo",S16="Automático"),"50%",IF(AND(R16="Preventivo",S16="Manual"),"40%",IF(AND(R16="Detectivo",S16="Automático"),"40%",IF(AND(R16="Detectivo",S16="Manual"),"30%",IF(AND(R16="Correctivo",S16="Automático"),"35%",IF(AND(R16="Correctivo",S16="Manual"),"25%","")))))) -> 40% | U16: Sin Documentar | V16: Continua | W16: Con Registro | X16: Documentos que soportan la solicitud de pago. | Y16: =IFERROR(IF(AND(Q15="Probabilidad",Q16="Probabilidad"),(AA15-(+AA15*T16)),IF(Q16="Probabilidad",(K15-(+K15*T16)),IF(Q16="Impacto",AA15,""))),"") -> 0.336 | Z16: =IFERROR(IF(Y16="","",IF(Y16<=0.2,"Muy Baja",IF(Y16<=0.4,"Baja",IF(Y16<=0.6,"Media",IF(Y16<=0.8,"Alta","Muy Alta"))))),"") -> Baja | AA16: =+Y16 -> 0.336 | AB16: =IFERROR(IF(AC16="","",IF(AC16<=0.2,"Leve",IF(AC16<=0.4,"Menor",IF(AC16<=0.6,"Moderado",IF(AC16<=0.8,"Mayor","Catastrófico"))))),"") -> Moderado | AC16: =IFERROR(IF(AND(Q15="Impacto",Q16="Impacto"),(AC15-(+AC15*T16)),IF(Q16="Impacto",(#REF!-(+#REF!*T16)),IF(Q16="Probabilidad",AC15,""))),"") -> 0.6
A17: GF17 | B17: NA Riesgos Fiscal | C17: Tesorería | D17: Posibilidad de afectación económica | E17: Por disminución en la liquidez institucional Por pérdida de recursos | F17: debido a la realización de pagos dobles de obligaciones. | G17: Posibilidad de afectación económica por disminución en la liquidez institucional así como por pérdida de recursos, debido a la realización de pagos dobles de obligaciones. | H17: 1. Falta de control a la documentación de los pagos realizados. | I17: Fiscal | J17: Alta | K17: =IF(J17="","",IF(J17="Muy Baja",0.2,IF(J17="Baja",0.4,IF(J17="Media",0.6,IF(J17="Alta",0.8,IF(J17="Muy Alta",1,)))))) -> 0.8 | L17: Mayor | M17: =IF(L17="","",IF(L17="Leve",0.2,IF(L17="Menor",0.4,IF(L17="Moderado",0.6,IF(L17="Mayor",0.8,IF(L17="Catastrófico",1,)))))) -> 0.8 | N17: =IF(OR(AND(J17="Muy Baja",L17="Leve"),AND(J17="Muy Baja",L17="Menor"),AND(J17="Baja",L17="Leve")),"Bajo",IF(OR(AND(J17="Muy baja",L17="Moderado"),AND(J17="Baja",L17="Menor"),AND(J17="Baja",L17="Moderado"),AND(J17="Media",L17="Leve"),AND(J17="Media",L17="Menor"),AND(J17="Media",L17="Moderado"),AND(J17="Alta",L17="Leve"),AND(J17="Alta",L17="Menor")),"Moderado",IF(OR(AND(J17="Muy Baja",L17="Mayor"),AND(J17="Baja",L17="Mayor"),AND(J17="Media",L17="Mayor"),AND(J17="Alta",L17="Moderado"),AND(J17="Alta",L17="Mayor"),AND(J17="Muy Alta",L17="Leve"),AND(J17="Muy Alta",L17="Menor"),AND(J17="Muy Alta",L17="Moderado"),AND(J17="Muy Alta",L17="Mayor")),"Alto",IF(OR(AND(J17="Muy Baja",L17="Catastrófico"),AND(J17="Baja",L17="Catastrófico"),AND(J17="Media",L17="Catastrófico"),AND(J17="Alta",L17="Catastrófico"),AND(J17="Muy Alta",L17="Catastrófico")),"Extremo","")))) -> Alto | O17: 1.1. | P17: El profesional asignado del área de contabilidad realiza la conciliación bancaria e identifica el pago doble de obligaciones, para lo cual compara el libro auxiliar contable contra el extracto bancario. | Q17: =IF(OR(R17="Preventivo",R17="Detectivo"),"Probabilidad",IF(R17="Correctivo","Impacto","")) -> Probabilidad | R17: Detectivo | S17: Manual | T17: =IF(AND(R17="Preventivo",S17="Automático"),"50%",IF(AND(R17="Preventivo",S17="Manual"),"40%",IF(AND(R17="Detectivo",S17="Automático"),"40%",IF(AND(R17="Detectivo",S17="Manual"),"30%",IF(AND(R17="Correctivo",S17="Automático"),"35%",IF(AND(R17="Correctivo",S17="Manual"),"25%","")))))) -> 30% | U17: Sin Documentar | V17: Aleatoria | W17: Con Registro | X17: Conciliación bancaria | Y17: =IFERROR(IF(Q17="Probabilidad",(K17-(+K17*T17)),IF(Q17="Impacto",K17,"")),"") -> 0.56 | Z17: =IFERROR(IF(Y17="","",IF(Y17<=0.2,"Muy Baja",IF(Y17<=0.4,"Baja",IF(Y17<=0.6,"Media",IF(Y17<=0.8,"Alta","Muy Alta"))))),"") -> Media | AA17: =+Y17 -> 0.56 | AB17: =IFERROR(IF(AC17="","",IF(AC17<=0.2,"Leve",IF(AC17<=0.4,"Menor",IF(AC17<=0.6,"Moderado",IF(AC17<=0.8,"Mayor","Catastrófico"))))),"") -> Mayor | AC17: =IFERROR(IF(Q17="Impacto",(M17-(+M17*T17)),IF(Q17="Probabilidad",M17,"")),"") -> 0.8 | AD17: =IFERROR(IF(AE17=0,"",IF(AND(AE17>0,AE17<=0.2),"Muy Baja",IF(AE17<=0.4,"Baja",IF(AE17<=0.6,"Media",IF(AE17<=0.8,"Alta","Muy Alta"))))),"") -> Baja | AE17: =MIN(Y17:Y19) -> 0.336 | AF17: =IFERROR(IF(AG17=0,"",IF(AND(AG17>0,AG17<=0.2),"Leve",IF(AG17<=0.4,"Menor",IF(AG17<=0.6,"Moderado",IF(AG17<=0.8,"Mayor","Catastrófico"))))),"") -> Moderado | AG17: =MIN(AC17:AC19) -> 0.6 | AH17: =IFERROR(IF(OR(AND(AD17="Muy Baja",AF17="Leve"),AND(AD17="Muy Baja",AF17="Menor"),AND(AD17="Baja",AF17="Leve")),"Bajo",IF(OR(AND(AD17="Muy Baja",AF17="Moderado"),AND(AD17="Baja",AF17="Menor"),AND(AD17="Baja",AF17="Moderado"),AND(AD17="Media",AF17="Leve"),AND(AD17="Media",AF17="Menor"),AND(AD17="Media",AF17="Moderado"),AND(AD17="Alta",AF17="Leve"),AND(AD17="Alta",AF17="Menor")),"Moderado",IF(OR(AND(AD17="Muy Baja",AF17="Mayor"),AND(AD17="Baja",AF17="Mayor"),AND(AD17="Media",AF17="Mayor"),AND(AD17="Alta",AF17="Moderado"),AND(AD17="Alta",AF17="Mayor"),AND(AD17="Muy Alta",AF17="Leve"),AND(AD17="Muy Alta",AF17="Menor"),AND(AD17="Muy Alta",AF17="Moderado"),AND(AD17="Muy Alta",AF17="Mayor")),"Alto",IF(OR(AND(AD17="Muy Baja",AF17="Catastrófico"),AND(AD17="Baja",AF17="Catastrófico"),AND(AD17="Media",AF17="Catastrófico"),AND(AD17="Alta",AF17="Catastrófico"),AND(AD17="Muy Alta",AF17="Catastrófico")),"Extremo","")))),"") -> Moderado | AI17: Reducir (mitigar) | AK17: Se materializó el Riesgo? (Ver evento potencial principal en Columna F. Relacionar detalles de la materialización - que, como, cuando, donde): No se evidencia la materialización del evento potencial principal. Durante el período evaluado no se presentaron pagos dobles de obligaciones. Los Controles están bien diseñados, se aplican de acuerdo al diseño y son efectivos? (Ver controles en la columna P / Concluir frente a cada control): Las medidas de control para este riesgo están bien diseñadas y se aplican de acuerdo con el proceso. El control 1 permite identificar posibles inconsistencias a través de la conciliación bancaria realizada por contabilidad, y el control 2 asegura, mediante el visto bueno de tesorería a los egresos, que no se generen pagos duplicados. En este sentido, los controles son coherentes y contribuyen a mitigar el riesgo. Que acciones propones o se están llevando a cabo para gestionar el riesgo que se materializó? (Si no aplica colocar N/A) No aplica, dado que el riesgo no se materializó. Se mantienen los controles establecidos para su mitigación. Que acciones propones o se están llevando a cabo para fortalecer los controles? (En el caso de que tener Acciones de mejora / Acciones correctivas en proceso, relacionar el avance. Si tienes acciones específicas a desarrollar en la columna AJ, también relacionar el avance) Se mantiene la aplicación de los controles establecidos y se realiza seguimiento periódico a su ejecución. | AL17: https://isvimedgovco.sharepoint.com/:f:/s/1Admin_Y_Financiera/IgCsojgZ1oSPQLAtK0yc-mNzAb8cABpLn_42Hza6Gmluo6E?e=ZgJq4E | AM17: Se materializó el Riesgo? (Ver evento potencial principal en Columna F. Relacionar detalles de la materialización - que, como, cuando, donde): No se evidencia la materialización del evento potencial principal. Durante el período evaluado no se presentaron pagos dobles de obligaciones. Los Controles están bien diseñados, se aplican de acuerdo al diseño y son efectivos? (Ver controles en la columna P / Concluir frente a cada control): Las medidas de control para este riesgo están bien diseñadas y se aplican de acuerdo con el proceso. El control 1 permite identificar posibles inconsistencias a través de la conciliación bancaria realizada por contabilidad, y el control 2 asegura, mediante el visto bueno de tesorería a los egresos, que no se generen pagos duplicados. En este sentido, los controles son coherentes y contribuyen a mitigar el riesgo. Que acciones propones o se están llevando a cabo para gestionar el riesgo que se materializó? (Si no aplica colocar N/A) No aplica, dado que el riesgo no se materializó. Se mantienen los controles establecidos para su mitigación. Que acciones propones o se están llevando a cabo para fortalecer los controles? (En el caso de que tener Acciones de mejora / Acciones correctivas en proceso, relacionar el avance. Si tienes acciones específicas a desarrollar en la columna AJ, también relacionar el avance) Se mantiene la aplicación de los controles establecidos y se realiza seguimiento periódico a su ejecución. | AN17: * https://isvimedgovco.sharepoint.com/:f:/s/Admin_Y_Financiera-Contabilidad/IgCeynrbmWA7TIWLr2NCIdVlAd7dAFu8v4Hv1m_I5gMCLlw?e=agaQia *P:\1.ADMIN_Y_FINANCIERA\Comprobantes\Soportes 2026 | AO17: Se materializó el Riesgo? (Ver evento potencial principal en Columna F. Relacionar detalles de la materialización - que, como, cuando, donde): Los Controles están bien diseñados, se aplican de acuerdo al diseño y son efectivos? (Ver controles en la columna P / Concluir frente a cada control) Que acciones propones o se están llevando a cabo para gestionar el riesgo que se materializó? (Si no aplica colocar N/A) Que acciones propones o se están llevando a cabo para fortalecer los controles? (En el caso de que tener Acciones de mejora / Acciones correctivas en proceso, relacionar el avance. Si tienes acciones específicas a desarrollar en la columna AJ, también relacionar el avance) | AQ17: Se materializó el Riesgo? (Ver evento potencial principal en Columna F. Relacionar detalles de la materialización - que, como, cuando, donde): Los Controles están bien diseñados, se aplican de acuerdo al diseño y son efectivos? (Ver controles en la columna P / Concluir frente a cada control) Que acciones propones o se están llevando a cabo para gestionar el riesgo que se materializó? (Si no aplica colocar N/A) Que acciones propones o se están llevando a cabo para fortalecer los controles? (En el caso de que tener Acciones de mejora / Acciones correctivas en proceso, relacionar el avance. Si tienes acciones específicas a desarrollar en la columna AJ, también relacionar el avance)
O18: 1.2. | P18: El profesional de tesorería una vez realiza el pago, pone VoBo de pago en la documentación soporte, esto con el fin de evitar de que por error se vuelva a realizar el pago. | Q18: =IF(OR(R18="Preventivo",R18="Detectivo"),"Probabilidad",IF(R18="Correctivo","Impacto","")) -> Probabilidad | R18: Preventivo | S18: Manual | T18: =IF(AND(R18="Preventivo",S18="Automático"),"50%",IF(AND(R18="Preventivo",S18="Manual"),"40%",IF(AND(R18="Detectivo",S18="Automático"),"40%",IF(AND(R18="Detectivo",S18="Manual"),"30%",IF(AND(R18="Correctivo",S18="Automático"),"35%",IF(AND(R18="Correctivo",S18="Manual"),"25%","")))))) -> 40% | U18: Sin Documentar | V18: Continua | W18: Con Registro | X18: Documentación soporte de cada pago con VoBo de pagado | Y18: =IFERROR(IF(AND(Q17="Probabilidad",Q18="Probabilidad"),(AA17-(+AA17*T18)),IF(Q18="Probabilidad",(K17-(+K17*T18)),IF(Q18="Impacto",AA17,""))),"") -> 0.336 | Z18: =IFERROR(IF(Y18="","",IF(Y18<=0.2,"Muy Baja",IF(Y18<=0.4,"Baja",IF(Y18<=0.6,"Media",IF(Y18<=0.8,"Alta","Muy Alta"))))),"") -> Baja | AA18: =+Y18 -> 0.336 | AB18: =IFERROR(IF(AC18="","",IF(AC18<=0.2,"Leve",IF(AC18<=0.4,"Menor",IF(AC18<=0.6,"Moderado",IF(AC18<=0.8,"Mayor","Catastrófico"))))),"") -> Mayor | AC18: =IFERROR(IF(AND(Q17="Impacto",Q18="Impacto"),(AC17-(+AC17*T18)),IF(Q18="Impacto",(#REF!-(+#REF!*T18)),IF(Q18="Probabilidad",AC17,""))),"") -> 0.8
O19: 2 | P19: En caso de materialización del riesgo, desde la tesorería del ISVIMED,una vez identificado el pago doble y el beneficiario del mismo, se realiza una solicitud a traves de correo electronico requriendo realizar el reembolso del recurso correspondiente a la cuenta que se vio afectada. En caso de que el beneficiario no quiera realizar el reembolso, este recurso se le debitará del proximo pago que pueda tener a su favor, y en caso no cuente con un proximo pago se interpondra un recurso legal a fin de gestionar la devolución de dicho dinero. | Q19: =IF(OR(R19="Preventivo",R19="Detectivo"),"Probabilidad",IF(R19="Correctivo","Impacto","")) -> Impacto | R19: Correctivo | S19: Manual | T19: =IF(AND(R19="Preventivo",S19="Automático"),"50%",IF(AND(R19="Preventivo",S19="Manual"),"40%",IF(AND(R19="Detectivo",S19="Automático"),"40%",IF(AND(R19="Detectivo",S19="Manual"),"30%",IF(AND(R19="Correctivo",S19="Automático"),"35%",IF(AND(R19="Correctivo",S19="Manual"),"25%","")))))) -> 25% | U19: Sin Documentar | V19: Continua | W19: Con Registro | X19: Solictud de Reembolso al contratista al cual se realizó el pago doble. Soporte del ingreso del recurso a la cuenta bancaria. Traslado a Subdirección Jurídica para recuperación del recursos a través de recurso legal. | Y19: =IFERROR(IF(AND(Q18="Probabilidad",Q19="Probabilidad"),(AA18-(+AA18*T19)),IF(AND(Q18="Impacto",Q19="Probabilidad"),(AA17-(+AA17*T19)),IF(Q19="Impacto",AA18,""))),"") -> 0.336 | Z19: =IFERROR(IF(Y19="","",IF(Y19<=0.2,"Muy Baja",IF(Y19<=0.4,"Baja",IF(Y19<=0.6,"Media",IF(Y19<=0.8,"Alta","Muy Alta"))))),"") -> Baja | AA19: =+Y19 -> 0.336 | AB19: =IFERROR(IF(AC19="","",IF(AC19<=0.2,"Leve",IF(AC19<=0.4,"Menor",IF(AC19<=0.6,"Moderado",IF(AC19<=0.8,"Mayor","Catastrófico"))))),"") -> Moderado | AC19: =IFERROR(IF(AND(Q18="Impacto",Q19="Impacto"),(AC18-(+AC18*T19)),IF(AND(Q18="Probabilidad",Q19="Impacto"),(AC17-(+AC17*T19)),IF(Q19="Probabilidad",AC18,""))),"") -> 0.6
A20: GF18 | B20: NA Riesgo de Corrupción | C20: Tesorería | D20: Posibilidad de afectación económica y reputacional del Instituto | E20: por perdida de recursos y por lo tanto posibles sanciones de índole disciplinaria, penal y/o económica por parte de los entes de control | F20: debido a la apropiación de recursos financieros por parte empleados o terceros para el beneficio particular. | G20: Posibilidad de afectación económica y reputacional del Instituto por perdida de recursos y por lo tanto posibles sanciones de índole disciplinaria, penal y/o económica por parte de los entes de control, debido a la apropiación de recursos financieros por parte empleados o terceros para el beneficio particular. | I20: Integridad Pùblica - Corrupción | J20: Alta | K20: =IF(J20="","",IF(J20="Muy Baja",0.2,IF(J20="Baja",0.4,IF(J20="Media",0.6,IF(J20="Alta",0.8,IF(J20="Muy Alta",1,)))))) -> 0.8 | L20: Catastrófico | M20: =IF(L20="","",IF(L20="Leve",0.2,IF(L20="Menor",0.4,IF(L20="Moderado",0.6,IF(L20="Mayor",0.8,IF(L20="Catastrófico",1,)))))) -> 1 | N20: =IF(OR(AND(J20="Muy Baja",L20="Leve"),AND(J20="Muy Baja",L20="Menor"),AND(J20="Baja",L20="Leve")),"Bajo",IF(OR(AND(J20="Muy baja",L20="Moderado"),AND(J20="Baja",L20="Menor"),AND(J20="Baja",L20="Moderado"),AND(J20="Media",L20="Leve"),AND(J20="Media",L20="Menor"),AND(J20="Media",L20="Moderado"),AND(J20="Alta",L20="Leve"),AND(J20="Alta",L20="Menor")),"Moderado",IF(OR(AND(J20="Muy Baja",L20="Mayor"),AND(J20="Baja",L20="Mayor"),AND(J20="Media",L20="Mayor"),AND(J20="Alta",L20="Moderado"),AND(J20="Alta",L20="Mayor"),AND(J20="Muy Alta",L20="Leve"),AND(J20="Muy Alta",L20="Menor"),AND(J20="Muy Alta",L20="Moderado"),AND(J20="Muy Alta",L20="Mayor")),"Alto",IF(OR(AND(J20="Muy Baja",L20="Catastrófico"),AND(J20="Baja",L20="Catastrófico"),AND(J20="Media",L20="Catastrófico"),AND(J20="Alta",L20="Catastrófico"),AND(J20="Muy Alta",L20="Catastrófico")),"Extremo","")))) -> Extremo | O20: 0 | P20: En el caso de apropiación indebida recursos por parte de un funcionario (materialización del riesgo), el caso debe remitirse al oficial de transparencia quien a su vez deberá informar a los entes de control con el fin de que lleven a cabo las investigaciones pertinentes. Documentado en: P-GE-10, PROCEDIMIENTO PARA EL TRAMITE DE DENUNCIAS. | Q20: =IF(OR(R20="Preventivo",R20="Detectivo"),"Probabilidad",IF(R20="Correctivo","Impacto","")) -> Impacto | R20: Correctivo | S20: Manual | T20: =IF(AND(R20="Preventivo",S20="Automático"),"50%",IF(AND(R20="Preventivo",S20="Manual"),"40%",IF(AND(R20="Detectivo",S20="Automático"),"40%",IF(AND(R20="Detectivo",S20="Manual"),"30%",IF(AND(R20="Correctivo",S20="Automático"),"35%",IF(AND(R20="Correctivo",S20="Manual"),"25%","")))))) -> 25% | U20: Documentado | V20: Aleatoria | W20: Con Registro | X20: Reporte del hecho de corrupción al oficial de transparencia. Oficio remisorio a la autoridad competente | Y20: =IFERROR(IF(Q20="Probabilidad",(K20-(+K20*T20)),IF(Q20="Impacto",K20,"")),"") -> 0.8 | Z20: =IFERROR(IF(Y20="","",IF(Y20<=0.2,"Muy Baja",IF(Y20<=0.4,"Baja",IF(Y20<=0.6,"Media",IF(Y20<=0.8,"Alta","Muy Alta"))))),"") -> Alta | AA20: =+Y20 -> 0.8 | AB20: =IFERROR(IF(AC20="","",IF(AC20<=0.2,"Leve",IF(AC20<=0.4,"Menor",IF(AC20<=0.6,"Moderado",IF(AC20<=0.8,"Mayor","Catastrófico"))))),"") -> Mayor | AC20: =IFERROR(IF(Q20="Impacto",(M20-(+M20*T20)),IF(Q20="Probabilidad",M20,"")),"") -> 0.75 | AD20: =IFERROR(IF(AE20=0,"",IF(AND(AE20>0,AE20<=0.2),"Muy Baja",IF(AE20<=0.4,"Baja",IF(AE20<=0.6,"Media",IF(AE20<=0.8,"Alta","Muy Alta"))))),"") -> Muy Baja | AE20: =MIN(Y20:Y25) -> 0.084672 | AF20: =IFERROR(IF(AG20=0,"",IF(AND(AG20>0,AG20<=0.2),"Leve",IF(AG20<=0.4,"Menor",IF(AG20<=0.6,"Moderado",IF(AG20<=0.8,"Mayor","Catastrófico"))))),"") -> Mayor | AG20: =MIN(AC20:AC25) -> 0.75 | AH20: =IFERROR(IF(OR(AND(AD20="Muy Baja",AF20="Leve"),AND(AD20="Muy Baja",AF20="Menor"),AND(AD20="Baja",AF20="Leve")),"Bajo",IF(OR(AND(AD20="Muy Baja",AF20="Moderado"),AND(AD20="Baja",AF20="Menor"),AND(AD20="Baja",AF20="Moderado"),AND(AD20="Media",AF20="Leve"),AND(AD20="Media",AF20="Menor"),AND(AD20="Media",AF20="Moderado"),AND(AD20="Alta",AF20="Leve"),AND(AD20="Alta",AF20="Menor")),"Moderado",IF(OR(AND(AD20="Muy Baja",AF20="Mayor"),AND(AD20="Baja",AF20="Mayor"),AND(AD20="Media",AF20="Mayor"),AND(AD20="Alta",AF20="Moderado"),AND(AD20="Alta",AF20="Mayor"),AND(AD20="Muy Alta",AF20="Leve"),AND(AD20="Muy Alta",AF20="Menor"),AND(AD20="Muy Alta",AF20="Moderado"),AND(AD20="Muy Alta",AF20="Mayor")),"Alto",IF(OR(AND(AD20="Muy Baja",AF20="Catastrófico"),AND(AD20="Baja",AF20="Catastrófico"),AND(AD20="Media",AF20="Catastrófico"),AND(AD20="Alta",AF20="Catastrófico"),AND(AD20="Muy Alta",AF20="Catastrófico")),"Extremo","")))),"") -> Alto | AI20: Reducir (mitigar) | AJ20: Identificar si existen pólizas con la cobertura suficiente para amparar los saldos que se manejan en las cuentas bancarias. En caso afirmativo incorporar este control a este riesgo. | AK20: Se materializó el Riesgo? (Ver evento potencial principal en Columna F. Relacionar detalles de la materialización - que, como, cuando, donde): No se evidencia la materialización del evento potencial principal. Durante el período evaluado no se presentaron casos de apropiación indebida de recursos por parte de empleados o terceros. Los Controles están bien diseñados, se aplican de acuerdo al diseño y son efectivos? (Ver controles en la columna P / Concluir frente a cada control) Las medidas de control para este riesgo están bien diseñadas y se aplican de acuerdo con el proceso. Los controles establecidos permiten la adecuada autorización del gasto, la verificación periódica de recursos mediante arqueos y conciliaciones, así como la validación de información del personal y la existencia de canales formales para la denuncia de posibles irregularidades. En este sentido, los controles son coherentes y contribuyen a mitigar el riesgo. Que acciones propones o se están llevando a cabo para gestionar el riesgo que se materializó? (Si no aplica colocar N/A) No aplica, dado que el riesgo no se materializó. Se mantienen los controles establecidos para su mitigación. Que acciones propones o se están llevando a cabo para fortalecer los controles? (En el caso de que tener Acciones de mejora / Acciones correctivas en proceso, relacionar el avance. Si tienes acciones específicas a desarrollar en la columna AJ, también relacionar el avance) Se mantiene la aplicación de los controles establecidos y se realiza seguimiento periódico a su ejecución. | AL20: https://isvimedgovco.sharepoint.com/:f:/s/1Admin_Y_Financiera/IgCsojgZ1oSPQLAtK0yc-mNzAb8cABpLn_42Hza6Gmluo6E?e=ZgJq4E | AM20: Se materializó el Riesgo? (Ver evento potencial principal en Columna F. Relacionar detalles de la materialización - que, como, cuando, donde): No se evidencia la materialización del evento potencial principal. Durante el período evaluado no se presentaron casos de apropiación indebida de recursos por parte de empleados o terceros. Los Controles están bien diseñados, se aplican de acuerdo al diseño y son efectivos? (Ver controles en la columna P / Concluir frente a cada control) Las medidas de control para este riesgo están bien diseñadas y se aplican de acuerdo con el proceso. Los controles establecidos permiten la adecuada autorización del gasto, la verificación periódica de recursos mediante arqueos y conciliaciones, así como la validación de información del personal y la existencia de canales formales para la denuncia de posibles irregularidades. En este sentido, los controles son coherentes y contribuyen a mitigar el riesgo. Que acciones propones o se están llevando a cabo para gestionar el riesgo que se materializó? (Si no aplica colocar N/A) No aplica, dado que el riesgo no se materializó. Se mantienen los controles establecidos para su mitigación. Que acciones propones o se están llevando a cabo para fortalecer los controles? (En el caso de que tener Acciones de mejora / Acciones correctivas en proceso, relacionar el avance. Si tienes acciones específicas a desarrollar en la columna AJ, también relacionar el avance) Se mantiene la aplicación de los controles establecidos y se realiza seguimiento periódico a su ejecución. | AN20: * https://isvimedgovco.sharepoint.com/:f:/s/Admin_Y_Financiera-Contabilidad/IgCeynrbmWA7TIWLr2NCIdVlAd7dAFu8v4Hv1m_I5gMCLlw?e=agaQia *https://isvimedgovco.sharepoint.com/:f:/s/1Admin_Y_Financiera/IgAnXS-OW2KeRqLnxS5tWw05Ac32j_2rgF02JZtbOv9lVlU?e=lswoTR | AO20: Se materializó el Riesgo? (Ver evento potencial principal en Columna F. Relacionar detalles de la materialización - que, como, cuando, donde): Los Controles están bien diseñados, se aplican de acuerdo al diseño y son efectivos? (Ver controles en la columna P / Concluir frente a cada control) Que acciones propones o se están llevando a cabo para gestionar el riesgo que se materializó? (Si no aplica colocar N/A) Que acciones propones o se están llevando a cabo para fortalecer los controles? (En el caso de que tener Acciones de mejora / Acciones correctivas en proceso, relacionar el avance. Si tienes acciones específicas a desarrollar en la columna AJ, también relacionar el avance) | AQ20: Se materializó el Riesgo? (Ver evento potencial principal en Columna F. Relacionar detalles de la materialización - que, como, cuando, donde): Los Controles están bien diseñados, se aplican de acuerdo al diseño y son efectivos? (Ver controles en la columna P / Concluir frente a cada control) Que acciones propones o se están llevando a cabo para gestionar el riesgo que se materializó? (Si no aplica colocar N/A) Que acciones propones o se están llevando a cabo para fortalecer los controles? (En el caso de que tener Acciones de mejora / Acciones correctivas en proceso, relacionar el avance. Si tienes acciones específicas a desarrollar en la columna AJ, también relacionar el avance)
H21: 1. La persona que prepara los pagos es la misma que las aprueba en el portal bancario (falta de segregación de funciones). | O21: 1 | P21: El profesional de tesorería y la contratistas de fiducias preparan los pagos en los portales bancarios correspondientes y el Subdirector Administrativo y Financiero los aprueba. | Q21: =IF(OR(R21="Preventivo",R21="Detectivo"),"Probabilidad",IF(R21="Correctivo","Impacto","")) -> Probabilidad | R21: Preventivo | S21: Manual | T21: =IF(AND(R21="Preventivo",S21="Automático"),"50%",IF(AND(R21="Preventivo",S21="Manual"),"40%",IF(AND(R21="Detectivo",S21="Automático"),"40%",IF(AND(R21="Detectivo",S21="Manual"),"30%",IF(AND(R21="Correctivo",S21="Automático"),"35%",IF(AND(R21="Correctivo",S21="Manual"),"25%","")))))) -> 40% | U21: Sin Documentar | V21: Aleatoria | W21: Sin Registro | X21: N/A | Y21: =IFERROR(IF(AND(Q20="Probabilidad",Q21="Probabilidad"),(AA20-(+AA20*T21)),IF(Q21="Probabilidad",(K20-(+K20*T21)),IF(Q21="Impacto",AA20,""))),"") -> 0.48 | Z21: =IFERROR(IF(Y21="","",IF(Y21<=0.2,"Muy Baja",IF(Y21<=0.4,"Baja",IF(Y21<=0.6,"Media",IF(Y21<=0.8,"Alta","Muy Alta"))))),"") -> Media | AA21: =+Y21 -> 0.48 | AB21: =IFERROR(IF(AC21="","",IF(AC21<=0.2,"Leve",IF(AC21<=0.4,"Menor",IF(AC21<=0.6,"Moderado",IF(AC21<=0.8,"Mayor","Catastrófico"))))),"") -> Mayor | AC21: =IFERROR(IF(AND(Q20="Impacto",Q21="Impacto"),(AC20-(+AC20*T21)),IF(Q21="Impacto",(#REF!-(+#REF!*T21)),IF(Q21="Probabilidad",AC20,""))),"") -> 0.75
H22: 2. Falta de control en la aprobación de los gastos relacionados con la caja menor. | O22: 2 | P22: El Director del Isvimed aprueba la realización del gasto. La persona asignada por la resolución para el manejo de la caja menor y el profesional designado por el área contable realizan arqueos de caja de manera periódica. | Q22: =IF(OR(R22="Preventivo",R22="Detectivo"),"Probabilidad",IF(R22="Correctivo","Impacto","")) -> Probabilidad | R22: Preventivo | S22: Manual | T22: =IF(AND(R22="Preventivo",S22="Automático"),"50%",IF(AND(R22="Preventivo",S22="Manual"),"40%",IF(AND(R22="Detectivo",S22="Automático"),"40%",IF(AND(R22="Detectivo",S22="Manual"),"30%",IF(AND(R22="Correctivo",S22="Automático"),"35%",IF(AND(R22="Correctivo",S22="Manual"),"25%","")))))) -> 40% | U22: Documentado | V22: Aleatoria | W22: Con Registro | X22: Actas de arqueos de caja | Y22: =IFERROR(IF(AND(Q21="Probabilidad",Q22="Probabilidad"),(AA21-(+AA21*T22)),IF(AND(Q21="Impacto",Q22="Probabilidad"),(AA20-(+AA20*T22)),IF(Q22="Impacto",AA21,""))),"") -> 0.288 | Z22: =IFERROR(IF(Y22="","",IF(Y22<=0.2,"Muy Baja",IF(Y22<=0.4,"Baja",IF(Y22<=0.6,"Media",IF(Y22<=0.8,"Alta","Muy Alta"))))),"") -> Baja | AA22: =+Y22 -> 0.288 | AB22: =IFERROR(IF(AC22="","",IF(AC22<=0.2,"Leve",IF(AC22<=0.4,"Menor",IF(AC22<=0.6,"Moderado",IF(AC22<=0.8,"Mayor","Catastrófico"))))),"") -> Mayor | AC22: =IFERROR(IF(AND(Q21="Impacto",Q22="Impacto"),(AC21-(+AC21*T22)),IF(AND(Q21="Probabilidad",Q22="Impacto"),(AC20-(+AC20*T22)),IF(Q22="Probabilidad",AC21,""))),"") -> 0.75
H23: 3. Ausencia de conciliaciones a los recursos administrados en entidades financieras y sociedades fiduciarias. | O23: 3 | P23: El profesional designado en el área contable realiza mensualmente conciliaciones bancarias para identificar diferencias entre los saldos contables y los extractos bancarios y de fiducias. | Q23: =IF(OR(R23="Preventivo",R23="Detectivo"),"Probabilidad",IF(R23="Correctivo","Impacto","")) -> Probabilidad | R23: Detectivo | S23: Manual | T23: =IF(AND(R23="Preventivo",S23="Automático"),"50%",IF(AND(R23="Preventivo",S23="Manual"),"40%",IF(AND(R23="Detectivo",S23="Automático"),"40%",IF(AND(R23="Detectivo",S23="Manual"),"30%",IF(AND(R23="Correctivo",S23="Automático"),"35%",IF(AND(R23="Correctivo",S23="Manual"),"25%","")))))) -> 30% | U23: Documentado | V23: Continua | W23: Con Registro | X23: Conciliación bancaria y de fiducias mensual | Y23: =IFERROR(IF(AND(Q22="Probabilidad",Q23="Probabilidad"),(AA22-(+AA22*T23)),IF(AND(Q22="Impacto",Q23="Probabilidad"),(AA21-(+AA21*T23)),IF(Q23="Impacto",AA22,""))),"") -> 0.2016 | Z23: =IFERROR(IF(Y23="","",IF(Y23<=0.2,"Muy Baja",IF(Y23<=0.4,"Baja",IF(Y23<=0.6,"Media",IF(Y23<=0.8,"Alta","Muy Alta"))))),"") -> Baja | AA23: =+Y23 -> 0.2016 | AB23: =IFERROR(IF(AC23="","",IF(AC23<=0.2,"Leve",IF(AC23<=0.4,"Menor",IF(AC23<=0.6,"Moderado",IF(AC23<=0.8,"Mayor","Catastrófico"))))),"") -> Mayor | AC23: =IFERROR(IF(AND(Q22="Impacto",Q23="Impacto"),(AC22-(+AC22*T23)),IF(AND(Q22="Probabilidad",Q23="Impacto"),(AC21-(+AC21*T23)),IF(Q23="Probabilidad",AC22,""))),"") -> 0.75
H24: 4. El proceso de selección de personal para cargos de manejo y confianza, no incluye la verificación de la situación socioeconómica del aspirante. | O24: 4 | P24: desde el proceso de talento humano se aplica la lista de chequeo F-GH-03 que establece los documentos necesarios para dar inicio al trámite de vinculación de un funcionario en la entidad, dentro de estos requerimientos se solicita la declaración juramentada de bienes y rentas (Función Pública) descargado directamente del SIGEP, en la cual se detalla la situación socioeconómica de los aspirantes. La profesional de Talento Humano verifica la información de la declaración de bienes y rentas, identificando si el nivel de los pasivos es considerable con relación al nivel de ingresos, lo cual podría considerarse como una situación generadora de presión para cometer hechos de corrupción, y debe generarse la alerta respectiva. | Q24: =IF(OR(R24="Preventivo",R24="Detectivo"),"Probabilidad",IF(R24="Correctivo","Impacto","")) -> Probabilidad | R24: Preventivo | S24: Manual | T24: =IF(AND(R24="Preventivo",S24="Automático"),"50%",IF(AND(R24="Preventivo",S24="Manual"),"40%",IF(AND(R24="Detectivo",S24="Automático"),"40%",IF(AND(R24="Detectivo",S24="Manual"),"30%",IF(AND(R24="Correctivo",S24="Automático"),"35%",IF(AND(R24="Correctivo",S24="Manual"),"25%","")))))) -> 40% | U24: Sin Documentar | V24: Continua | W24: Con Registro | X24: la lista de chequeo Vinculación, F-GH-03 | Y24: =IFERROR(IF(AND(Q23="Probabilidad",Q24="Probabilidad"),(AA23-(+AA23*T24)),IF(AND(Q23="Impacto",Q24="Probabilidad"),(AA22-(+AA22*T24)),IF(Q24="Impacto",AA23,""))),"") -> 0.12096 | Z24: =IFERROR(IF(Y24="","",IF(Y24<=0.2,"Muy Baja",IF(Y24<=0.4,"Baja",IF(Y24<=0.6,"Media",IF(Y24<=0.8,"Alta","Muy Alta"))))),"") -> Muy Baja | AA24: =+Y24 -> 0.12096 | AB24: =IFERROR(IF(AC24="","",IF(AC24<=0.2,"Leve",IF(AC24<=0.4,"Menor",IF(AC24<=0.6,"Moderado",IF(AC24<=0.8,"Mayor","Catastrófico"))))),"") -> Mayor | AC24: =IFERROR(IF(AND(Q23="Impacto",Q24="Impacto"),(AC23-(+AC23*T24)),IF(AND(Q23="Probabilidad",Q24="Impacto"),(AC22-(+AC22*T24)),IF(Q24="Probabilidad",AC23,""))),"") -> 0.75
H25: 5. Ausencia de una línea de denuncias | O25: 5 | P25: La entidad cuenta con dos canales para la recepción de denuncias por posibles hechos o riesgos de corrupción, a través de la pagina web y el corrreo soytransparente@isvimed.gov.co. A través de estos canales el denunciante tiene la opción de interponer la denuncia a nombre propio o de manera anónima. El oficial de transparencia recible la denuncia, coordina el respectivo estudio y si el del caso, realiza la remisión de la misma ante las autoridades competentes. El oficial de transparencia realiza seguimiento al estado de trámite de cada denuncia y cuando sea posible proporciona respuesta al denunciante. Documentado en: P-GE-10, PROCEDIMIENTO PARA EL TRAMITE DE DENUNCIAS. | Q25: =IF(OR(R25="Preventivo",R25="Detectivo"),"Probabilidad",IF(R25="Correctivo","Impacto","")) -> Probabilidad | R25: Detectivo | S25: Manual | T25: =IF(AND(R25="Preventivo",S25="Automático"),"50%",IF(AND(R25="Preventivo",S25="Manual"),"40%",IF(AND(R25="Detectivo",S25="Automático"),"40%",IF(AND(R25="Detectivo",S25="Manual"),"30%",IF(AND(R25="Correctivo",S25="Automático"),"35%",IF(AND(R25="Correctivo",S25="Manual"),"25%","")))))) -> 30% | U25: Documentado | V25: Aleatoria | W25: Con Registro | X25: Acta de estudio de la Denuncia Oficio remisorio a la autoridad competente control de denuncias RITA. Respuesta al denunciante. | Y25: =IFERROR(IF(AND(Q24="Probabilidad",Q25="Probabilidad"),(AA24-(+AA24*T25)),IF(AND(Q24="Impacto",Q25="Probabilidad"),(AA23-(+AA23*T25)),IF(Q25="Impacto",AA24,""))),"") -> 0.084672 | Z25: =IFERROR(IF(Y25="","",IF(Y25<=0.2,"Muy Baja",IF(Y25<=0.4,"Baja",IF(Y25<=0.6,"Media",IF(Y25<=0.8,"Alta","Muy Alta"))))),"") -> Muy Baja | AA25: =+Y25 -> 0.084672 | AB25: =IFERROR(IF(AC25="","",IF(AC25<=0.2,"Leve",IF(AC25<=0.4,"Menor",IF(AC25<=0.6,"Moderado",IF(AC25<=0.8,"Mayor","Catastrófico"))))),"") -> Mayor | AC25: =IFERROR(IF(AND(Q24="Impacto",Q25="Impacto"),(AC24-(+AC24*T25)),IF(AND(Q24="Probabilidad",Q25="Impacto"),(AC23-(+AC23*T25)),IF(Q25="Probabilidad",AC24,""))),"") -> 0.75
A26: GF30 | B26: Lograr un 95% de cumplimiento en pagos con relación al PAC proyectado de gastos. | C26: Tesorería | D26: Posibilidad de afectación reputacional y económica | E26: reflejada en - quejas por parte la comunidad por no recibir los productos y servicios derivados de los proyectos de inversión. - Quejas por parte de proveedores por el no pago de obligaciones contractuales. - Requerimientos por parte del Distrito y el Concejo de Medellín derivados del incumplimiento de metas de Plan de Desarrollo Distrital. - Hallazgos por parte de entes de Control - Pago de intereses de mora por el incumplimiento de los pagos. - Disminución en las transferencias distritales por baja ejecución del PAC - por acciones legales de terceros. | F26: debido a que no se de cumplimiento a los pagos con relación al PAC proyectado de gastos | G26: Posibilidad de afectación reputacional y económica para el Instituto reflejada en quejas por parte la comunidad por no recibir los productos y servicios derivados de los proyectos de inversión, Quejas por parte de proveedores por el no pago de obligaciones contractuales, Requerimientos por parte del Distrito y el Concejo de Medellín derivados del incumplimiento de metas de Plan de Desarrollo Distrital, Hallazgos por parte de entes de Control, pago de intereses de mora por el incumplimiento de los pagos, disminución en las transferencias distritales por baja ejecución del PAC asi como por posibles acciones legales de terceros. Lo anterior, debido a que no se de cumplimiento a los pagos con relación al PAC proyectado de gastos. | H26: 1. Los encargados de elaborar las solicitudes de pago, no las entregan en cumplimiento de requisitos o de acuerdo con los plazos estipulados en el cronograma de cierre financiero mensual. | I26: Riesgo Fiscal | J26: Alta | K26: =IF(J26="","",IF(J26="Muy Baja",0.2,IF(J26="Baja",0.4,IF(J26="Media",0.6,IF(J26="Alta",0.8,IF(J26="Muy Alta",1,)))))) -> 0.8 | L26: Mayor | M26: =IF(L26="","",IF(L26="Leve",0.2,IF(L26="Menor",0.4,IF(L26="Moderado",0.6,IF(L26="Mayor",0.8,IF(L26="Catastrófico",1,)))))) -> 0.8 | N26: =IF(OR(AND(J26="Muy Baja",L26="Leve"),AND(J26="Muy Baja",L26="Menor"),AND(J26="Baja",L26="Leve")),"Bajo",IF(OR(AND(J26="Muy baja",L26="Moderado"),AND(J26="Baja",L26="Menor"),AND(J26="Baja",L26="Moderado"),AND(J26="Media",L26="Leve"),AND(J26="Media",L26="Menor"),AND(J26="Media",L26="Moderado"),AND(J26="Alta",L26="Leve"),AND(J26="Alta",L26="Menor")),"Moderado",IF(OR(AND(J26="Muy Baja",L26="Mayor"),AND(J26="Baja",L26="Mayor"),AND(J26="Media",L26="Mayor"),AND(J26="Alta",L26="Moderado"),AND(J26="Alta",L26="Mayor"),AND(J26="Muy Alta",L26="Leve"),AND(J26="Muy Alta",L26="Menor"),AND(J26="Muy Alta",L26="Moderado"),AND(J26="Muy Alta",L26="Mayor")),"Alto",IF(OR(AND(J26="Muy Baja",L26="Catastrófico"),AND(J26="Baja",L26="Catastrófico"),AND(J26="Media",L26="Catastrófico"),AND(J26="Alta",L26="Catastrófico"),AND(J26="Muy Alta",L26="Catastrófico")),"Extremo","")))) -> Alto | O26: 1 | P26: El area contable elabora y envia el cronograma de cierre financiero mensual a todas las dependencias. De manera general no se reciben solicitudes de pago por fuera del tiempo estipulado. Una vez se reciben las solicitudes de pago, el area contable valida que estas solicitudes tengan los soportes descritos en el PROCEDIMIENTO PARA PAGOS, P-GF-10 de acuerdo a cada tipología. Posteriormente el area de presupuesto verifica los soportes presupuestales y la disponibilidad de PAC para generar la orden de pago OP. Por su parte, el area de Tesorería verifica la disponiblidad de recursos en caja y la existencia de los soportes requeridos de acuerdo al procedimiento en mención, para proceder a realizar los pagos y afectar el PAC de gastos. | Q26: =IF(OR(R26="Preventivo",R26="Detectivo"),"Probabilidad",IF(R26="Correctivo","Impacto","")) -> Probabilidad | R26: Preventivo | S26: Manual | T26: =IF(AND(R26="Preventivo",S26="Automático"),"50%",IF(AND(R26="Preventivo",S26="Manual"),"40%",IF(AND(R26="Detectivo",S26="Automático"),"40%",IF(AND(R26="Detectivo",S26="Manual"),"30%",IF(AND(R26="Correctivo",S26="Automático"),"35%",IF(AND(R26="Correctivo",S26="Manual"),"25%","")))))) -> 40% | U26: Documentado | V26: Aleatoria | W26: Con Registro | X26: Solicitud de Pago con soportes relacionados en el PROCEDIMIENTO PARA PAGOS, P-GF-10. Orden de Pago OP Comprobante de Egreso Soporte de desembolso del banco | Y26: =IFERROR(IF(Q26="Probabilidad",(K26-(+K26*T26)),IF(Q26="Impacto",K26,"")),"") -> 0.48 | Z26: =IFERROR(IF(Y26="","",IF(Y26<=0.2,"Muy Baja",IF(Y26<=0.4,"Baja",IF(Y26<=0.6,"Media",IF(Y26<=0.8,"Alta","Muy Alta"))))),"") -> Media | AA26: =+Y26 -> 0.48 | AB26: =IFERROR(IF(AC26="","",IF(AC26<=0.2,"Leve",IF(AC26<=0.4,"Menor",IF(AC26<=0.6,"Moderado",IF(AC26<=0.8,"Mayor","Catastrófico"))))),"") -> Mayor | AC26: =IFERROR(IF(Q26="Impacto",(M26-(+M26*T26)),IF(Q26="Probabilidad",M26,"")),"") -> 0.8 | AD26: =IFERROR(IF(AE26=0,"",IF(AND(AE26>0,AE26<=0.2),"Muy Baja",IF(AE26<=0.4,"Baja",IF(AE26<=0.6,"Media",IF(AE26<=0.8,"Alta","Muy Alta"))))),"") -> Baja | AE26: =MIN(Y26:Y29) -> 0.288 | AF26: =IFERROR(IF(AG26=0,"",IF(AND(AG26>0,AG26<=0.2),"Leve",IF(AG26<=0.4,"Menor",IF(AG26<=0.6,"Moderado",IF(AG26<=0.8,"Mayor","Catastrófico"))))),"") -> Moderado | AG26: =MIN(AC26:AC29) -> 0.45 | AH26: =IFERROR(IF(OR(AND(AD26="Muy Baja",AF26="Leve"),AND(AD26="Muy Baja",AF26="Menor"),AND(AD26="Baja",AF26="Leve")),"Bajo",IF(OR(AND(AD26="Muy Baja",AF26="Moderado"),AND(AD26="Baja",AF26="Menor"),AND(AD26="Baja",AF26="Moderado"),AND(AD26="Media",AF26="Leve"),AND(AD26="Media",AF26="Menor"),AND(AD26="Media",AF26="Moderado"),AND(AD26="Alta",AF26="Leve"),AND(AD26="Alta",AF26="Menor")),"Moderado",IF(OR(AND(AD26="Muy Baja",AF26="Mayor"),AND(AD26="Baja",AF26="Mayor"),AND(AD26="Media",AF26="Mayor"),AND(AD26="Alta",AF26="Moderado"),AND(AD26="Alta",AF26="Mayor"),AND(AD26="Muy Alta",AF26="Leve"),AND(AD26="Muy Alta",AF26="Menor"),AND(AD26="Muy Alta",AF26="Moderado"),AND(AD26="Muy Alta",AF26="Mayor")),"Alto",IF(OR(AND(AD26="Muy Baja",AF26="Catastrófico"),AND(AD26="Baja",AF26="Catastrófico"),AND(AD26="Media",AF26="Catastrófico"),AND(AD26="Alta",AF26="Catastrófico"),AND(AD26="Muy Alta",AF26="Catastrófico")),"Extremo","")))),"") -> Moderado | AI26: Reducir (mitigar) | AK26: Se materializó el Riesgo? (Ver evento potencial principal en Columna F. Relacionar detalles de la materialización - que, como, cuando, donde): No se evidencia la materialización del evento potencial principal. Durante el período evaluado se dio cumplimiento a los pagos conforme al PAC proyectado de gastos. Los Controles están bien diseñados, se aplican de acuerdo al diseño y son efectivos? (Ver controles en la columna P / Concluir frente a cada control) Las medidas de control para este riesgo están bien diseñadas y se aplican de acuerdo con el proceso. Los controles establecidos permiten la adecuada planificación y ejecución de los pagos, mediante la definición del cronograma de cierre financiero, la validación de soportes, la verificación de la disponibilidad de recursos y el seguimiento periódico a la programación de pagos. En este sentido, los controles son coherentes y contribuyen a mitigar el riesgo. Que acciones propones o se están llevando a cabo para gestionar el riesgo que se materializó? (Si no aplica colocar N/A) No aplica, dado que el riesgo no se materializó. Se mantienen los controles establecidos para su mitigación. Que acciones propones o se están llevando a cabo para fortalecer los controles? (En el caso de que tener Acciones de mejora / Acciones correctivas en proceso, relacionar el avance. Si tienes acciones específicas a desarrollar en la columna AJ, también relacionar el avance) Se mantiene la aplicación de los controles establecidos y el seguimiento a la programación y ejecución de pagos | AL26: https://isvimedgovco.sharepoint.com/:f:/s/1Admin_Y_Financiera/IgCsojgZ1oSPQLAtK0yc-mNzAb8cABpLn_42Hza6Gmluo6E?e=ZgJq4E | AM26: Se materializó el Riesgo? (Ver evento potencial principal en Columna F. Relacionar detalles de la materialización - que, como, cuando, donde): No se evidencia la materialización del evento potencial principal. Durante el período evaluado se dio cumplimiento a los pagos conforme al PAC proyectado de gastos. Los Controles están bien diseñados, se aplican de acuerdo al diseño y son efectivos? (Ver controles en la columna P / Concluir frente a cada control) Las medidas de control para este riesgo están bien diseñadas y se aplican de acuerdo con el proceso. Los controles establecidos permiten la adecuada planificación y ejecución de los pagos, mediante la definición del cronograma de cierre financiero, la validación de soportes, la verificación de la disponibilidad de recursos y el seguimiento periódico a la programación de pagos. En este sentido, los controles son coherentes y contribuyen a mitigar el riesgo. Que acciones propones o se están llevando a cabo para gestionar el riesgo que se materializó? (Si no aplica colocar N/A) No aplica, dado que el riesgo no se materializó. Se mantienen los controles establecidos para su mitigación. Que acciones propones o se están llevando a cabo para fortalecer los controles? (En el caso de que tener Acciones de mejora / Acciones correctivas en proceso, relacionar el avance. Si tienes acciones específicas a desarrollar en la columna AJ, también relacionar el avance) Se mantiene la aplicación de los controles establecidos y el seguimiento a la programación y ejecución de pagos. | AN26: *P:\1.ADMIN_Y_FINANCIERA\Comprobantes\Soportes 2026 *https://isvimedgovco.sharepoint.com/:f:/s/1Admin_Y_Financiera/IgCUSNgVv0r7RY8aHPqv9DmtAX5Y1QH-cihTz2xkHt2WodY?e=vRQ0aZ | AO26: Se materializó el Riesgo? (Ver evento potencial principal en Columna F. Relacionar detalles de la materialización - que, como, cuando, donde): Los Controles están bien diseñados, se aplican de acuerdo al diseño y son efectivos? (Ver controles en la columna P / Concluir frente a cada control) Que acciones propones o se están llevando a cabo para gestionar el riesgo que se materializó? (Si no aplica colocar N/A) Que acciones propones o se están llevando a cabo para fortalecer los controles? (En el caso de que tener Acciones de mejora / Acciones correctivas en proceso, relacionar el avance. Si tienes acciones específicas a desarrollar en la columna AJ, también relacionar el avance) | AQ26: Se materializó el Riesgo? (Ver evento potencial principal en Columna F. Relacionar detalles de la materialización - que, como, cuando, donde): Los Controles están bien diseñados, se aplican de acuerdo al diseño y son efectivos? (Ver controles en la columna P / Concluir frente a cada control) Que acciones propones o se están llevando a cabo para gestionar el riesgo que se materializó? (Si no aplica colocar N/A) Que acciones propones o se están llevando a cabo para fortalecer los controles? (En el caso de que tener Acciones de mejora / Acciones correctivas en proceso, relacionar el avance. Si tienes acciones específicas a desarrollar en la columna AJ, también relacionar el avance)
H27: 2. No se cuentan con los recursos en caja con relación al PAC de gastos proyectado | O27: 2.1 | P27: La tesorera general verifica periódicamente la disponibilidad de los recursos en caja con relación a la programación de pagos lo informa de manera mensual en el Comité Finaniero Documentado en: Resolución del Comité Financiero | Q27: =IF(OR(R27="Preventivo",R27="Detectivo"),"Probabilidad",IF(R27="Correctivo","Impacto","")) -> Probabilidad | R27: Preventivo | S27: Manual | T27: =IF(AND(R27="Preventivo",S27="Automático"),"50%",IF(AND(R27="Preventivo",S27="Manual"),"40%",IF(AND(R27="Detectivo",S27="Automático"),"40%",IF(AND(R27="Detectivo",S27="Manual"),"30%",IF(AND(R27="Correctivo",S27="Automático"),"35%",IF(AND(R27="Correctivo",S27="Manual"),"25%","")))))) -> 40% | U27: Documentado | V27: Aleatoria | W27: Con Registro | X27: Acta del Comité Financiero | Y27: =IFERROR(IF(AND(Q26="Probabilidad",Q27="Probabilidad"),(AA26-(+AA26*T27)),IF(Q27="Probabilidad",(K26-(+K26*T27)),IF(Q27="Impacto",AA26,""))),"") -> 0.288 | Z27: =IFERROR(IF(Y27="","",IF(Y27<=0.2,"Muy Baja",IF(Y27<=0.4,"Baja",IF(Y27<=0.6,"Media",IF(Y27<=0.8,"Alta","Muy Alta"))))),"") -> Baja | AA27: =+Y27 -> 0.288 | AB27: =IFERROR(IF(AC27="","",IF(AC27<=0.2,"Leve",IF(AC27<=0.4,"Menor",IF(AC27<=0.6,"Moderado",IF(AC27<=0.8,"Mayor","Catastrófico"))))),"") -> Mayor | AC27: =IFERROR(IF(AND(Q26="Impacto",Q27="Impacto"),(AC26-(+AC26*T27)),IF(Q27="Impacto",(#REF!-(+#REF!*T27)),IF(Q27="Probabilidad",AC26,""))),"") -> 0.8
O28: 2.2 | P28: La tesorera general en el caso de no contar con recursos en caja para la realización de pagos, procede a realizar unidad de caja, identificando los recursos disponibles en otros rubros para cubrir los pagos. | Q28: =IF(OR(R28="Preventivo",R28="Detectivo"),"Probabilidad",IF(R28="Correctivo","Impacto","")) -> Impacto | R28: Correctivo | S28: Manual | T28: =IF(AND(R28="Preventivo",S28="Automático"),"50%",IF(AND(R28="Preventivo",S28="Manual"),"40%",IF(AND(R28="Detectivo",S28="Automático"),"40%",IF(AND(R28="Detectivo",S28="Manual"),"30%",IF(AND(R28="Correctivo",S28="Automático"),"35%",IF(AND(R28="Correctivo",S28="Manual"),"25%","")))))) -> 25% | U28: Sin Documentar | V28: Aleatoria | W28: Con Registro | X28: Informe de Ejecución Presupuestal | Y28: =IFERROR(IF(AND(Q27="Probabilidad",Q28="Probabilidad"),(AA27-(+AA27*T28)),IF(AND(Q27="Impacto",Q28="Probabilidad"),(AA26-(+AA26*T28)),IF(Q28="Impacto",AA27,""))),"") -> 0.288 | Z28: =IFERROR(IF(Y28="","",IF(Y28<=0.2,"Muy Baja",IF(Y28<=0.4,"Baja",IF(Y28<=0.6,"Media",IF(Y28<=0.8,"Alta","Muy Alta"))))),"") -> Baja | AA28: =+Y28 -> 0.288 | AB28: =IFERROR(IF(AC28="","",IF(AC28<=0.2,"Leve",IF(AC28<=0.4,"Menor",IF(AC28<=0.6,"Moderado",IF(AC28<=0.8,"Mayor","Catastrófico"))))),"") -> Moderado | AC28: =IFERROR(IF(AND(Q27="Impacto",Q28="Impacto"),(AC27-(+AC27*T28)),IF(AND(Q27="Probabilidad",Q28="Impacto"),(AC26-(+AC26*T28)),IF(Q28="Probabilidad",AC27,""))),"") -> 0.6
H29: 3. Imposibilidad de ingresar a los portales bancarios por fallas técnicas. | O29: 3 | P29: Como política los recursos en bancos tanto para funcionamiento como para inversión se tienen en cuentas bancarias de diferentes instituciones bancarias. De esta manera, en el caso de falla técnica en un institución bancaria se utilizan los recursos de la otra. Por otro lado, se tiene la opción de expedir cheques, para evitar el uso del portal bancario con fallas. | Q29: =IF(OR(R29="Preventivo",R29="Detectivo"),"Probabilidad",IF(R29="Correctivo","Impacto","")) -> Impacto | R29: Correctivo | S29: Manual | T29: =IF(AND(R29="Preventivo",S29="Automático"),"50%",IF(AND(R29="Preventivo",S29="Manual"),"40%",IF(AND(R29="Detectivo",S29="Automático"),"40%",IF(AND(R29="Detectivo",S29="Manual"),"30%",IF(AND(R29="Correctivo",S29="Automático"),"35%",IF(AND(R29="Correctivo",S29="Manual"),"25%","")))))) -> 25% | U29: Sin Documentar | V29: Aleatoria | W29: Con Registro | X29: Comprobantes de egreso Cheques | Y29: =IFERROR(IF(AND(Q28="Probabilidad",Q29="Probabilidad"),(AA28-(+AA28*T29)),IF(AND(Q28="Impacto",Q29="Probabilidad"),(AA27-(+AA27*T29)),IF(Q29="Impacto",AA28,""))),"") -> 0.288 | Z29: =IFERROR(IF(Y29="","",IF(Y29<=0.2,"Muy Baja",IF(Y29<=0.4,"Baja",IF(Y29<=0.6,"Media",IF(Y29<=0.8,"Alta","Muy Alta"))))),"") -> Baja | AA29: =+Y29 -> 0.288 | AB29: =IFERROR(IF(AC29="","",IF(AC29<=0.2,"Leve",IF(AC29<=0.4,"Menor",IF(AC29<=0.6,"Moderado",IF(AC29<=0.8,"Mayor","Catastrófico"))))),"") -> Moderado | AC29: =IFERROR(IF(AND(Q28="Impacto",Q29="Impacto"),(AC28-(+AC28*T29)),IF(AND(Q28="Probabilidad",Q29="Impacto"),(AC27-(+AC27*T29)),IF(Q29="Probabilidad",AC28,""))),"") -> 0.45
A30: GF31 | B30: Lograr un 100% de cumplimiento del reintegro mensual de los rendimientos financieros con relación a la resolución 112 CODFIS. | C30: Tesorería | D30: Posibilidad de afectación reputacional del Instituto | E30: reflejada en hallazgos por parte de los entes de control y requerimiento del Concejo Ditstrital de Medellín | F30: debido a que no se de cumplimiento al reintegro mensual de los rendimientos financieros con relación a la resolución 112 CODFIS | G30: Posibilidad de afectación reputacional del Instituto reflejada en hallazgos por parte de los entes de control y requerimiento del Concejo Ditstrital de Medellín, debido a que no se de cumplimiento al reintegro mensual de los rendimientos financieros con relación a la resolución 112 CODFIS. | H30: No se realizar la identifiacción y control sobre la generación de los rendimientos financieros generados en cuentas propias y fideicomisos de la entidad | I30: Gestión | J30: Media | K30: =IF(J30="","",IF(J30="Muy Baja",0.2,IF(J30="Baja",0.4,IF(J30="Media",0.6,IF(J30="Alta",0.8,IF(J30="Muy Alta",1,)))))) -> 0.6 | L30: Mayor | M30: =IF(L30="","",IF(L30="Leve",0.2,IF(L30="Menor",0.4,IF(L30="Moderado",0.6,IF(L30="Mayor",0.8,IF(L30="Catastrófico",1,)))))) -> 0.8 | N30: =IF(OR(AND(J30="Muy Baja",L30="Leve"),AND(J30="Muy Baja",L30="Menor"),AND(J30="Baja",L30="Leve")),"Bajo",IF(OR(AND(J30="Muy baja",L30="Moderado"),AND(J30="Baja",L30="Menor"),AND(J30="Baja",L30="Moderado"),AND(J30="Media",L30="Leve"),AND(J30="Media",L30="Menor"),AND(J30="Media",L30="Moderado"),AND(J30="Alta",L30="Leve"),AND(J30="Alta",L30="Menor")),"Moderado",IF(OR(AND(J30="Muy Baja",L30="Mayor"),AND(J30="Baja",L30="Mayor"),AND(J30="Media",L30="Mayor"),AND(J30="Alta",L30="Moderado"),AND(J30="Alta",L30="Mayor"),AND(J30="Muy Alta",L30="Leve"),AND(J30="Muy Alta",L30="Menor"),AND(J30="Muy Alta",L30="Moderado"),AND(J30="Muy Alta",L30="Mayor")),"Alto",IF(OR(AND(J30="Muy Baja",L30="Catastrófico"),AND(J30="Baja",L30="Catastrófico"),AND(J30="Media",L30="Catastrófico"),AND(J30="Alta",L30="Catastrófico"),AND(J30="Muy Alta",L30="Catastrófico")),"Extremo","")))) -> Alto | P30: La Tesorera General y el equipo de fiducias realiza las conciliaciones bancarias de manera mensual para identificar los rendimiento financieros generados en cada cuenta, los cuales son los que se deben restituir. | Q30: =IF(OR(R30="Preventivo",R30="Detectivo"),"Probabilidad",IF(R30="Correctivo","Impacto","")) -> Probabilidad | R30: Preventivo | S30: Manual | T30: =IF(AND(R30="Preventivo",S30="Automático"),"50%",IF(AND(R30="Preventivo",S30="Manual"),"40%",IF(AND(R30="Detectivo",S30="Automático"),"40%",IF(AND(R30="Detectivo",S30="Manual"),"30%",IF(AND(R30="Correctivo",S30="Automático"),"35%",IF(AND(R30="Correctivo",S30="Manual"),"25%","")))))) -> 40% | U30: Documentado | V30: Continua | W30: Con Registro | X30: Conciliaciones bancarias Extractos Bancarios | Y30: =IFERROR(IF(Q30="Probabilidad",(K30-(+K30*T30)),IF(Q30="Impacto",K30,"")),"") -> 0.36 | Z30: =IFERROR(IF(Y30="","",IF(Y30<=0.2,"Muy Baja",IF(Y30<=0.4,"Baja",IF(Y30<=0.6,"Media",IF(Y30<=0.8,"Alta","Muy Alta"))))),"") -> Baja | AA30: =+Y30 -> 0.36 | AB30: =IFERROR(IF(AC30="","",IF(AC30<=0.2,"Leve",IF(AC30<=0.4,"Menor",IF(AC30<=0.6,"Moderado",IF(AC30<=0.8,"Mayor","Catastrófico"))))),"") -> Mayor | AC30: =IFERROR(IF(Q30="Impacto",(M30-(+M30*T30)),IF(Q30="Probabilidad",M30,"")),"") -> 0.8 | AD30: =IFERROR(IF(AE30=0,"",IF(AND(AE30>0,AE30<=0.2),"Muy Baja",IF(AE30<=0.4,"Baja",IF(AE30<=0.6,"Media",IF(AE30<=0.8,"Alta","Muy Alta"))))),"") -> Baja | AE30: =MIN(Y30:Y32) -> 0.216 | AF30: =IFERROR(IF(AG30=0,"",IF(AND(AG30>0,AG30<=0.2),"Leve",IF(AG30<=0.4,"Menor",IF(AG30<=0.6,"Moderado",IF(AG30<=0.8,"Mayor","Catastrófico"))))),"") -> Moderado | AG30: =MIN(AC30:AC32) -> 0.6 | AH30: =IFERROR(IF(OR(AND(AD30="Muy Baja",AF30="Leve"),AND(AD30="Muy Baja",AF30="Menor"),AND(AD30="Baja",AF30="Leve")),"Bajo",IF(OR(AND(AD30="Muy Baja",AF30="Moderado"),AND(AD30="Baja",AF30="Menor"),AND(AD30="Baja",AF30="Moderado"),AND(AD30="Media",AF30="Leve"),AND(AD30="Media",AF30="Menor"),AND(AD30="Media",AF30="Moderado"),AND(AD30="Alta",AF30="Leve"),AND(AD30="Alta",AF30="Menor")),"Moderado",IF(OR(AND(AD30="Muy Baja",AF30="Mayor"),AND(AD30="Baja",AF30="Mayor"),AND(AD30="Media",AF30="Mayor"),AND(AD30="Alta",AF30="Moderado"),AND(AD30="Alta",AF30="Mayor"),AND(AD30="Muy Alta",AF30="Leve"),AND(AD30="Muy Alta",AF30="Menor"),AND(AD30="Muy Alta",AF30="Moderado"),AND(AD30="Muy Alta",AF30="Mayor")),"Alto",IF(OR(AND(AD30="Muy Baja",AF30="Catastrófico"),AND(AD30="Baja",AF30="Catastrófico"),AND(AD30="Media",AF30="Catastrófico"),AND(AD30="Alta",AF30="Catastrófico"),AND(AD30="Muy Alta",AF30="Catastrófico")),"Extremo","")))),"") -> Moderado | AI30: Reducir (mitigar) | AK30: Se materializó el Riesgo? (Ver evento potencial principal en Columna F. Relacionar detalles de la materialización - que, como, cuando, donde): No se evidencia la materialización del evento potencial principal. Durante el período evaluado se dio cumplimiento al reintegro mensual de los rendimientos financieros conforme a la normativa aplicable. Los Controles están bien diseñados, se aplican de acuerdo al diseño y son efectivos? (Ver controles en la columna P / Concluir frente a cada control) Las medidas de control para este riesgo están bien diseñadas y se aplican de acuerdo con el proceso. Los controles permiten identificar oportunamente los rendimientos financieros mediante conciliaciones bancarias, así como gestionar su reintegro a través de la elaboración de los formatos correspondientes y la solicitud de la cuenta de cobro. En este sentido, los controles son coherentes y contribuyen a mitigar el riesgo. Que acciones propones o se están llevando a cabo para gestionar el riesgo que se materializó? (Si no aplica colocar N/A) No aplica, dado que el riesgo no se materializó. Se mantienen los controles establecidos para su mitigación. Que acciones propones o se están llevando a cabo para fortalecer los controles? (En el caso de que tener Acciones de mejora / Acciones correctivas en proceso, relacionar el avance. Si tienes acciones específicas a desarrollar en la columna AJ, también relacionar el avance) Se mantiene la aplicación de los controles establecidos y el seguimiento periódico al proceso de conciliación y reintegro de rendimientos. | AL30: https://isvimedgovco.sharepoint.com/:f:/s/1Admin_Y_Financiera/IgCsojgZ1oSPQLAtK0yc-mNzAb8cABpLn_42Hza6Gmluo6E?e=ZgJq4E | AM30: Se materializó el Riesgo? (Ver evento potencial principal en Columna F. Relacionar detalles de la materialización - que, como, cuando, donde): No se evidencia la materialización del evento potencial principal. Durante el período evaluado se dio cumplimiento al reintegro mensual de los rendimientos financieros conforme a la normativa aplicable. Los Controles están bien diseñados, se aplican de acuerdo al diseño y son efectivos? (Ver controles en la columna P / Concluir frente a cada control) Las medidas de control para este riesgo están bien diseñadas y se aplican de acuerdo con el proceso. Los controles permiten identificar oportunamente los rendimientos financieros mediante conciliaciones bancarias, así como gestionar su reintegro a través de la elaboración de los formatos correspondientes y la solicitud de la cuenta de cobro. En este sentido, los controles son coherentes y contribuyen a mitigar el riesgo. Que acciones propones o se están llevando a cabo para gestionar el riesgo que se materializó? (Si no aplica colocar N/A) No aplica, dado que el riesgo no se materializó. Se mantienen los controles establecidos para su mitigación. Que acciones propones o se están llevando a cabo para fortalecer los controles? (En el caso de que tener Acciones de mejora / Acciones correctivas en proceso, relacionar el avance. Si tienes acciones específicas a desarrollar en la columna AJ, también relacionar el avance) Se mantiene la aplicación de los controles establecidos y el seguimiento periódico al proceso de conciliación y reintegro de rendimientos. | AN30: *https://isvimedgovco.sharepoint.com/:u:/s/Admin_Y_Financiera-10.Tesoreria/IQCiPbS8AHMqRLyMVJPVWKNHARroGfC712czEssj-TqIoMc?e=RLPNaN | AO30: Se materializó el Riesgo? (Ver evento potencial principal en Columna F. Relacionar detalles de la materialización - que, como, cuando, donde): Los Controles están bien diseñados, se aplican de acuerdo al diseño y son efectivos? (Ver controles en la columna P / Concluir frente a cada control) Que acciones propones o se están llevando a cabo para gestionar el riesgo que se materializó? (Si no aplica colocar N/A) Que acciones propones o se están llevando a cabo para fortalecer los controles? (En el caso de que tener Acciones de mejora / Acciones correctivas en proceso, relacionar el avance. Si tienes acciones específicas a desarrollar en la columna AJ, también relacionar el avance) | AQ30: Se materializó el Riesgo? (Ver evento potencial principal en Columna F. Relacionar detalles de la materialización - que, como, cuando, donde): Los Controles están bien diseñados, se aplican de acuerdo al diseño y son efectivos? (Ver controles en la columna P / Concluir frente a cada control) Que acciones propones o se están llevando a cabo para gestionar el riesgo que se materializó? (Si no aplica colocar N/A) Que acciones propones o se están llevando a cabo para fortalecer los controles? (En el caso de que tener Acciones de mejora / Acciones correctivas en proceso, relacionar el avance. Si tienes acciones específicas a desarrollar en la columna AJ, también relacionar el avance)
H31: No se realiza el pago por rendimientos financieros al Distrito | P31: La Tesorera General y el equipo de fiducias elaboran el formatos de reintegro para cada cuenta bancaria con intereses a restituir y solicita al Distrito la expedición de la cuenta de cobro | Q31: =IF(OR(R31="Preventivo",R31="Detectivo"),"Probabilidad",IF(R31="Correctivo","Impacto","")) -> Probabilidad | R31: Preventivo | S31: Manual | T31: =IF(AND(R31="Preventivo",S31="Automático"),"50%",IF(AND(R31="Preventivo",S31="Manual"),"40%",IF(AND(R31="Detectivo",S31="Automático"),"40%",IF(AND(R31="Detectivo",S31="Manual"),"30%",IF(AND(R31="Correctivo",S31="Automático"),"35%",IF(AND(R31="Correctivo",S31="Manual"),"25%","")))))) -> 40% | U31: Documentado | V31: Continua | W31: Con Registro | X31: Comprobante de egreso Extractos Bancarios Auxiliar Contable | Y31: =IFERROR(IF(AND(Q30="Probabilidad",Q31="Probabilidad"),(AA30-(+AA30*T31)),IF(Q31="Probabilidad",(K30-(+K30*T31)),IF(Q31="Impacto",AA30,""))),"") -> 0.216 | Z31: =IFERROR(IF(Y31="","",IF(Y31<=0.2,"Muy Baja",IF(Y31<=0.4,"Baja",IF(Y31<=0.6,"Media",IF(Y31<=0.8,"Alta","Muy Alta"))))),"") -> Baja | AA31: =+Y31 -> 0.216 | AB31: =IFERROR(IF(AC31="","",IF(AC31<=0.2,"Leve",IF(AC31<=0.4,"Menor",IF(AC31<=0.6,"Moderado",IF(AC31<=0.8,"Mayor","Catastrófico"))))),"") -> Mayor | AC31: =IFERROR(IF(AND(Q30="Impacto",Q31="Impacto"),(AC30-(+AC30*T31)),IF(Q31="Impacto",(#REF!-(+#REF!*T31)),IF(Q31="Probabilidad",AC30,""))),"") -> 0.8
P32: En caso de materialización del riesgo por medio de un proceso de depuración de saldos, la Tesorera General una vez identificados los intereses no reintergrados procede a diligenciar los formatos de reintegro y solicita al Distrito la expedición de la cuenta de cobro. | Q32: =IF(OR(R32="Preventivo",R32="Detectivo"),"Probabilidad",IF(R32="Correctivo","Impacto","")) -> Impacto | R32: Correctivo | S32: Manual | T32: =IF(AND(R32="Preventivo",S32="Automático"),"50%",IF(AND(R32="Preventivo",S32="Manual"),"40%",IF(AND(R32="Detectivo",S32="Automático"),"40%",IF(AND(R32="Detectivo",S32="Manual"),"30%",IF(AND(R32="Correctivo",S32="Automático"),"35%",IF(AND(R32="Correctivo",S32="Manual"),"25%","")))))) -> 25% | U32: Sin Documentar | V32: Aleatoria | W32: Con Registro | X32: Hoja de trabajo con identificación de intereses no reintegrados Extractos Bancarios | Y32: =IFERROR(IF(AND(Q31="Probabilidad",Q32="Probabilidad"),(AA31-(+AA31*T32)),IF(AND(Q31="Impacto",Q32="Probabilidad"),(AA30-(+AA30*T32)),IF(Q32="Impacto",AA31,""))),"") -> 0.216 | Z32: =IFERROR(IF(Y32="","",IF(Y32<=0.2,"Muy Baja",IF(Y32<=0.4,"Baja",IF(Y32<=0.6,"Media",IF(Y32<=0.8,"Alta","Muy Alta"))))),"") -> Baja | AA32: =+Y32 -> 0.216 | AB32: =IFERROR(IF(AC32="","",IF(AC32<=0.2,"Leve",IF(AC32<=0.4,"Menor",IF(AC32<=0.6,"Moderado",IF(AC32<=0.8,"Mayor","Catastrófico"))))),"") -> Moderado | AC32: =IFERROR(IF(AND(Q31="Impacto",Q32="Impacto"),(AC31-(+AC31*T32)),IF(AND(Q31="Probabilidad",Q32="Impacto"),(AC30-(+AC30*T32)),IF(Q32="Probabilidad",AC31,""))),"") -> 0.6
A33: GF32 | B33: Lograr un 100% de cumplimiento del presupuesto pactado a nivel de transferencias, con relación a lo facturado al Distrito, de manera mensual. | C33: Tesorería | D33: Posibilidad de afectacion reputacional y económico | E33: reflejada en: - requerimeintos del Distrito y el Concejo Distrital por el incumplimiento de metas y objetivos de Plan de Desarrollo. - Hallazgos por parte de los entes de control. - Pago de multas, sanciones, intereses moratorias por el incumplimiento en el pago de obligaciones. | F33: debido a que no se desembolsen las transferencias pactadas por parte del Distrito | G33: Posibilidad de afectacion reputacional y económico, reflejada en requerimeintos del Distrito y el Concejo Distrital por el incumplimiento de metas y objetivos de Plan de Desarrollo, hallazgos por parte de los entes de control, pago de multas, sanciones, intereses moratorias por el incumplimiento en el pago de obligaciones. Lo anterior, debido a que no se desembolsen las transferencias pactadas por parte del Distrito. | H33: 1. El distrito no realiza el pago total de la transferencia presupuestada en cada mes o realiza recortes presupuestales. | I33: Gestión | J33: Media | K33: =IF(J33="","",IF(J33="Muy Baja",0.2,IF(J33="Baja",0.4,IF(J33="Media",0.6,IF(J33="Alta",0.8,IF(J33="Muy Alta",1,)))))) -> 0.6 | L33: Catastrófico | M33: =IF(L33="","",IF(L33="Leve",0.2,IF(L33="Menor",0.4,IF(L33="Moderado",0.6,IF(L33="Mayor",0.8,IF(L33="Catastrófico",1,)))))) -> 1 | N33: =IF(OR(AND(J33="Muy Baja",L33="Leve"),AND(J33="Muy Baja",L33="Menor"),AND(J33="Baja",L33="Leve")),"Bajo",IF(OR(AND(J33="Muy baja",L33="Moderado"),AND(J33="Baja",L33="Menor"),AND(J33="Baja",L33="Moderado"),AND(J33="Media",L33="Leve"),AND(J33="Media",L33="Menor"),AND(J33="Media",L33="Moderado"),AND(J33="Alta",L33="Leve"),AND(J33="Alta",L33="Menor")),"Moderado",IF(OR(AND(J33="Muy Baja",L33="Mayor"),AND(J33="Baja",L33="Mayor"),AND(J33="Media",L33="Mayor"),AND(J33="Alta",L33="Moderado"),AND(J33="Alta",L33="Mayor"),AND(J33="Muy Alta",L33="Leve"),AND(J33="Muy Alta",L33="Menor"),AND(J33="Muy Alta",L33="Moderado"),AND(J33="Muy Alta",L33="Mayor")),"Alto",IF(OR(AND(J33="Muy Baja",L33="Catastrófico"),AND(J33="Baja",L33="Catastrófico"),AND(J33="Media",L33="Catastrófico"),AND(J33="Alta",L33="Catastrófico"),AND(J33="Muy Alta",L33="Catastrófico")),"Extremo","")))) -> Extremo | O33: 1 | P33: La tesorera General / Dirección gestiona el desembolso de los recursos con la Secretaría de Hacienda del Distrito a través de reuniones, llamadas, correos, oficios. | Q33: =IF(OR(R33="Preventivo",R33="Detectivo"),"Probabilidad",IF(R33="Correctivo","Impacto","")) -> Impacto | R33: Correctivo | S33: Manual | T33: =IF(AND(R33="Preventivo",S33="Automático"),"50%",IF(AND(R33="Preventivo",S33="Manual"),"40%",IF(AND(R33="Detectivo",S33="Automático"),"40%",IF(AND(R33="Detectivo",S33="Manual"),"30%",IF(AND(R33="Correctivo",S33="Automático"),"35%",IF(AND(R33="Correctivo",S33="Manual"),"25%","")))))) -> 25% | U33: Sin Documentar | V33: Aleatoria | W33: Con Registro | X33: Actas de reunión, correos eletrónicos y oficios. | Y33: =IFERROR(IF(Q33="Probabilidad",(K33-(+K33*T33)),IF(Q33="Impacto",K33,"")),"") -> 0.6 | Z33: =IFERROR(IF(Y33="","",IF(Y33<=0.2,"Muy Baja",IF(Y33<=0.4,"Baja",IF(Y33<=0.6,"Media",IF(Y33<=0.8,"Alta","Muy Alta"))))),"") -> Media | AA33: =+Y33 -> 0.6 | AB33: =IFERROR(IF(AC33="","",IF(AC33<=0.2,"Leve",IF(AC33<=0.4,"Menor",IF(AC33<=0.6,"Moderado",IF(AC33<=0.8,"Mayor","Catastrófico"))))),"") -> Mayor | AC33: =IFERROR(IF(Q33="Impacto",(M33-(+M33*T33)),IF(Q33="Probabilidad",M33,"")),"") -> 0.75 | AD33: =IFERROR(IF(AE33=0,"",IF(AND(AE33>0,AE33<=0.2),"Muy Baja",IF(AE33<=0.4,"Baja",IF(AE33<=0.6,"Media",IF(AE33<=0.8,"Alta","Muy Alta"))))),"") -> Media | AE33: =MIN(Y33:Y34) -> 0.6 | AF33: =IFERROR(IF(AG33=0,"",IF(AND(AG33>0,AG33<=0.2),"Leve",IF(AG33<=0.4,"Menor",IF(AG33<=0.6,"Moderado",IF(AG33<=0.8,"Mayor","Catastrófico"))))),"") -> Moderado | AG33: =MIN(AC33:AC34) -> 0.5625 | AH33: =IFERROR(IF(OR(AND(AD33="Muy Baja",AF33="Leve"),AND(AD33="Muy Baja",AF33="Menor"),AND(AD33="Baja",AF33="Leve")),"Bajo",IF(OR(AND(AD33="Muy Baja",AF33="Moderado"),AND(AD33="Baja",AF33="Menor"),AND(AD33="Baja",AF33="Moderado"),AND(AD33="Media",AF33="Leve"),AND(AD33="Media",AF33="Menor"),AND(AD33="Media",AF33="Moderado"),AND(AD33="Alta",AF33="Leve"),AND(AD33="Alta",AF33="Menor")),"Moderado",IF(OR(AND(AD33="Muy Baja",AF33="Mayor"),AND(AD33="Baja",AF33="Mayor"),AND(AD33="Media",AF33="Mayor"),AND(AD33="Alta",AF33="Moderado"),AND(AD33="Alta",AF33="Mayor"),AND(AD33="Muy Alta",AF33="Leve"),AND(AD33="Muy Alta",AF33="Menor"),AND(AD33="Muy Alta",AF33="Moderado"),AND(AD33="Muy Alta",AF33="Mayor")),"Alto",IF(OR(AND(AD33="Muy Baja",AF33="Catastrófico"),AND(AD33="Baja",AF33="Catastrófico"),AND(AD33="Media",AF33="Catastrófico"),AND(AD33="Alta",AF33="Catastrófico"),AND(AD33="Muy Alta",AF33="Catastrófico")),"Extremo","")))),"") -> Moderado | AI33: Reducir (mitigar) | AK33: Se materializó el Riesgo? (Ver evento potencial principal en Columna F. Relacionar detalles de la materialización - que, como, cuando, donde): No se evidencia la materialización del evento potencial principal. Durante el período evaluado se recibieron las transferencias pactadas por el Distrito. Los Controles están bien diseñados, se aplican de acuerdo al diseño y son efectivos? (Ver controles en la columna P / Concluir frente a cada control) Las medidas de control para este riesgo están bien diseñadas y se aplican de acuerdo con el proceso. Los controles permiten gestionar oportunamente el desembolso de los recursos mediante seguimiento con la Secretaría de Hacienda del Distrito, así como la corrección y ajuste de las cuentas de cobro cuando se requiere. En este sentido, los controles son coherentes y contribuyen a mitigar el riesgo. Que acciones propones o se están llevando a cabo para gestionar el riesgo que se materializó? (Si no aplica colocar N/A) No aplica, dado que el riesgo no se materializó. Se mantienen los controles establecidos para su mitigación. Que acciones propones o se están llevando a cabo para fortalecer los controles? (En el caso de que tener Acciones de mejora / Acciones correctivas en proceso, relacionar el avance. Si tienes acciones específicas a desarrollar en la columna AJ, también relacionar el avance) Se mantiene la gestión y seguimiento permanente al desembolso de recursos con las entidades correspondientes. | AL33: https://isvimedgovco.sharepoint.com/:f:/s/1Admin_Y_Financiera/IgCsojgZ1oSPQLAtK0yc-mNzAb8cABpLn_42Hza6Gmluo6E?e=ZgJq4E | AM33: Se materializó el Riesgo? (Ver evento potencial principal en Columna F. Relacionar detalles de la materialización - que, como, cuando, donde): No se evidencia la materialización del evento potencial principal. Durante el período evaluado se recibieron las transferencias pactadas por el Distrito. Los Controles están bien diseñados, se aplican de acuerdo al diseño y son efectivos? (Ver controles en la columna P / Concluir frente a cada control) Las medidas de control para este riesgo están bien diseñadas y se aplican de acuerdo con el proceso. Los controles permiten gestionar oportunamente el desembolso de los recursos mediante seguimiento con la Secretaría de Hacienda del Distrito, así como la corrección y ajuste de las cuentas de cobro cuando se requiere. En este sentido, los controles son coherentes y contribuyen a mitigar el riesgo. Que acciones propones o se están llevando a cabo para gestionar el riesgo que se materializó? (Si no aplica colocar N/A) No aplica, dado que el riesgo no se materializó. Se mantienen los controles establecidos para su mitigación. Que acciones propones o se están llevando a cabo para fortalecer los controles? (En el caso de que tener Acciones de mejora / Acciones correctivas en proceso, relacionar el avance. Si tienes acciones específicas a desarrollar en la columna AJ, también relacionar el avance) Se mantiene la gestión y seguimiento permanente al desembolso de recursos con las entidades correspondientes. | AN33: *https://isvimedgovco.sharepoint.com/:f:/s/Admin_Y_Financiera-10.Tesoreria/IgD9Ro1STbPlSK1vECTM8fIKAQELkFV8ftmh0HwuA8RJEtc?e=Xd0OAI | AO33: Se materializó el Riesgo? (Ver evento potencial principal en Columna F. Relacionar detalles de la materialización - que, como, cuando, donde): Los Controles están bien diseñados, se aplican de acuerdo al diseño y son efectivos? (Ver controles en la columna P / Concluir frente a cada control) Que acciones propones o se están llevando a cabo para gestionar el riesgo que se materializó? (Si no aplica colocar N/A) Que acciones propones o se están llevando a cabo para fortalecer los controles? (En el caso de que tener Acciones de mejora / Acciones correctivas en proceso, relacionar el avance. Si tienes acciones específicas a desarrollar en la columna AJ, también relacionar el avance) | AQ33: Se materializó el Riesgo? (Ver evento potencial principal en Columna F. Relacionar detalles de la materialización - que, como, cuando, donde): Los Controles están bien diseñados, se aplican de acuerdo al diseño y son efectivos? (Ver controles en la columna P / Concluir frente a cada control) Que acciones propones o se están llevando a cabo para gestionar el riesgo que se materializó? (Si no aplica colocar N/A) Que acciones propones o se están llevando a cabo para fortalecer los controles? (En el caso de que tener Acciones de mejora / Acciones correctivas en proceso, relacionar el avance. Si tienes acciones específicas a desarrollar en la columna AJ, también relacionar el avance)
H34: 2. El distrito no aprueba la cuenta de cobro de transferencias por errores en la elaboración de la misma por parte del Instituto | O34: 2 | P34: La Tesorera General reliza la corrección de la cuenta de cobro y la envía nuevamente al Distrito. | Q34: =IF(OR(R34="Preventivo",R34="Detectivo"),"Probabilidad",IF(R34="Correctivo","Impacto","")) -> Impacto | R34: Correctivo | S34: Manual | T34: =IF(AND(R34="Preventivo",S34="Automático"),"50%",IF(AND(R34="Preventivo",S34="Manual"),"40%",IF(AND(R34="Detectivo",S34="Automático"),"40%",IF(AND(R34="Detectivo",S34="Manual"),"30%",IF(AND(R34="Correctivo",S34="Automático"),"35%",IF(AND(R34="Correctivo",S34="Manual"),"25%","")))))) -> 25% | U34: Sin Documentar | V34: Aleatoria | W34: Con Registro | X34: Cuenta de cobro de Transferencias Distritales corregida. | Y34: =IFERROR(IF(AND(Q33="Probabilidad",Q34="Probabilidad"),(AA33-(+AA33*T34)),IF(Q34="Probabilidad",(K33-(+K33*T34)),IF(Q34="Impacto",AA33,""))),"") -> 0.6 | Z34: =IFERROR(IF(Y34="","",IF(Y34<=0.2,"Muy Baja",IF(Y34<=0.4,"Baja",IF(Y34<=0.6,"Media",IF(Y34<=0.8,"Alta","Muy Alta"))))),"") -> Media | AA34: =+Y34 -> 0.6 | AB34: =IFERROR(IF(AC34="","",IF(AC34<=0.2,"Leve",IF(AC34<=0.4,"Menor",IF(AC34<=0.6,"Moderado",IF(AC34<=0.8,"Mayor","Catastrófico"))))),"") -> Moderado | AC34: =IFERROR(IF(AND(Q33="Impacto",Q34="Impacto"),(AC33-(+AC33*T34)),IF(Q34="Impacto",(#REF!-(+#REF!*T34)),IF(Q34="Probabilidad",AC33,""))),"") -> 0.5625
A35: GF19 | B35: Reducir en un 50% el Valor de la cartera hipotecaria de obligaciones mayor a 6 cuotas vencidas para la vigencia 2025. Este tipo de cartera se considera como de dificil recaudo. | C35: Cartera | D35: Posibilidad de afectación económica y reputacional | E35: Por disminución de ingresos que afecta el cumplimiento de pagos. Detrimento Patrimonial. Por Hallazgos de los entes de control | F35: debido al aumento de la cartera hipotecaria de aquellas obligaciones mayor a 6 cuotas vencidas (> 180 días). | G35: Posibilidad de afectación económica y reputacional del Instituto por disminución de ingresos que afecta el cumplimiento de pagos, detrimento patrimonial así como por hallazgos de los entes de control, debido al aumento de la cartera hipotecaria de aquellas obligaciones mayor a 6 cuotas vencidas (> 180 días). | H35: 1. Falta de recursos de los morosos. | I35: Fiscal | J35: Alta | K35: =IF(J35="","",IF(J35="Muy Baja",0.2,IF(J35="Baja",0.4,IF(J35="Media",0.6,IF(J35="Alta",0.8,IF(J35="Muy Alta",1,)))))) -> 0.8 | L35: Mayor | M35: =IF(L35="","",IF(L35="Leve",0.2,IF(L35="Menor",0.4,IF(L35="Moderado",0.6,IF(L35="Mayor",0.8,IF(L35="Catastrófico",1,)))))) -> 0.8 | N35: =IF(OR(AND(J35="Muy Baja",L35="Leve"),AND(J35="Muy Baja",L35="Menor"),AND(J35="Baja",L35="Leve")),"Bajo",IF(OR(AND(J35="Muy baja",L35="Moderado"),AND(J35="Baja",L35="Menor"),AND(J35="Baja",L35="Moderado"),AND(J35="Media",L35="Leve"),AND(J35="Media",L35="Menor"),AND(J35="Media",L35="Moderado"),AND(J35="Alta",L35="Leve"),AND(J35="Alta",L35="Menor")),"Moderado",IF(OR(AND(J35="Muy Baja",L35="Mayor"),AND(J35="Baja",L35="Mayor"),AND(J35="Media",L35="Mayor"),AND(J35="Alta",L35="Moderado"),AND(J35="Alta",L35="Mayor"),AND(J35="Muy Alta",L35="Leve"),AND(J35="Muy Alta",L35="Menor"),AND(J35="Muy Alta",L35="Moderado"),AND(J35="Muy Alta",L35="Mayor")),"Alto",IF(OR(AND(J35="Muy Baja",L35="Catastrófico"),AND(J35="Baja",L35="Catastrófico"),AND(J35="Media",L35="Catastrófico"),AND(J35="Alta",L35="Catastrófico"),AND(J35="Muy Alta",L35="Catastrófico")),"Extremo","")))) -> Alto | O35: 0 | P35: El responsable de la Cartera Hipotecaria de manera mensual realiza informe de las edades de la cartera hipotecaria el cual es enviado al Contador para su respectivo análisis. Se considera cartera con un mayor riesgo de irrecuperabilidad las obligaciones con más de 6 cuotas vencidas (> 180 días). Con base en esta información se elabora un Plan de recuperación de cartera | Q35: =IF(OR(R35="Preventivo",R35="Detectivo"),"Probabilidad",IF(R35="Correctivo","Impacto","")) -> Probabilidad | R35: Detectivo | S35: Manual | T35: =IF(AND(R35="Preventivo",S35="Automático"),"50%",IF(AND(R35="Preventivo",S35="Manual"),"40%",IF(AND(R35="Detectivo",S35="Automático"),"40%",IF(AND(R35="Detectivo",S35="Manual"),"30%",IF(AND(R35="Correctivo",S35="Automático"),"35%",IF(AND(R35="Correctivo",S35="Manual"),"25%","")))))) -> 30% | U35: Documentado | V35: Aleatoria | W35: Con Registro | X35: Informe de las edades de la cartera hipotecaria. Plan de recuperación de cartera | Y35: =IFERROR(IF(Q35="Probabilidad",(K35-(+K35*T35)),IF(Q35="Impacto",K35,"")),"") -> 0.56 | Z35: =IFERROR(IF(Y35="","",IF(Y35<=0.2,"Muy Baja",IF(Y35<=0.4,"Baja",IF(Y35<=0.6,"Media",IF(Y35<=0.8,"Alta","Muy Alta"))))),"") -> Media | AA35: =+Y35 -> 0.56 | AB35: =IFERROR(IF(AC35="","",IF(AC35<=0.2,"Leve",IF(AC35<=0.4,"Menor",IF(AC35<=0.6,"Moderado",IF(AC35<=0.8,"Mayor","Catastrófico"))))),"") -> Mayor | AC35: =IFERROR(IF(Q35="Impacto",(M35-(+M35*T35)),IF(Q35="Probabilidad",M35,"")),"") -> 0.8 | AD35: =IFERROR(IF(AE35=0,"",IF(AND(AE35>0,AE35<=0.2),"Muy Baja",IF(AE35<=0.4,"Baja",IF(AE35<=0.6,"Media",IF(AE35<=0.8,"Alta","Muy Alta"))))),"") -> Muy Baja | AE35: =MIN(Y35:Y43) -> 0.16464 | AF35: =IFERROR(IF(AG35=0,"",IF(AND(AG35>0,AG35<=0.2),"Leve",IF(AG35<=0.4,"Menor",IF(AG35<=0.6,"Moderado",IF(AG35<=0.8,"Mayor","Catastrófico"))))),"") -> Moderado | AG35: =MIN(AC35:AC43) -> 0.45 | AH35: =IFERROR(IF(OR(AND(AD35="Muy Baja",AF35="Leve"),AND(AD35="Muy Baja",AF35="Menor"),AND(AD35="Baja",AF35="Leve")),"Bajo",IF(OR(AND(AD35="Muy Baja",AF35="Moderado"),AND(AD35="Baja",AF35="Menor"),AND(AD35="Baja",AF35="Moderado"),AND(AD35="Media",AF35="Leve"),AND(AD35="Media",AF35="Menor"),AND(AD35="Media",AF35="Moderado"),AND(AD35="Alta",AF35="Leve"),AND(AD35="Alta",AF35="Menor")),"Moderado",IF(OR(AND(AD35="Muy Baja",AF35="Mayor"),AND(AD35="Baja",AF35="Mayor"),AND(AD35="Media",AF35="Mayor"),AND(AD35="Alta",AF35="Moderado"),AND(AD35="Alta",AF35="Mayor"),AND(AD35="Muy Alta",AF35="Leve"),AND(AD35="Muy Alta",AF35="Menor"),AND(AD35="Muy Alta",AF35="Moderado"),AND(AD35="Muy Alta",AF35="Mayor")),"Alto",IF(OR(AND(AD35="Muy Baja",AF35="Catastrófico"),AND(AD35="Baja",AF35="Catastrófico"),AND(AD35="Media",AF35="Catastrófico"),AND(AD35="Alta",AF35="Catastrófico"),AND(AD35="Muy Alta",AF35="Catastrófico")),"Extremo","")))),"") -> Moderado | AI35: Reducir (mitigar) | AK35: Se materializó el Riesgo? (Ver evento potencial principal en Columna F. Relacionar detalles de la materialización - que, como, cuando, donde): No se evidenció materialización del riesgo. La cartera en mora mayor a 6 cuotas vencidas disminuyó de $404.748.481 a $396.544.997, reflejando una reducción de $8.203.484 (0,39%), lo que indica una tendencia favorable. Los Controles están bien diseñados, se aplican de acuerdo al diseño y son efectivos? (Ver controles en la columna P / Concluir frente a cada control) Se han materializado algunos eventos potenciales intermedios, los cuales son inherentes al proceso y al objeto social de la Entidad, debido al tipo de población con la que se trabaja, se resalta que se han tenido avances que promueven una mejora significativa en el proceso de cartera. Que acciones propones o se están llevando a cabo para gestionar el riesgo que se materializó? (Si no aplica colocar N/A) Si bien no se materializó el riesgo se siguen implementando los controles debido a la particularidad de la cartera de la entidad. Que acciones propones o se están llevando a cabo para fortalecer los controles? (En el caso de que tener Acciones de mejora / Acciones correctivas en proceso, relacionar el avance. Si tienes acciones específicas a desarrollar en la columna AJ, también relacionar el avance) Se han establecido acciones correctivas derivadas del seguimiento de este riesgo. Adicionalmente, se ha realizado un seguimiento mensual a dichas acciones (105, 106), las cuales están orientadas a mejorar los procesos del área de cartera y, de esta manera, contribuir significativamente al correcto funcionamiento de la cartera de la Entidad. De igual manera, actualmente se está desarrollando un plan de contacto con los deudores mediante la circularización de la cartera por medio de comunicaciones a domicilio y llamadas telefónicas a fin de transmitir la importancia de ponerse al día y evitar cobros jurídicos. | AL35: https://isvimedgovco.sharepoint.com/:f:/s/1Admin_Y_Financiera/IgCsojgZ1oSPQLAtK0yc-mNzAb8cABpLn_42Hza6Gmluo6E?e=ZgJq4E | AM35: Se materializó el Riesgo? (Ver evento potencial principal en Columna F. Relacionar detalles de la materialización - que, como, cuando, donde): No se evidenció materialización del riesgo.Se evidencia una disminución en el saldo total de la cartera morosa con más de seis cuotas de mora (180 días). Al cierre del primer trimestre del año, la cartera registraba un saldo de $1.653.554.922, correspondiente a 192 obligaciones. Para el cierre del segundo trimestre, el saldo disminuyó a $1.626.840.526, con 187 obligaciones. Los Controles están bien diseñados, se aplican de acuerdo al diseño y son efectivos? (Ver controles en la columna P / Concluir frente a cada control) Se han materializado algunos eventos potenciales intermedios, los cuales son inherentes al proceso y al objeto social de la Entidad, debido al tipo de población con la que se trabaja, se resalta que se han tenido avances que promueven una mejora significativa en el proceso de cartera. Que acciones propones o se están llevando a cabo para gestionar el riesgo que se materializó? (Si no aplica colocar N/A) Si bien no se materializó el riesgo se siguen implementando los controles debido a la particularidad de la cartera de la entidad. Que acciones propones o se están llevando a cabo para fortalecer los controles? (En el caso de que tener Acciones de mejora / Acciones correctivas en proceso, relacionar el avance. Si tienes acciones específicas a desarrollar en la columna AJ, también relacionar el avance) Se han establecido acciones correctivas derivadas del seguimiento de este riesgo. Adicionalmente, se ha realizado un seguimiento mensual a dichas acciones (105, 106), las cuales están orientadas a mejorar los procesos del área de cartera y, de esta manera, contribuir significativamente al correcto funcionamiento de la cartera de la Entidad. De igual manera, actualmente se está desarrollando un plan de contacto con los deudores mediante la circularización de la cartera por medio de comunicaciones a domicilio y llamadas telefónicas a fin de transmitir la importancia de ponerse al día y evitar cobros jurídicos. | AN35: *https://isvimedgovco.sharepoint.com/:f:/s/1Admin_Y_Financiera/IgAFw-f2mmLqT7DTI1u46JZrAT39WqyHdsO6Nbd9xEvkCSI?e=e2QTyr *https://isvimedgovco.sharepoint.com/:f:/s/Admin_Y_Financiera-10.Tesoreria/IgDpPhsdO7RWSYN0tSXX_Y2yAfuV26EQWYVhPw9zNgA5v4Q?e=AKPdZP | AO35: Se materializó el Riesgo? (Ver evento potencial principal en Columna F. Relacionar detalles de la materialización - que, como, cuando, donde): Los Controles están bien diseñados, se aplican de acuerdo al diseño y son efectivos? (Ver controles en la columna P / Concluir frente a cada control) Que acciones propones o se están llevando a cabo para gestionar el riesgo que se materializó? (Si no aplica colocar N/A) Que acciones propones o se están llevando a cabo para fortalecer los controles? (En el caso de que tener Acciones de mejora / Acciones correctivas en proceso, relacionar el avance. Si tienes acciones específicas a desarrollar en la columna AJ, también relacionar el avance) | AQ35: Se materializó el Riesgo? (Ver evento potencial principal en Columna F. Relacionar detalles de la materialización - que, como, cuando, donde): Los Controles están bien diseñados, se aplican de acuerdo al diseño y son efectivos? (Ver controles en la columna P / Concluir frente a cada control) Que acciones propones o se están llevando a cabo para gestionar el riesgo que se materializó? (Si no aplica colocar N/A) Que acciones propones o se están llevando a cabo para fortalecer los controles? (En el caso de que tener Acciones de mejora / Acciones correctivas en proceso, relacionar el avance. Si tienes acciones específicas a desarrollar en la columna AJ, también relacionar el avance)
O36: 1 | P36: El responsable de la Cartera Hipotecaria identifica deudores con mas 4 cuotas vencidas para indagar sobre la causa del no pago, y ofrecer acuerdos de pago. | Q36: =IF(OR(R36="Preventivo",R36="Detectivo"),"Probabilidad",IF(R36="Correctivo","Impacto","")) -> Probabilidad | R36: Preventivo | S36: Manual | T36: =IF(AND(R36="Preventivo",S36="Automático"),"50%",IF(AND(R36="Preventivo",S36="Manual"),"40%",IF(AND(R36="Detectivo",S36="Automático"),"40%",IF(AND(R36="Detectivo",S36="Manual"),"30%",IF(AND(R36="Correctivo",S36="Automático"),"35%",IF(AND(R36="Correctivo",S36="Manual"),"25%","")))))) -> 40% | U36: Documentado | V36: Continua | W36: Con Registro | X36: Plan de Recuperación de Cartera Base de datos con gestión de contacto telefónico - Taquilla. Comunicaciones escritas enviadas al domicilio del deudor. Acuerdos de Pago | Y36: =IFERROR(IF(AND(Q35="Probabilidad",Q36="Probabilidad"),(AA35-(+AA35*T36)),IF(Q36="Probabilidad",(K35-(+K35*T36)),IF(Q36="Impacto",AA35,""))),"") -> 0.336 | Z36: =IFERROR(IF(Y36="","",IF(Y36<=0.2,"Muy Baja",IF(Y36<=0.4,"Baja",IF(Y36<=0.6,"Media",IF(Y36<=0.8,"Alta","Muy Alta"))))),"") -> Baja | AA36: =+Y36 -> 0.336 | AB36: =IFERROR(IF(AC36="","",IF(AC36<=0.2,"Leve",IF(AC36<=0.4,"Menor",IF(AC36<=0.6,"Moderado",IF(AC36<=0.8,"Mayor","Catastrófico"))))),"") -> Mayor | AC36: =IFERROR(IF(AND(Q35="Impacto",Q36="Impacto"),(AC35-(+AC35*T36)),IF(Q36="Impacto",(#REF!-(+#REF!*T36)),IF(Q36="Probabilidad",AC35,""))),"") -> 0.8
H37: 2. Dificultad para la localizar el deudor. | O37: 2.1 | P37: El responsable de la Cartera Hipotecaria verifica en el sistema de información SIFI y en el expediente físico del deudor, información de contacto para su localización y posterior envío de comunicación informando el estado de la obligación. | Q37: =IF(OR(R37="Preventivo",R37="Detectivo"),"Probabilidad",IF(R37="Correctivo","Impacto","")) -> Probabilidad | R37: Detectivo | S37: Manual | T37: =IF(AND(R37="Preventivo",S37="Automático"),"50%",IF(AND(R37="Preventivo",S37="Manual"),"40%",IF(AND(R37="Detectivo",S37="Automático"),"40%",IF(AND(R37="Detectivo",S37="Manual"),"30%",IF(AND(R37="Correctivo",S37="Automático"),"35%",IF(AND(R37="Correctivo",S37="Manual"),"25%","")))))) -> 30% | U37: Sin Documentar | V37: Aleatoria | W37: Con Registro | X37: comunicación informando el estado de la obligación. | Y37: =IFERROR(IF(AND(Q36="Probabilidad",Q37="Probabilidad"),(AA36-(+AA36*T37)),IF(AND(Q36="Impacto",Q37="Probabilidad"),(AA35-(+AA35*T37)),IF(Q37="Impacto",AA36,""))),"") -> 0.2352 | Z37: =IFERROR(IF(Y37="","",IF(Y37<=0.2,"Muy Baja",IF(Y37<=0.4,"Baja",IF(Y37<=0.6,"Media",IF(Y37<=0.8,"Alta","Muy Alta"))))),"") -> Baja | AA37: =+Y37 -> 0.2352 | AB37: =IFERROR(IF(AC37="","",IF(AC37<=0.2,"Leve",IF(AC37<=0.4,"Menor",IF(AC37<=0.6,"Moderado",IF(AC37<=0.8,"Mayor","Catastrófico"))))),"") -> Mayor | AC37: =IFERROR(IF(AND(Q36="Impacto",Q37="Impacto"),(AC36-(+AC36*T37)),IF(AND(Q36="Probabilidad",Q37="Impacto"),(AC35-(+AC35*T37)),IF(Q37="Probabilidad",AC36,""))),"") -> 0.8
O38: 2.2 | P38: El responsable de la Cartera Hipotecaria solicita a las demas subdirecciones un cruce de información con las bases de datos del sisben y/o VUR (Valor Unico Reparación de Víctimas) con el fin de actualizar los datos de contacto de los deudores | Q38: =IF(OR(R38="Preventivo",R38="Detectivo"),"Probabilidad",IF(R38="Correctivo","Impacto","")) -> Probabilidad | R38: Detectivo | S38: Manual | T38: =IF(AND(R38="Preventivo",S38="Automático"),"50%",IF(AND(R38="Preventivo",S38="Manual"),"40%",IF(AND(R38="Detectivo",S38="Automático"),"40%",IF(AND(R38="Detectivo",S38="Manual"),"30%",IF(AND(R38="Correctivo",S38="Automático"),"35%",IF(AND(R38="Correctivo",S38="Manual"),"25%","")))))) -> 30% | U38: Sin Documentar | V38: Aleatoria | W38: Con Registro | X38: Base de datos de deudores actualizada con infcormación de las bases de datos del Sisben y/o VUR | Y38: =IFERROR(IF(AND(Q37="Probabilidad",Q38="Probabilidad"),(AA37-(+AA37*T38)),IF(AND(Q37="Impacto",Q38="Probabilidad"),(AA36-(+AA36*T38)),IF(Q38="Impacto",AA37,""))),"") -> 0.16464 | Z38: =IFERROR(IF(Y38="","",IF(Y38<=0.2,"Muy Baja",IF(Y38<=0.4,"Baja",IF(Y38<=0.6,"Media",IF(Y38<=0.8,"Alta","Muy Alta"))))),"") -> Muy Baja | AA38: =+Y38 -> 0.16464 | AB38: =IFERROR(IF(AC38="","",IF(AC38<=0.2,"Leve",IF(AC38<=0.4,"Menor",IF(AC38<=0.6,"Moderado",IF(AC38<=0.8,"Mayor","Catastrófico"))))),"") -> Mayor | AC38: =IFERROR(IF(AND(Q37="Impacto",Q38="Impacto"),(AC37-(+AC37*T38)),IF(AND(Q37="Probabilidad",Q38="Impacto"),(AC36-(+AC36*T38)),IF(Q38="Probabilidad",AC37,""))),"") -> 0.8
H39: 3. Incumplimientos en los acuerdos de pago. | O39: 3 | P39: El responsable de la Cartera Hipotecaria de manera mensual identifica los pagos correspondientes a los acuerdo de pago. Aquellos acuerdos que se incumplen por parte de los deudores, no se realiza el descuento de intereses aprobado. Estos se reportan en el boletín de deudores morosos del Estado. Procede el inicio de cobro jurídico, para lo cual se informa a la subdirección jurídica de la entidad. | Q39: =IF(OR(R39="Preventivo",R39="Detectivo"),"Probabilidad",IF(R39="Correctivo","Impacto","")) -> Impacto | R39: Correctivo | S39: Manual | T39: =IF(AND(R39="Preventivo",S39="Automático"),"50%",IF(AND(R39="Preventivo",S39="Manual"),"40%",IF(AND(R39="Detectivo",S39="Automático"),"40%",IF(AND(R39="Detectivo",S39="Manual"),"30%",IF(AND(R39="Correctivo",S39="Automático"),"35%",IF(AND(R39="Correctivo",S39="Manual"),"25%","")))))) -> 25% | U39: Documentado | V39: Aleatoria | W39: Con Registro | X39: Boletín de Deudores Morosos (BDME). Comunicación de deudores a la Subdirección Jurídica | Y39: =IFERROR(IF(AND(Q38="Probabilidad",Q39="Probabilidad"),(AA38-(+AA38*T39)),IF(AND(Q38="Impacto",Q39="Probabilidad"),(AA37-(+AA37*T39)),IF(Q39="Impacto",AA38,""))),"") -> 0.16464 | Z39: =IFERROR(IF(Y39="","",IF(Y39<=0.2,"Muy Baja",IF(Y39<=0.4,"Baja",IF(Y39<=0.6,"Media",IF(Y39<=0.8,"Alta","Muy Alta"))))),"") -> Muy Baja | AA39: =+Y39 -> 0.16464 | AB39: =IFERROR(IF(AC39="","",IF(AC39<=0.2,"Leve",IF(AC39<=0.4,"Menor",IF(AC39<=0.6,"Moderado",IF(AC39<=0.8,"Mayor","Catastrófico"))))),"") -> Moderado | AC39: =IFERROR(IF(AND(Q38="Impacto",Q39="Impacto"),(AC38-(+AC38*T39)),IF(AND(Q38="Probabilidad",Q39="Impacto"),(AC37-(+AC37*T39)),IF(Q39="Probabilidad",AC38,""))),"") -> 0.6
H40: 4. No es posible identificar el pagador en las consignaciones realizadas para aplicar el pago a las obligaciones | O40: 4 | P40: El responsable de la Cartera Hipotecaria identifica las consignaciones con información incompleta o errónea de identificación del pagador en el informe de los movimientos bancarios. Con base en esto, se procede a comparar la información identificada con la existente en la base de datos de deudores, con el fin de encontrar y aplicar correctamente el pago. | Q40: =IF(OR(R40="Preventivo",R40="Detectivo"),"Probabilidad",IF(R40="Correctivo","Impacto","")) -> Impacto | R40: Correctivo | S40: Manual | T40: =IF(AND(R40="Preventivo",S40="Automático"),"50%",IF(AND(R40="Preventivo",S40="Manual"),"40%",IF(AND(R40="Detectivo",S40="Automático"),"40%",IF(AND(R40="Detectivo",S40="Manual"),"30%",IF(AND(R40="Correctivo",S40="Automático"),"35%",IF(AND(R40="Correctivo",S40="Manual"),"25%","")))))) -> 25% | U40: Sin Documentar | V40: Aleatoria | W40: Con Registro | X40: informe de los movimientos bancarios Base de datos de deudores Informe de recaudo de cartera con aplicación de pagos. | Y40: =IFERROR(IF(AND(Q39="Probabilidad",Q40="Probabilidad"),(AA39-(+AA39*T40)),IF(AND(Q39="Impacto",Q40="Probabilidad"),(AA38-(+AA38*T40)),IF(Q40="Impacto",AA39,""))),"") -> 0.16464 | Z40: =IFERROR(IF(Y40="","",IF(Y40<=0.2,"Muy Baja",IF(Y40<=0.4,"Baja",IF(Y40<=0.6,"Media",IF(Y40<=0.8,"Alta","Muy Alta"))))),"") -> Muy Baja | AA40: =+Y40 -> 0.16464 | AB40: =IFERROR(IF(AC40="","",IF(AC40<=0.2,"Leve",IF(AC40<=0.4,"Menor",IF(AC40<=0.6,"Moderado",IF(AC40<=0.8,"Mayor","Catastrófico"))))),"") -> Moderado | AC40: =IFERROR(IF(AND(Q39="Impacto",Q40="Impacto"),(AC39-(+AC39*T40)),IF(AND(Q39="Probabilidad",Q40="Impacto"),(AC38-(+AC38*T40)),IF(Q40="Probabilidad",AC39,""))),"") -> 0.45
H41: 5. No se utilizan medios judiciales / procedimiento de cobro coactivo para el cobro de aquellas obligaciones que son notificadas por la subdirección administrativa y financiera a la sudirección jurídica para el inicio del procedimiento correspondiente | O41: 5 | P41: El Subdirector Jurídico o a quien este delegue valida la información las obligaciones notificadas por la Subdirección Administrativa y Financiera y de ser procedente inicia el medio judicial / procedimiento de cobro coactivo según se defina, de acuerdo a la normatividad de conformidad con el mamual de cartera institucional. | Q41: =IF(OR(R41="Preventivo",R41="Detectivo"),"Probabilidad",IF(R41="Correctivo","Impacto","")) -> Probabilidad | R41: Preventivo | S41: Manual | T41: =IF(AND(R41="Preventivo",S41="Automático"),"50%",IF(AND(R41="Preventivo",S41="Manual"),"40%",IF(AND(R41="Detectivo",S41="Automático"),"40%",IF(AND(R41="Detectivo",S41="Manual"),"30%",IF(AND(R41="Correctivo",S41="Automático"),"35%",IF(AND(R41="Correctivo",S41="Manual"),"25%","")))))) -> 40% | U41: documentato | V41: continua | W41: Con Registro | X41: Correo electrónico / Memorando de la Subdirección Administrativa y Financiera notificando obligaciones para el inicio de medio judicial / procedimiento de cobro coactivo. Mandamientos de pago (Cobro Activo) Demandas (medios judiciales) | Y41: =Y40 -> 0.16464 | Z41: =IFERROR(IF(Y41="","",IF(Y41<=0.2,"Muy Baja",IF(Y41<=0.4,"Baja",IF(Y41<=0.6,"Media",IF(Y41<=0.8,"Alta","Muy Alta"))))),"") -> Muy Baja | AA41: =+Y41 -> 0.16464 | AB41: =IFERROR(IF(AC41="","",IF(AC41<=0.2,"Leve",IF(AC41<=0.4,"Menor",IF(AC41<=0.6,"Moderado",IF(AC41<=0.8,"Mayor","Catastrófico"))))),"") -> Moderado | AC41: =AC40 -> 0.45
H42: 6. Falta de seguimiento a los procesos ejecutivos / cobros coactivos para la recuperación de cartera hipotecaria. | O42: 6 | P42: La subdirección Administrativa y Fianciera y la Subdirección Juridica establecen de manera conjunta una base de datos con las obligaciones notificadas en donde se establece el estado de cada proceso . El profesional jurídico delegado, realiza seguimiento al estado de las obligaciones. | Q42: =IF(OR(R42="Preventivo",R42="Detectivo"),"Probabilidad",IF(R42="Correctivo","Impacto","")) -> Probabilidad | R42: Preventivo | S42: Manual | T42: =IF(AND(R42="Preventivo",S42="Automático"),"50%",IF(AND(R42="Preventivo",S42="Manual"),"40%",IF(AND(R42="Detectivo",S42="Automático"),"40%",IF(AND(R42="Detectivo",S42="Manual"),"30%",IF(AND(R42="Correctivo",S42="Automático"),"35%",IF(AND(R42="Correctivo",S42="Manual"),"25%","")))))) -> 40% | U42: documentato | V42: continua | W42: Con Registro | X42: Base de datos de cartera con columna de seguimiento. | Y42: =Y41 -> 0.16464 | Z42: =IFERROR(IF(Y42="","",IF(Y42<=0.2,"Muy Baja",IF(Y42<=0.4,"Baja",IF(Y42<=0.6,"Media",IF(Y42<=0.8,"Alta","Muy Alta"))))),"") -> Muy Baja | AA42: =+Y42 -> 0.16464 | AB42: =IFERROR(IF(AC42="","",IF(AC42<=0.2,"Leve",IF(AC42<=0.4,"Menor",IF(AC42<=0.6,"Moderado",IF(AC42<=0.8,"Mayor","Catastrófico"))))),"") -> Moderado | AC42: =AC41 -> 0.45
H43: 7. Prescripción de los procesos ejecutivos / cobros coactivos para la recuperación de cartera hipotecaria. | O43: 7 | P43: La subdirección Jurídica incluye en la base de datos de cartera la fecha de la prescripción de los proceso ejecitivos / cobros coactivos, para efectos de segumiento periódico. | Q43: =IF(OR(R43="Preventivo",R43="Detectivo"),"Probabilidad",IF(R43="Correctivo","Impacto","")) -> Probabilidad | R43: Preventivo | S43: Manual | T43: =IF(AND(R43="Preventivo",S43="Automático"),"50%",IF(AND(R43="Preventivo",S43="Manual"),"40%",IF(AND(R43="Detectivo",S43="Automático"),"40%",IF(AND(R43="Detectivo",S43="Manual"),"30%",IF(AND(R43="Correctivo",S43="Automático"),"35%",IF(AND(R43="Correctivo",S43="Manual"),"25%","")))))) -> 40% | U43: Sin Documentar | V43: Aleatoria | W43: Con Registro | X43: Base de datos de cartera con columna de fecha de prescripción | Y43: =Y42 -> 0.16464 | Z43: =IFERROR(IF(Y43="","",IF(Y43<=0.2,"Muy Baja",IF(Y43<=0.4,"Baja",IF(Y43<=0.6,"Media",IF(Y43<=0.8,"Alta","Muy Alta"))))),"") -> Muy Baja | AA43: =+Y43 -> 0.16464 | AB43: =IFERROR(IF(AC43="","",IF(AC43<=0.2,"Leve",IF(AC43<=0.4,"Menor",IF(AC43<=0.6,"Moderado",IF(AC43<=0.8,"Mayor","Catastrófico"))))),"") -> Moderado | AC43: =AC42 -> 0.45
A44: GF33 | B44: Lograr un bajo porcentaje de cartera hipotecaria de obligaciones vencidas menor o igual a 6 cuotas. | C44: Cartera | D44: Posibilidad de afectación económica y reputacional | E44: reflejada en -Incumplimiento de la meta mensual de recaudo -Dismunución en la disponbilidad de recursos para gastos de funcionamiento de la entidad. | F44: debido a que la cartera <=6 cuotas acumule cuotas vencidas y por lo tanto se incremente | G44: Posibilidad de afectación económica y reputacional reflejada en el incumplimiento de la meta mensual de recaudo, asi como de a dismunución en la disponbilidad de recursos para gastos de funcionamiento de la entidad, debido a que la cartera <=6 cuotas acumule cuotas vencidas y por lo tanto se incremente. | H44: 1. No es posible la entrega de la factura al deudor | I44: Gestión | J44: Media | K44: =IF(J44="","",IF(J44="Muy Baja",0.2,IF(J44="Baja",0.4,IF(J44="Media",0.6,IF(J44="Alta",0.8,IF(J44="Muy Alta",1,)))))) -> 0.6 | L44: Moderado | M44: =IF(L44="","",IF(L44="Leve",0.2,IF(L44="Menor",0.4,IF(L44="Moderado",0.6,IF(L44="Mayor",0.8,IF(L44="Catastrófico",1,)))))) -> 0.6 | N44: =IF(OR(AND(J44="Muy Baja",L44="Leve"),AND(J44="Muy Baja",L44="Menor"),AND(J44="Baja",L44="Leve")),"Bajo",IF(OR(AND(J44="Muy baja",L44="Moderado"),AND(J44="Baja",L44="Menor"),AND(J44="Baja",L44="Moderado"),AND(J44="Media",L44="Leve"),AND(J44="Media",L44="Menor"),AND(J44="Media",L44="Moderado"),AND(J44="Alta",L44="Leve"),AND(J44="Alta",L44="Menor")),"Moderado",IF(OR(AND(J44="Muy Baja",L44="Mayor"),AND(J44="Baja",L44="Mayor"),AND(J44="Media",L44="Mayor"),AND(J44="Alta",L44="Moderado"),AND(J44="Alta",L44="Mayor"),AND(J44="Muy Alta",L44="Leve"),AND(J44="Muy Alta",L44="Menor"),AND(J44="Muy Alta",L44="Moderado"),AND(J44="Muy Alta",L44="Mayor")),"Alto",IF(OR(AND(J44="Muy Baja",L44="Catastrófico"),AND(J44="Baja",L44="Catastrófico"),AND(J44="Media",L44="Catastrófico"),AND(J44="Alta",L44="Catastrófico"),AND(J44="Muy Alta",L44="Catastrófico")),"Extremo","")))) -> Moderado | O44: 1 | P44: El responsable de la Cartera Hipotecaria realiza la actualización periódica de datos de contacto de los deudores, cuando estos se acercan a las instalaciones de la Entidad. | Q44: =IF(OR(R44="Preventivo",R44="Detectivo"),"Probabilidad",IF(R44="Correctivo","Impacto","")) -> Probabilidad | R44: Preventivo | S44: Manual | T44: =IF(AND(R44="Preventivo",S44="Automático"),"50%",IF(AND(R44="Preventivo",S44="Manual"),"40%",IF(AND(R44="Detectivo",S44="Automático"),"40%",IF(AND(R44="Detectivo",S44="Manual"),"30%",IF(AND(R44="Correctivo",S44="Automático"),"35%",IF(AND(R44="Correctivo",S44="Manual"),"25%","")))))) -> 40% | U44: Sin Documentar | V44: Aleatoria | W44: Con Registro | X44: Anotación en el sistema SIFI de la actualización de los datos. Sistema Teseo (Administración de Cartera) | Y44: =IFERROR(IF(Q44="Probabilidad",(K44-(+K44*T44)),IF(Q44="Impacto",K44,"")),"") -> 0.36 | Z44: =IFERROR(IF(Y44="","",IF(Y44<=0.2,"Muy Baja",IF(Y44<=0.4,"Baja",IF(Y44<=0.6,"Media",IF(Y44<=0.8,"Alta","Muy Alta"))))),"") -> Baja | AA44: =+Y44 -> 0.36 | AB44: =IFERROR(IF(AC44="","",IF(AC44<=0.2,"Leve",IF(AC44<=0.4,"Menor",IF(AC44<=0.6,"Moderado",IF(AC44<=0.8,"Mayor","Catastrófico"))))),"") -> Moderado | AC44: =IFERROR(IF(Q44="Impacto",(M44-(+M44*T44)),IF(Q44="Probabilidad",M44,"")),"") -> 0.6 | AD44: =IFERROR(IF(AE44=0,"",IF(AND(AE44>0,AE44<=0.2),"Muy Baja",IF(AE44<=0.4,"Baja",IF(AE44<=0.6,"Media",IF(AE44<=0.8,"Alta","Muy Alta"))))),"") -> Muy Baja | AE44: =MIN(Y44:Y49) -> 0.046656 | AF44: =IFERROR(IF(AG44=0,"",IF(AND(AG44>0,AG44<=0.2),"Leve",IF(AG44<=0.4,"Menor",IF(AG44<=0.6,"Moderado",IF(AG44<=0.8,"Mayor","Catastrófico"))))),"") -> Moderado | AG44: =MIN(AC44:AC49) -> 0.45 | AH44: =IFERROR(IF(OR(AND(AD44="Muy Baja",AF44="Leve"),AND(AD44="Muy Baja",AF44="Menor"),AND(AD44="Baja",AF44="Leve")),"Bajo",IF(OR(AND(AD44="Muy Baja",AF44="Moderado"),AND(AD44="Baja",AF44="Menor"),AND(AD44="Baja",AF44="Moderado"),AND(AD44="Media",AF44="Leve"),AND(AD44="Media",AF44="Menor"),AND(AD44="Media",AF44="Moderado"),AND(AD44="Alta",AF44="Leve"),AND(AD44="Alta",AF44="Menor")),"Moderado",IF(OR(AND(AD44="Muy Baja",AF44="Mayor"),AND(AD44="Baja",AF44="Mayor"),AND(AD44="Media",AF44="Mayor"),AND(AD44="Alta",AF44="Moderado"),AND(AD44="Alta",AF44="Mayor"),AND(AD44="Muy Alta",AF44="Leve"),AND(AD44="Muy Alta",AF44="Menor"),AND(AD44="Muy Alta",AF44="Moderado"),AND(AD44="Muy Alta",AF44="Mayor")),"Alto",IF(OR(AND(AD44="Muy Baja",AF44="Catastrófico"),AND(AD44="Baja",AF44="Catastrófico"),AND(AD44="Media",AF44="Catastrófico"),AND(AD44="Alta",AF44="Catastrófico"),AND(AD44="Muy Alta",AF44="Catastrófico")),"Extremo","")))),"") -> Moderado | AI44: Reducir (mitigar) | AK44: Se materializó el Riesgo? (Ver evento potencial principal en Columna F. Relacionar detalles de la materialización - que, como, cuando, donde): No se evidenció materialización del riesgo. La cartera menor a 6 cuotas vencidas presentó una disminución, pasando de $340 millones (diciembre 2025) a $292 millones (marzo 2026), reflejando una tendencia de reducción en el capital. Los Controles están bien diseñados, se aplican de acuerdo al diseño y son efectivos? (Ver controles en la columna P / Concluir frente a cada control) Las medidas de control para este riesgo están bien diseñadas y se aplican de acuerdo con el proceso. Los controles permiten la actualización de la información de los deudores, la gestión de cobro mediante circularización de cartera y el uso de diferentes canales de comunicación, así como la implementación de alternativas de pago como la refinanciación, previa validación en el Comité de Cartera. No obstante, debido a que se trata de una cartera de carácter particular, su gestión depende en gran medida de la capacidad y voluntad de pago de los deudores, lo que puede incidir en la efectividad de los controles implementados. Que acciones propones o se están llevando a cabo para gestionar el riesgo que se materializó? (Si no aplica colocar N/A) No aplica, dado que el riesgo no se materializó. Se están implementando los controles establecidos para este riesgo para su gestión y mitigación. Que acciones propones o se están llevando a cabo para fortalecer los controles? (En el caso de que tener Acciones de mejora / Acciones correctivas en proceso, relacionar el avance. Si tienes acciones específicas a desarrollar en la columna AJ, también relacionar el avance) Se han establecido acciones correctivas derivadas del seguimiento de este riesgo. Adicionalmente, se ha realizado un seguimiento mensual a dichas acciones (105, 106), las cuales están orientadas a mejorar los procesos del área de cartera y, de esta manera, contribuir significativamente al correcto funcionamiento de la cartera de la Entidad. De igual manera, actualmente se está desarrollando un plan de contacto con los deudores mediante la circularización de la cartera por medio de comunicaciones a domicilio y llamadas telefónicas a fin de transmitir la importancia de ponerse al día y evitar cobros jurídicos. | AL44: https://isvimedgovco.sharepoint.com/:f:/s/1Admin_Y_Financiera/IgCsojgZ1oSPQLAtK0yc-mNzAb8cABpLn_42Hza6Gmluo6E?e=ZgJq4E | AM44: Se materializó el Riesgo? (Ver evento potencial principal en Columna F. Relacionar detalles de la materialización - que, como, cuando, donde): No se evidenció materialización del riesgo.La cartera con mora inferior a seis cuotas vencidas (menos de 180 días) presenta una recuperación. Al cierre del primer trimestre registraba un saldo de $292.212.764, correspondiente a 162 obligaciones, mientras que al cierre del segundo trimestre el saldo disminuyó a $256.780.367, con 141 obligaciones. Esta variación representa una disminución de $35.432.397, equivalente al 12,13 % del saldo de la cartera, así como una reducción de 21 obligaciones. Es importante resaltar que esta disminución no obedece al rodamiento de la cartera hacia la franja de mora superior a 180 días, ya que dicha cartera también presentó una reducción tanto en saldo como en número de obligaciones durante el mismo periodo. En consecuencia, el comportamiento observado evidencia una recuperación efectiva de la cartera en ambas franjas de mora, resultado de las gestiones de cobro y recaudo realizadas. Los Controles están bien diseñados, se aplican de acuerdo al diseño y son efectivos? (Ver controles en la columna P / Concluir frente a cada control) Las medidas de control para este riesgo están bien diseñadas y se aplican de acuerdo con el proceso. Los controles permiten la actualización de la información de los deudores, la gestión de cobro mediante circularización de cartera y el uso de diferentes canales de comunicación, así como la implementación de alternativas de pago como la refinanciación, previa validación en el Comité de Cartera. No obstante, debido a que se trata de una cartera de carácter particular, su gestión depende en gran medida de la capacidad y voluntad de pago de los deudores, lo que puede incidir en la efectividad de los controles implementados. Que acciones propones o se están llevando a cabo para gestionar el riesgo que se materializó? (Si no aplica colocar N/A) No aplica, dado que el riesgo no se materializó. Se están implementando los controles establecidos para este riesgo para su gestión y mitigación. Que acciones propones o se están llevando a cabo para fortalecer los controles? (En el caso de que tener Acciones de mejora / Acciones correctivas en proceso, relacionar el avance. Si tienes acciones específicas a desarrollar en la columna AJ, también relacionar el avance) Se han establecido acciones correctivas derivadas del seguimiento de este riesgo. Adicionalmente, se ha realizado un seguimiento mensual a dichas acciones (105, 106), las cuales están orientadas a mejorar los procesos del área de cartera y, de esta manera, contribuir significativamente al correcto funcionamiento de la cartera de la Entidad. De igual manera, actualmente se está desarrollando un plan de contacto con los deudores mediante la circularización de la cartera por medio de comunicaciones a domicilio y llamadas telefónicas a fin de transmitir la importancia de ponerse al día y evitar cobros jurídicos. | AN44: *https://isvimedgovco.sharepoint.com/:f:/s/1Admin_Y_Financiera/IgAFw-f2mmLqT7DTI1u46JZrAT39WqyHdsO6Nbd9xEvkCSI?e=e2QTyr *https://isvimedgovco.sharepoint.com/:f:/s/Admin_Y_Financiera-10.Tesoreria/IgDpPhsdO7RWSYN0tSXX_Y2yAfuV26EQWYVhPw9zNgA5v4Q?e=AKPdZP | AO44: Se materializó el Riesgo? (Ver evento potencial principal en Columna F. Relacionar detalles de la materialización - que, como, cuando, donde): Los Controles están bien diseñados, se aplican de acuerdo al diseño y son efectivos? (Ver controles en la columna P / Concluir frente a cada control) Que acciones propones o se están llevando a cabo para gestionar el riesgo que se materializó? (Si no aplica colocar N/A) Que acciones propones o se están llevando a cabo para fortalecer los controles? (En el caso de que tener Acciones de mejora / Acciones correctivas en proceso, relacionar el avance. Si tienes acciones específicas a desarrollar en la columna AJ, también relacionar el avance) | AQ44: Se materializó el Riesgo? (Ver evento potencial principal en Columna F. Relacionar detalles de la materialización - que, como, cuando, donde): Los Controles están bien diseñados, se aplican de acuerdo al diseño y son efectivos? (Ver controles en la columna P / Concluir frente a cada control) Que acciones propones o se están llevando a cabo para gestionar el riesgo que se materializó? (Si no aplica colocar N/A) Que acciones propones o se están llevando a cabo para fortalecer los controles? (En el caso de que tener Acciones de mejora / Acciones correctivas en proceso, relacionar el avance. Si tienes acciones específicas a desarrollar en la columna AJ, también relacionar el avance)
H45: 2. No se activa el cobro persuasivo | O45: 2 | P45: El responsable de la Cartera Hipotecaria envía un oficio de circularización de cartera con la facturación del mes con el fin de que los deudores se dirijan a la Entidad a realizar un acuerdo de pago. Adicionalmente se pueden emplear otros medios como llamadas telefónicas, comunicaciones escritas y/o a través de medios electrónicos, de acuerdo a los lineamiento del Manual de Cartera vigente. | Q45: =IF(OR(R45="Preventivo",R45="Detectivo"),"Probabilidad",IF(R45="Correctivo","Impacto","")) -> Probabilidad | R45: Preventivo | S45: Manual | T45: =IF(AND(R45="Preventivo",S45="Automático"),"50%",IF(AND(R45="Preventivo",S45="Manual"),"40%",IF(AND(R45="Detectivo",S45="Automático"),"40%",IF(AND(R45="Detectivo",S45="Manual"),"30%",IF(AND(R45="Correctivo",S45="Automático"),"35%",IF(AND(R45="Correctivo",S45="Manual"),"25%","")))))) -> 40% | U45: Documentado | V45: Continua | W45: Con Registro | X45: Oficio de circularización de cartera, Anotación en el sistema SIFI de la llamada telefónica. | Y45: =IFERROR(IF(AND(Q44="Probabilidad",Q45="Probabilidad"),(AA44-(+AA44*T45)),IF(Q45="Probabilidad",(K44-(+K44*T45)),IF(Q45="Impacto",AA44,""))),"") -> 0.216 | Z45: =IFERROR(IF(Y45="","",IF(Y45<=0.2,"Muy Baja",IF(Y45<=0.4,"Baja",IF(Y45<=0.6,"Media",IF(Y45<=0.8,"Alta","Muy Alta"))))),"") -> Baja | AA45: =+Y45 -> 0.216 | AB45: =IFERROR(IF(AC45="","",IF(AC45<=0.2,"Leve",IF(AC45<=0.4,"Menor",IF(AC45<=0.6,"Moderado",IF(AC45<=0.8,"Mayor","Catastrófico"))))),"") -> Moderado | AC45: =IFERROR(IF(AND(Q44="Impacto",Q45="Impacto"),(AC44-(+AC44*T45)),IF(Q45="Impacto",($M$15-(+$M$15*T45)),IF(Q45="Probabilidad",AC44,""))),"") -> 0.6
H46: 3. Falta de recursos de los deudores. | O46: 3.1 | P46: El responsable de la Cartera Hipotecaria envía un oficio de circularización de cartera con la facturación del mes con el fin de que estos se dirijan a la Entidad a realizar un acuerdo de pago. | Q46: =IF(OR(R46="Preventivo",R46="Detectivo"),"Probabilidad",IF(R46="Correctivo","Impacto","")) -> Probabilidad | R46: Preventivo | S46: Manual | T46: =IF(AND(R46="Preventivo",S46="Automático"),"50%",IF(AND(R46="Preventivo",S46="Manual"),"40%",IF(AND(R46="Detectivo",S46="Automático"),"40%",IF(AND(R46="Detectivo",S46="Manual"),"30%",IF(AND(R46="Correctivo",S46="Automático"),"35%",IF(AND(R46="Correctivo",S46="Manual"),"25%","")))))) -> 40% | U46: Documentado | V46: Continua | W46: Con Registro | X46: Oficio de circularización de cartera | Y46: =IFERROR(IF(AND(Q45="Probabilidad",Q46="Probabilidad"),(AA45-(+AA45*T46)),IF(AND(Q45="Impacto",Q46="Probabilidad"),(AC44-(+AC44*T46)),IF(Q46="Impacto",AA45,""))),"") -> 0.1296 | Z46: =IFERROR(IF(Y46="","",IF(Y46<=0.2,"Muy Baja",IF(Y46<=0.4,"Baja",IF(Y46<=0.6,"Media",IF(Y46<=0.8,"Alta","Muy Alta"))))),"") -> Muy Baja | AA46: =+Y46 -> 0.1296 | AB46: =IFERROR(IF(AC46="","",IF(AC46<=0.2,"Leve",IF(AC46<=0.4,"Menor",IF(AC46<=0.6,"Moderado",IF(AC46<=0.8,"Mayor","Catastrófico"))))),"") -> Moderado | AC46: =IFERROR(IF(AND(Q45="Impacto",Q46="Impacto"),(AC45-(+AC45*T46)),IF(AND(Q45="Probabilidad",Q46="Impacto"),(AC44-(+AC44*T46)),IF(Q46="Probabilidad",AC45,""))),"") -> 0.6
O47: 3.2 | P47: El responsable de la Cartera Hipotecaria brinda opciones de refinanciación al deudor que solicita realizar un acuerdo de pago, para lo cual utilizar presenta ante el Comité de Cartera la respectiva solicitud. | Q47: =IF(OR(R47="Preventivo",R47="Detectivo"),"Probabilidad",IF(R47="Correctivo","Impacto","")) -> Probabilidad | R47: Preventivo | S47: Manual | T47: =IF(AND(R47="Preventivo",S47="Automático"),"50%",IF(AND(R47="Preventivo",S47="Manual"),"40%",IF(AND(R47="Detectivo",S47="Automático"),"40%",IF(AND(R47="Detectivo",S47="Manual"),"30%",IF(AND(R47="Correctivo",S47="Automático"),"35%",IF(AND(R47="Correctivo",S47="Manual"),"25%","")))))) -> 40% | U47: Documentado | V47: Continua | W47: Con Registro | X47: Formato acuerdo de pago diligenciado. Acta de Comité de Cartera | Y47: =IFERROR(IF(AND(Q46="Probabilidad",Q47="Probabilidad"),(AA46-(+AA46*T47)),IF(AND(Q46="Impacto",Q47="Probabilidad"),(#REF!-(+#REF!*T47)),IF(Q47="Impacto",AA46,""))),"") -> 0.07776 | Z47: =IFERROR(IF(Y47="","",IF(Y47<=0.2,"Muy Baja",IF(Y47<=0.4,"Baja",IF(Y47<=0.6,"Media",IF(Y47<=0.8,"Alta","Muy Alta"))))),"") -> Muy Baja | AA47: =+Y47 -> 0.07776 | AB47: =IFERROR(IF(AC47="","",IF(AC47<=0.2,"Leve",IF(AC47<=0.4,"Menor",IF(AC47<=0.6,"Moderado",IF(AC47<=0.8,"Mayor","Catastrófico"))))),"") -> Moderado | AC47: =IFERROR(IF(AND(Q46="Impacto",Q47="Impacto"),(AC46-(+AC46*T47)),IF(AND(Q46="Probabilidad",Q47="Impacto"),(#REF!-(+#REF!*T47)),IF(Q47="Probabilidad",AC46,""))),"") -> 0.6
H48: 4. No se realiza seguimiento periódico a la cartera <4 cuotas | O48: 4 | P48: La linea de Cartera identifica los deudores a partir de una cuota vencida. El responsable de la Cartera Hipotecaria verifica la base de datos con edades de cartera entre 1 y 6 cuotas para iniciar contacto con el deudor a fin de ofrecer alternativas de pago oportuno (cobro persuasivo) | Q48: =IF(OR(R48="Preventivo",R48="Detectivo"),"Probabilidad",IF(R48="Correctivo","Impacto","")) -> Probabilidad | R48: Preventivo | S48: Manual | T48: =IF(AND(R48="Preventivo",S48="Automático"),"50%",IF(AND(R48="Preventivo",S48="Manual"),"40%",IF(AND(R48="Detectivo",S48="Automático"),"40%",IF(AND(R48="Detectivo",S48="Manual"),"30%",IF(AND(R48="Correctivo",S48="Automático"),"35%",IF(AND(R48="Correctivo",S48="Manual"),"25%","")))))) -> 40% | U48: Documentado | V48: Continua | W48: Con Registro | X48: base de datos con edades de cartera Anotación en el sistema SIFI de los mecanismos de contacto con los deudores. | Y48: =IFERROR(IF(AND(Q47="Probabilidad",Q48="Probabilidad"),(AA47-(+AA47*T48)),IF(AND(Q47="Impacto",Q48="Probabilidad"),(AA46-(+AA46*T48)),IF(Q48="Impacto",AA47,""))),"") -> 0.046656 | Z48: =IFERROR(IF(Y48="","",IF(Y48<=0.2,"Muy Baja",IF(Y48<=0.4,"Baja",IF(Y48<=0.6,"Media",IF(Y48<=0.8,"Alta","Muy Alta"))))),"") -> Muy Baja | AA48: =+Y48 -> 0.046656 | AB48: =IFERROR(IF(AC48="","",IF(AC48<=0.2,"Leve",IF(AC48<=0.4,"Menor",IF(AC48<=0.6,"Moderado",IF(AC48<=0.8,"Mayor","Catastrófico"))))),"") -> Moderado | AC48: =IFERROR(IF(AND(Q47="Impacto",Q48="Impacto"),(AC47-(+AC47*T48)),IF(AND(Q47="Probabilidad",Q48="Impacto"),(AC46-(+AC46*T48)),IF(Q48="Probabilidad",AC47,""))),"") -> 0.6
H49: 5. No es posible identificar el pagador en las consignaciones realizadas para aplicar el pago a las obligaciones. | O49: 5 | P49: El responsable de la Cartera Hipotecaria identifica las consignaciones con información incompleta o errónea de identificación del pagador en el informe de los movimientos bancarios. Con base en esto, se procede a comparar la información identificada con la existente en la base de datos de deudores, con el fin de encontrar y aplicar correctamente el pago. | Q49: =IF(OR(R49="Preventivo",R49="Detectivo"),"Probabilidad",IF(R49="Correctivo","Impacto","")) -> Impacto | R49: Correctivo | S49: Manual | T49: =IF(AND(R49="Preventivo",S49="Automático"),"50%",IF(AND(R49="Preventivo",S49="Manual"),"40%",IF(AND(R49="Detectivo",S49="Automático"),"40%",IF(AND(R49="Detectivo",S49="Manual"),"30%",IF(AND(R49="Correctivo",S49="Automático"),"35%",IF(AND(R49="Correctivo",S49="Manual"),"25%","")))))) -> 25% | U49: Sin Documentar | V49: Aleatoria | W49: Con Registro | X49: informe de los movimientos bancarios Base de datos de deudores Informe de recaudo de cartera con aplicación de pagos. | Y49: =IFERROR(IF(AND(Q48="Probabilidad",Q49="Probabilidad"),(AA48-(+AA48*T49)),IF(AND(Q48="Impacto",Q49="Probabilidad"),(AA47-(+AA47*T49)),IF(Q49="Impacto",AA48,""))),"") -> 0.046656 | Z49: =IFERROR(IF(Y49="","",IF(Y49<=0.2,"Muy Baja",IF(Y49<=0.4,"Baja",IF(Y49<=0.6,"Media",IF(Y49<=0.8,"Alta","Muy Alta"))))),"") -> Muy Baja | AA49: =+Y49 -> 0.046656 | AB49: =IFERROR(IF(AC49="","",IF(AC49<=0.2,"Leve",IF(AC49<=0.4,"Menor",IF(AC49<=0.6,"Moderado",IF(AC49<=0.8,"Mayor","Catastrófico"))))),"") -> Moderado | AC49: =IFERROR(IF(AND(Q48="Impacto",Q49="Impacto"),(AC48-(+AC48*T49)),IF(AND(Q48="Probabilidad",Q49="Impacto"),(AC47-(+AC47*T49)),IF(Q49="Probabilidad",AC48,""))),"") -> 0.45
A50: GF20 | B50: Lograr que el 100% de los documentos que soportan hechos económicos sean entregados a Contabilidad dentro del tiempo establecido lograr un 100% de cumplimiento en la Elaboración y certificación de los estados financieros de manera trimestral. | C50: Contabilidad | D50: Posibilidad de afectación económica y reputacional del Instituto | E50: reflejada en: - Insatisfacción de la alta dirección por no contar con información contable que revele la realidad económica de la entidad, y necesaria para efectos de control, toma de decisiones y rendición de cuentas. - Hallazgos, multas y sanciones por parte de los entes de control. - Informes contables y financieros con dictamen negativo o con salvedades por parte de la Contraloría General de Medellín. | F50: debido a que la información financiera generada por la entidad no cumple con las características de oportunidad, relevancia, y representación fiel de que trata el Régimen de Contabilidad Pública. | G50: Posibilidad de afectación reputacional del Instituto reflejada en la insatisfacción de la alta dirección por no contar con información contable que revele la realidad económica de la entidad, y necesaria para efectos de control, toma de decisiones y rendición de cuentas, en hallazgos y sanciones por parte de los entes de control, así como en informes contables y financieros con dictamen negativo o con salvedades por parte de la Contraloría General de Medellín. Lo anterior debido a que la información financiera generada por la entidad no cumple con las características de relevancia y representación fiel de que trata el Régimen de Contabilidad Pública. | H50: 1. los hechos económicos generados en la entidad no se incluyen en el proceso contable. | I50: Gestión | J50: Muy Alta | K50: =IF(J50="","",IF(J50="Muy Baja",0.2,IF(J50="Baja",0.4,IF(J50="Media",0.6,IF(J50="Alta",0.8,IF(J50="Muy Alta",1,)))))) -> 1 | L50: Mayor | M50: =IF(L50="","",IF(L50="Leve",0.2,IF(L50="Menor",0.4,IF(L50="Moderado",0.6,IF(L50="Mayor",0.8,IF(L50="Catastrófico",1,)))))) -> 0.8 | N50: =IF(OR(AND(J50="Muy Baja",L50="Leve"),AND(J50="Muy Baja",L50="Menor"),AND(J50="Baja",L50="Leve")),"Bajo",IF(OR(AND(J50="Muy baja",L50="Moderado"),AND(J50="Baja",L50="Menor"),AND(J50="Baja",L50="Moderado"),AND(J50="Media",L50="Leve"),AND(J50="Media",L50="Menor"),AND(J50="Media",L50="Moderado"),AND(J50="Alta",L50="Leve"),AND(J50="Alta",L50="Menor")),"Moderado",IF(OR(AND(J50="Muy Baja",L50="Mayor"),AND(J50="Baja",L50="Mayor"),AND(J50="Media",L50="Mayor"),AND(J50="Alta",L50="Moderado"),AND(J50="Alta",L50="Mayor"),AND(J50="Muy Alta",L50="Leve"),AND(J50="Muy Alta",L50="Menor"),AND(J50="Muy Alta",L50="Moderado"),AND(J50="Muy Alta",L50="Mayor")),"Alto",IF(OR(AND(J50="Muy Baja",L50="Catastrófico"),AND(J50="Baja",L50="Catastrófico"),AND(J50="Media",L50="Catastrófico"),AND(J50="Alta",L50="Catastrófico"),AND(J50="Muy Alta",L50="Catastrófico")),"Extremo","")))) -> Alto | O50: 1.1.. | P50: El profesional contable asignado realiza la comparación de los saldos registrados contablemente y los compara con los saldos que reposen en los documentos soporte que corresponda a cada conciliación. En el caso de bancos el extracto bancario de la cuenta, para fideicomisos, encargos fiduciarios y convenios, los correspondientes extractos e informes financieros resumen. Cuando se identifican diferencias se realiza el análisis de causa y origen, y se procede al registro del hecho contable con base en los documentos soporte. | Q50: =IF(OR(R50="Preventivo",R50="Detectivo"),"Probabilidad",IF(R50="Correctivo","Impacto","")) -> Probabilidad | R50: Detectivo | S50: Manual | T50: =IF(AND(R50="Preventivo",S50="Automático"),"50%",IF(AND(R50="Preventivo",S50="Manual"),"40%",IF(AND(R50="Detectivo",S50="Automático"),"40%",IF(AND(R50="Detectivo",S50="Manual"),"30%",IF(AND(R50="Correctivo",S50="Automático"),"35%",IF(AND(R50="Correctivo",S50="Manual"),"25%","")))))) -> 30% | U50: Documentado | V50: Continua | W50: Con Registro | X50: Registro de conciliaciones y soportes | Y50: =IFERROR(IF(Q50="Probabilidad",(K50-(+K50*T50)),IF(Q50="Impacto",K50,"")),"") -> 0.7 | Z50: =IFERROR(IF(Y50="","",IF(Y50<=0.2,"Muy Baja",IF(Y50<=0.4,"Baja",IF(Y50<=0.6,"Media",IF(Y50<=0.8,"Alta","Muy Alta"))))),"") -> Alta | AA50: =+Y50 -> 0.7 | AB50: =IFERROR(IF(AC50="","",IF(AC50<=0.2,"Leve",IF(AC50<=0.4,"Menor",IF(AC50<=0.6,"Moderado",IF(AC50<=0.8,"Mayor","Catastrófico"))))),"") -> Mayor | AC50: =IFERROR(IF(Q50="Impacto",(M50-(+M50*T50)),IF(Q50="Probabilidad",M50,"")),"") -> 0.8 | AD50: =IFERROR(IF(AE50=0,"",IF(AND(AE50>0,AE50<=0.2),"Muy Baja",IF(AE50<=0.4,"Baja",IF(AE50<=0.6,"Media",IF(AE50<=0.8,"Alta","Muy Alta"))))),"") -> Muy Baja | AE50: =MIN(Y50:Y55) -> 0.09072 | AF50: =IFERROR(IF(AG50=0,"",IF(AND(AG50>0,AG50<=0.2),"Leve",IF(AG50<=0.4,"Menor",IF(AG50<=0.6,"Moderado",IF(AG50<=0.8,"Mayor","Catastrófico"))))),"") -> Moderado | AG50: =MIN(AC50:AC55) -> 0.6 | AH50: =IFERROR(IF(OR(AND(AD50="Muy Baja",AF50="Leve"),AND(AD50="Muy Baja",AF50="Menor"),AND(AD50="Baja",AF50="Leve")),"Bajo",IF(OR(AND(AD50="Muy Baja",AF50="Moderado"),AND(AD50="Baja",AF50="Menor"),AND(AD50="Baja",AF50="Moderado"),AND(AD50="Media",AF50="Leve"),AND(AD50="Media",AF50="Menor"),AND(AD50="Media",AF50="Moderado"),AND(AD50="Alta",AF50="Leve"),AND(AD50="Alta",AF50="Menor")),"Moderado",IF(OR(AND(AD50="Muy Baja",AF50="Mayor"),AND(AD50="Baja",AF50="Mayor"),AND(AD50="Media",AF50="Mayor"),AND(AD50="Alta",AF50="Moderado"),AND(AD50="Alta",AF50="Mayor"),AND(AD50="Muy Alta",AF50="Leve"),AND(AD50="Muy Alta",AF50="Menor"),AND(AD50="Muy Alta",AF50="Moderado"),AND(AD50="Muy Alta",AF50="Mayor")),"Alto",IF(OR(AND(AD50="Muy Baja",AF50="Catastrófico"),AND(AD50="Baja",AF50="Catastrófico"),AND(AD50="Media",AF50="Catastrófico"),AND(AD50="Alta",AF50="Catastrófico"),AND(AD50="Muy Alta",AF50="Catastrófico")),"Extremo","")))),"") -> Moderado | AI50: Reducir (mitigar) | AJ50: Incluir dentro de la documentación del SGC el formato de conciliación de fiducias. Evaluar la posibilidad de incluir dentro de programa de capacitación temas tales como: Actualización de impuestos, manejo del aplicativo contable. Para el contador manejo del aplicativo de nomina, tesorería. | AK50: Se materializó el Riesgo? (Ver evento potencial principal en Columna F. Relacionar detalles de la materialización - que, como, cuando, donde): No se evidencia la materialización del evento potencial principal. Durante el período evaluado, la información financiera cumple con las características del Régimen de Contabilidad Pública. Los Controles están bien diseñados, se aplican de acuerdo al diseño y son efectivos? (Ver controles en la columna P / Concluir frente a cada control) Las medidas de control para este riesgo están bien diseñadas y se aplican de acuerdo con el proceso. Los controles permiten verificar que los hechos económicos se registren de forma adecuada, cumpliendo con los requisitos establecidos y en el período correspondiente, así como la validación de la correcta afectación contable y la generación de informes para seguimiento. En este sentido, los controles son coherentes y contribuyen a mitigar el riesgo. Que acciones propones o se están llevando a cabo para gestionar el riesgo que se materializó? (Si no aplica colocar N/A) No aplica, dado que el riesgo no se materializó. Se mantienen los controles establecidos para su mitigación. Que acciones propones o se están llevando a cabo para fortalecer los controles? (En el caso de que tener Acciones de mejora / Acciones correctivas en proceso, relacionar el avance. Si tienes acciones específicas a desarrollar en la columna AJ, también relacionar el avance) Se mantiene la aplicación de los controles establecidos y el seguimiento a la calidad de la información financiera. | AL50: https://isvimedgovco.sharepoint.com/:f:/s/1Admin_Y_Financiera/IgCsojgZ1oSPQLAtK0yc-mNzAb8cABpLn_42Hza6Gmluo6E?e=ZgJq4E | AM50: Se materializó el Riesgo? (Ver evento potencial principal en Columna F. Relacionar detalles de la materialización - que, como, cuando, donde): No se evidencia la materialización del evento potencial principal. Durante el período evaluado, la información financiera cumple con las características del Régimen de Contabilidad Pública. Los Controles están bien diseñados, se aplican de acuerdo al diseño y son efectivos? (Ver controles en la columna P / Concluir frente a cada control) Las medidas de control para este riesgo están bien diseñadas y se aplican de acuerdo con el proceso. Los controles permiten verificar que los hechos económicos se registren de forma adecuada, cumpliendo con los requisitos establecidos y en el período correspondiente, así como la validación de la correcta afectación contable y la generación de informes para seguimiento. En este sentido, los controles son coherentes y contribuyen a mitigar el riesgo. Que acciones propones o se están llevando a cabo para gestionar el riesgo que se materializó? (Si no aplica colocar N/A) No aplica, dado que el riesgo no se materializó. Se mantienen los controles establecidos para su mitigación. Que acciones propones o se están llevando a cabo para fortalecer los controles? (En el caso de que tener Acciones de mejora / Acciones correctivas en proceso, relacionar el avance. Si tienes acciones específicas a desarrollar en la columna AJ, también relacionar el avance) Se mantiene la aplicación de los controles establecidos y el seguimiento a la calidad de la información financiera. | AN50: *Conciliaciones :https://isvimedgovco.sharepoint.com/:f:/s/Admin_Y_Financiera-Contabilidad/IgCeynrbmWA7TIWLr2NCIdVlAd7dAFu8v4Hv1m_I5gMCLlw?e=1xYoe4 *https://isvimedgovco.sharepoint.com/:f:/s/1Admin_Y_Financiera/IgA1sVERu2yUR6DBuEPUUDbqAYNa1CniNbmKwNt3385x0Uw?e=bfgSHz | AO50: Se materializó el Riesgo? (Ver evento potencial principal en Columna F. Relacionar detalles de la materialización - que, como, cuando, donde): Los Controles están bien diseñados, se aplican de acuerdo al diseño y son efectivos? (Ver controles en la columna P / Concluir frente a cada control) Que acciones propones o se están llevando a cabo para gestionar el riesgo que se materializó? (Si no aplica colocar N/A) Que acciones propones o se están llevando a cabo para fortalecer los controles? (En el caso de que tener Acciones de mejora / Acciones correctivas en proceso, relacionar el avance. Si tienes acciones específicas a desarrollar en la columna AJ, también relacionar el avance) | AQ50: Se materializó el Riesgo? (Ver evento potencial principal en Columna F. Relacionar detalles de la materialización - que, como, cuando, donde): Los Controles están bien diseñados, se aplican de acuerdo al diseño y son efectivos? (Ver controles en la columna P / Concluir frente a cada control) Que acciones propones o se están llevando a cabo para gestionar el riesgo que se materializó? (Si no aplica colocar N/A) Que acciones propones o se están llevando a cabo para fortalecer los controles? (En el caso de que tener Acciones de mejora / Acciones correctivas en proceso, relacionar el avance. Si tienes acciones específicas a desarrollar en la columna AJ, también relacionar el avance)
O51: 1.2. | P51: Al inicio de cada mes se elabora un calendario de recepción límite de facturas con el objetivo de garantizar que todos los hechos económicos generados en el respectivo período sean reportados para su causación contable. | Q51: =IF(OR(R51="Preventivo",R51="Detectivo"),"Probabilidad",IF(R51="Correctivo","Impacto","")) -> Probabilidad | R51: Preventivo | S51: Manual | T51: =IF(AND(R51="Preventivo",S51="Automático"),"50%",IF(AND(R51="Preventivo",S51="Manual"),"40%",IF(AND(R51="Detectivo",S51="Automático"),"40%",IF(AND(R51="Detectivo",S51="Manual"),"30%",IF(AND(R51="Correctivo",S51="Automático"),"35%",IF(AND(R51="Correctivo",S51="Manual"),"25%","")))))) -> 40% | U51: Sin Documentar | V51: Continua | W51: Con Registro | X51: Calendario Mensual de recepción de facturas. Comunicación masiva al personal de Isvimed. | Y51: =IFERROR(IF(AND(Q50="Probabilidad",Q51="Probabilidad"),(AA50-(+AA50*T51)),IF(Q51="Probabilidad",(K50-(+K50*T51)),IF(Q51="Impacto",AA50,""))),"") -> 0.42 | Z51: =IFERROR(IF(Y51="","",IF(Y51<=0.2,"Muy Baja",IF(Y51<=0.4,"Baja",IF(Y51<=0.6,"Media",IF(Y51<=0.8,"Alta","Muy Alta"))))),"") -> Media | AA51: =+Y51 -> 0.42 | AB51: =IFERROR(IF(AC51="","",IF(AC51<=0.2,"Leve",IF(AC51<=0.4,"Menor",IF(AC51<=0.6,"Moderado",IF(AC51<=0.8,"Mayor","Catastrófico"))))),"") -> Mayor | AC51: =IFERROR(IF(AND(Q50="Impacto",Q51="Impacto"),(AC50-(+AC50*T51)),IF(Q51="Impacto",(#REF!-(+#REF!*T51)),IF(Q51="Probabilidad",AC50,""))),"") -> 0.8
H52: 2. Los hechos económicos generados en la entidad, siendo incluidos en el proceso contable, no cumplen con los criterios de reconocimiento, medición, revelación y presentación dispuestos en el Régimen de Contabilidad Pública | O52: 2.1. | P52: El profesional contable asignado registra los hechos económicos de forma fidedigna de acuerdo a la información contenida en los documentos que los soportan, verificando que los mismos cumplan los requisitos de ley y que sea registrados en el período en el que fueron generados. El contador verifica que la afectación contable de la cuentas haya sido la correcta. | Q52: =IF(OR(R52="Preventivo",R52="Detectivo"),"Probabilidad",IF(R52="Correctivo","Impacto","")) -> Probabilidad | R52: Preventivo | S52: Manual | T52: =IF(AND(R52="Preventivo",S52="Automático"),"50%",IF(AND(R52="Preventivo",S52="Manual"),"40%",IF(AND(R52="Detectivo",S52="Automático"),"40%",IF(AND(R52="Detectivo",S52="Manual"),"30%",IF(AND(R52="Correctivo",S52="Automático"),"35%",IF(AND(R52="Correctivo",S52="Manual"),"25%","")))))) -> 40% | U52: Documentado | V52: Continua | W52: Con Registro | X52: Solicitud de Pago con soportes. Orden de Pago. Evidencias del registro inicial y de autorización / rechazo en el sistema. | Y52: =IFERROR(IF(AND(Q51="Probabilidad",Q52="Probabilidad"),(AA51-(+AA51*T52)),IF(AND(Q51="Impacto",Q52="Probabilidad"),(AA50-(+AA50*T52)),IF(Q52="Impacto",AA51,""))),"") -> 0.252 | Z52: =IFERROR(IF(Y52="","",IF(Y52<=0.2,"Muy Baja",IF(Y52<=0.4,"Baja",IF(Y52<=0.6,"Media",IF(Y52<=0.8,"Alta","Muy Alta"))))),"") -> Baja | AA52: =+Y52 -> 0.252 | AB52: =IFERROR(IF(AC52="","",IF(AC52<=0.2,"Leve",IF(AC52<=0.4,"Menor",IF(AC52<=0.6,"Moderado",IF(AC52<=0.8,"Mayor","Catastrófico"))))),"") -> Mayor | AC52: =IFERROR(IF(AND(Q51="Impacto",Q52="Impacto"),(AC51-(+AC51*T52)),IF(AND(Q51="Probabilidad",Q52="Impacto"),(AC50-(+AC50*T52)),IF(Q52="Probabilidad",AC51,""))),"") -> 0.8
O53: 2.2. | P53: El profesional contable asignado, presenta informe de las actividades que generan impuestos, para lo cual descarga el auxiliar del SICOF y organiza la información de acuerdo a los requerimientos que exija el ente de control para su presentación (impuestos municipales y nacionales). El contador verifica que se hayan incluido todos los hechos económicos del período, las bases gravables, las tarifas y que como resultado el valor a pagar sea el correcto. | Q53: =IF(OR(R53="Preventivo",R53="Detectivo"),"Probabilidad",IF(R53="Correctivo","Impacto","")) -> Probabilidad | R53: Preventivo | S53: Manual | T53: =IF(AND(R53="Preventivo",S53="Automático"),"50%",IF(AND(R53="Preventivo",S53="Manual"),"40%",IF(AND(R53="Detectivo",S53="Automático"),"40%",IF(AND(R53="Detectivo",S53="Manual"),"30%",IF(AND(R53="Correctivo",S53="Automático"),"35%",IF(AND(R53="Correctivo",S53="Manual"),"25%","")))))) -> 40% | U53: Documentado | V53: Continua | W53: Con Registro | X53: Verificaciones y correcciones en archivos soporte de presentación de impuestos por parte del Contador | Y53: =IFERROR(IF(AND(Q52="Probabilidad",Q53="Probabilidad"),(AA52-(+AA52*T53)),IF(AND(Q52="Impacto",Q53="Probabilidad"),(AA51-(+AA51*T53)),IF(Q53="Impacto",AA52,""))),"") -> 0.1512 | Z53: =IFERROR(IF(Y53="","",IF(Y53<=0.2,"Muy Baja",IF(Y53<=0.4,"Baja",IF(Y53<=0.6,"Media",IF(Y53<=0.8,"Alta","Muy Alta"))))),"") -> Muy Baja | AA53: =+Y53 -> 0.1512 | AB53: =IFERROR(IF(AC53="","",IF(AC53<=0.2,"Leve",IF(AC53<=0.4,"Menor",IF(AC53<=0.6,"Moderado",IF(AC53<=0.8,"Mayor","Catastrófico"))))),"") -> Mayor | AC53: =IFERROR(IF(AND(Q52="Impacto",Q53="Impacto"),(AC52-(+AC52*T53)),IF(AND(Q52="Probabilidad",Q53="Impacto"),(AC51-(+AC51*T53)),IF(Q53="Probabilidad",AC52,""))),"") -> 0.8
O54: 2.3. | P54: El contador verifica que los informes contables se presenten en las fechas establecidas a los entes de control que los solicitan, y que cumplan los requisitos legales para cada tipo de informe (estado de situación financiera, estado de resultados, estado de cambios en el patrimonio, estado de flujo de efectivo). Los informes se remiten a la Subdirección Administrativa y financiera para revisión y aprobación. | Q54: =IF(OR(R54="Preventivo",R54="Detectivo"),"Probabilidad",IF(R54="Correctivo","Impacto","")) -> Probabilidad | R54: Preventivo | S54: Manual | T54: =IF(AND(R54="Preventivo",S54="Automático"),"50%",IF(AND(R54="Preventivo",S54="Manual"),"40%",IF(AND(R54="Detectivo",S54="Automático"),"40%",IF(AND(R54="Detectivo",S54="Manual"),"30%",IF(AND(R54="Correctivo",S54="Automático"),"35%",IF(AND(R54="Correctivo",S54="Manual"),"25%","")))))) -> 40% | U54: Documentado | V54: Continua | W54: Con Registro | X54: Informes contables con firmas de revisión y aprobación. Calendario de presentación de informes. | Y54: =IFERROR(IF(AND(Q53="Probabilidad",Q54="Probabilidad"),(AA53-(+AA53*T54)),IF(AND(Q53="Impacto",Q54="Probabilidad"),(AA52-(+AA52*T54)),IF(Q54="Impacto",AA53,""))),"") -> 0.09072 | Z54: =IFERROR(IF(Y54="","",IF(Y54<=0.2,"Muy Baja",IF(Y54<=0.4,"Baja",IF(Y54<=0.6,"Media",IF(Y54<=0.8,"Alta","Muy Alta"))))),"") -> Muy Baja | AA54: =+Y54 -> 0.09072 | AB54: =IFERROR(IF(AC54="","",IF(AC54<=0.2,"Leve",IF(AC54<=0.4,"Menor",IF(AC54<=0.6,"Moderado",IF(AC54<=0.8,"Mayor","Catastrófico"))))),"") -> Mayor | AC54: =IFERROR(IF(AND(Q53="Impacto",Q54="Impacto"),(AC53-(+AC53*T54)),IF(AND(Q53="Probabilidad",Q54="Impacto"),(AC52-(+AC52*T54)),IF(Q54="Probabilidad",AC53,""))),"") -> 0.8
O55: 3 | P55: En caso de materialización del riesgo por presentarse hallazgos por parte de los entes de control, y/o dictamen negativo o con salvedades por parte de la Contraloría General de Medellín con respecto a los informes financieros y contables presentados por el Isvimed, el profesional contable asignado, llevara a cabo una validación entre la información generada y lo que reposa en el sistema de información SICOF, a fin de hacer los ajustes necesarios en caso de que asi se requiera, y poder presentar nuevamente la información que cumpla con las caracterísiticas de oportunidad, relevancia, y representación fiel de que trata el Régimen de Contabilidad Pública. Asi mismo, frente a los hallazgos reportados por el Ente de Control,se elabora y presenta el Plan de Mejoramiento respectivo. | Q55: =IF(OR(R55="Preventivo",R55="Detectivo"),"Probabilidad",IF(R55="Correctivo","Impacto","")) -> Impacto | R55: Correctivo | S55: Manual | T55: =IF(AND(R55="Preventivo",S55="Automático"),"50%",IF(AND(R55="Preventivo",S55="Manual"),"40%",IF(AND(R55="Detectivo",S55="Automático"),"40%",IF(AND(R55="Detectivo",S55="Manual"),"30%",IF(AND(R55="Correctivo",S55="Automático"),"35%",IF(AND(R55="Correctivo",S55="Manual"),"25%","")))))) -> 25% | U55: Sin Documentar | V55: Aleatoria | W55: Con Registro | X55: Comprobantes de ajustes (CA) Informes Contables y financieros Ajustados (revelaciones a los estados financieros) Plan de Mejoramiento del Ente de Control y evidencias de ejecución y seguimiento. | Y55: =IFERROR(IF(AND(Q54="Probabilidad",Q55="Probabilidad"),(AA54-(+AA54*T55)),IF(AND(Q54="Impacto",Q55="Probabilidad"),(AA53-(+AA53*T55)),IF(Q55="Impacto",AA54,""))),"") -> 0.09072 | Z55: =IFERROR(IF(Y55="","",IF(Y55<=0.2,"Muy Baja",IF(Y55<=0.4,"Baja",IF(Y55<=0.6,"Media",IF(Y55<=0.8,"Alta","Muy Alta"))))),"") -> Muy Baja | AA55: =+Y55 -> 0.09072 | AB55: =IFERROR(IF(AC55="","",IF(AC55<=0.2,"Leve",IF(AC55<=0.4,"Menor",IF(AC55<=0.6,"Moderado",IF(AC55<=0.8,"Mayor","Catastrófico"))))),"") -> Moderado | AC55: =IFERROR(IF(AND(Q54="Impacto",Q55="Impacto"),(AC54-(+AC54*T55)),IF(AND(Q54="Probabilidad",Q55="Impacto"),(AC53-(+AC53*T55)),IF(Q55="Probabilidad",AC54,""))),"") -> 0.6
A56: GF26 | B56: Lograr que el 100% de los documentos que soportan hechos económicos sean entregados a Contabilidad dentro del tiempo establecido | C56: Contabilidad | D56: Posiblidad de afectación económica y reputacional | E56: por pago de intereses moratorios por PQRSD de proveedores que expresan su incorformidad relacionada con el no pago o devolución de facturas. | F56: debido a que los documentos que soportan hechos económicos no son entregados a Contabilidad dentro del tiempo establecido para su causación | G56: Posibilidad de afectación economica y reputacional, por pago de intereses moratorios, sanciones tributarias de la DIAN y el Distrito de Medellín,, asi como por PQRSD de proveedores que expresan su incorformidad relacionada con el no pago o devolución de facturas. Lo anterior, debido a que los documentos que soportan hechos económicos no son entregados a Contabilidad dentro del tiempo establecido para su causación. | H56: Falta de seguimiento por parte de los funcionarios que autorizan pagos para la consolidación de la información requerida para causar. | I56: Fiscal | J56: Alta | K56: =IF(J56="","",IF(J56="Muy Baja",0.2,IF(J56="Baja",0.4,IF(J56="Media",0.6,IF(J56="Alta",0.8,IF(J56="Muy Alta",1,)))))) -> 0.8 | L56: Moderado | M56: =IF(L56="","",IF(L56="Leve",0.2,IF(L56="Menor",0.4,IF(L56="Moderado",0.6,IF(L56="Mayor",0.8,IF(L56="Catastrófico",1,)))))) -> 0.6 | N56: =IF(OR(AND(J56="Muy Baja",L56="Leve"),AND(J56="Muy Baja",L56="Menor"),AND(J56="Baja",L56="Leve")),"Bajo",IF(OR(AND(J56="Muy Baja",L56="Moderado"),AND(J56="Baja",L56="Menor"),AND(J56="Baja",L56="Moderado"),AND(J56="Media",L56="Leve"),AND(J56="Media",L56="Menor"),AND(J56="Media",L56="Moderado"),AND(J56="Alta",L56="Leve"),AND(J56="Alta",L56="Menor")),"Moderado",IF(OR(AND(J56="Muy Baja",L56="Mayor"),AND(J56="Baja",L56="Mayor"),AND(J56="Media",L56="Mayor"),AND(J56="Alta",L56="Moderado"),AND(J56="Alta",L56="Mayor"),AND(J56="Muy Alta",L56="Leve"),AND(J56="Muy Alta",L56="Menor"),AND(J56="Muy Alta",L56="Moderado"),AND(J56="Muy Alta",L56="Mayor")),"Alto",IF(OR(AND(J56="Muy Baja",L56="Catastrófico"),AND(J56="Baja",L56="Catastrófico"),AND(J56="Media",L56="Catastrófico"),AND(J56="Alta",L56="Catastrófico"),AND(J56="Muy Alta",L56="Catastrófico")),"Extremo","")))) -> Alto | P56: El equipo contable revisa los soportes entregados por las diferentes subdirecciones para su causación. Cada factura debe incluir orden de pago, factura o cuenta de cobro, informe de supervisión, certificado de pago de parafiscales, poliza y acta de inicio, rubro presupuestal a afectar, entre otros. | Q56: =IF(OR(R56="Preventivo",R56="Detectivo"),"Probabilidad",IF(R56="Correctivo","Impacto","")) -> Probabilidad | R56: Detectivo | S56: manual | T56: =IF(AND(R56="Preventivo",S56="Automático"),"50%",IF(AND(R56="Preventivo",S56="Manual"),"40%",IF(AND(R56="Detectivo",S56="Automático"),"40%",IF(AND(R56="Detectivo",S56="Manual"),"30%",IF(AND(R56="Correctivo",S56="Automático"),"35%",IF(AND(R56="Correctivo",S56="Manual"),"25%","")))))) -> 30% | U56: Sin Documentar | V56: Aleatoria | W56: Con Registro | X56: Facturas devueltas o acepatadas para causación. | Y56: =IFERROR(IF(Q56="Probabilidad",(K56-(+K56*T56)),IF(Q56="Impacto",K56,"")),"") -> 0.56 | Z56: =IFERROR(IF(Y56="","",IF(Y56<=0.2,"Muy Baja",IF(Y56<=0.4,"Baja",IF(Y56<=0.6,"Media",IF(Y56<=0.8,"Alta","Muy Alta"))))),"") -> Media | AA56: =+Y56 -> 0.56 | AB56: =IFERROR(IF(AC56="","",IF(AC56<=0.2,"Leve",IF(AC56<=0.4,"Menor",IF(AC56<=0.6,"Moderado",IF(AC56<=0.8,"Mayor","Catastrófico"))))),"") -> Moderado | AC56: =IFERROR(IF(Q56="Impacto",(M56-(+M56*T56)),IF(Q56="Probabilidad",M56,"")),"") -> 0.6 | AD56: =IFERROR(IF(AE56=0,"",IF(AND(AE56>0,AE56<=0.2),"Muy Baja",IF(AE56<=0.4,"Baja",IF(AE56<=0.6,"Media",IF(AE56<=0.8,"Alta","Muy Alta"))))),"") -> Baja | AE56: =MIN(Y56:Y57) -> 0.336 | AF56: =IFERROR(IF(AG56=0,"",IF(AND(AG56>0,AG56<=0.2),"Leve",IF(AG56<=0.4,"Menor",IF(AG56<=0.6,"Moderado",IF(AG56<=0.8,"Mayor","Catastrófico"))))),"") -> Moderado | AG56: =MIN(AC56:AC57) -> 0.6 | AH56: =IFERROR(IF(OR(AND(AD56="Muy Baja",AF56="Leve"),AND(AD56="Muy Baja",AF56="Menor"),AND(AD56="Baja",AF56="Leve")),"Bajo",IF(OR(AND(AD56="Muy Baja",AF56="Moderado"),AND(AD56="Baja",AF56="Menor"),AND(AD56="Baja",AF56="Moderado"),AND(AD56="Media",AF56="Leve"),AND(AD56="Media",AF56="Menor"),AND(AD56="Media",AF56="Moderado"),AND(AD56="Alta",AF56="Leve"),AND(AD56="Alta",AF56="Menor")),"Moderado",IF(OR(AND(AD56="Muy Baja",AF56="Mayor"),AND(AD56="Baja",AF56="Mayor"),AND(AD56="Media",AF56="Mayor"),AND(AD56="Alta",AF56="Moderado"),AND(AD56="Alta",AF56="Mayor"),AND(AD56="Muy Alta",AF56="Leve"),AND(AD56="Muy Alta",AF56="Menor"),AND(AD56="Muy Alta",AF56="Moderado"),AND(AD56="Muy Alta",AF56="Mayor")),"Alto",IF(OR(AND(AD56="Muy Baja",AF56="Catastrófico"),AND(AD56="Baja",AF56="Catastrófico"),AND(AD56="Media",AF56="Catastrófico"),AND(AD56="Alta",AF56="Catastrófico"),AND(AD56="Muy Alta",AF56="Catastrófico")),"Extremo","")))),"") -> Moderado | AI56: Reducir (mitigar) | AJ56: Actualizar el procedimiento para pagos, que detalle los requisitos para recepción y causación de facturas | AK56: Se materializó el Riesgo? (Ver evento potencial principal en Columna F. Relacionar detalles de la materialización - que, como, cuando, donde): No se evidencia la materialización del evento potencial principal. Durante el período evaluado, los documentos soporte de los hechos económicos fueron entregados a contabilidad dentro de los tiempos establecidos para su causación. Los Controles están bien diseñados, se aplican de acuerdo al diseño y son efectivos? (Ver controles en la columna P / Concluir frente a cada control) Las medidas de control para este riesgo están bien diseñadas y se aplican de acuerdo con el proceso. El control principal, correspondiente al envío del cronograma financiero con la información requerida, permite establecer los tiempos para la entrega de documentos. Adicionalmente, se cuenta con controles asociados al seguimiento y validación de la información recibida por parte de contabilidad. En este sentido, los controles son coherentes y contribuyen a mitigar el riesgo. Que acciones propones o se están llevando a cabo para gestionar el riesgo que se materializó? (Si no aplica colocar N/A) No aplica, dado que el riesgo no se materializó. Se mantienen los controles establecidos para su mitigación. Que acciones propones o se están llevando a cabo para fortalecer los controles? (En el caso de que tener Acciones de mejora / Acciones correctivas en proceso, relacionar el avance. Si tienes acciones específicas a desarrollar en la columna AJ, también relacionar el avance) Se mantiene la aplicación del cronograma financiero y el seguimiento a la entrega oportuna de la información. | AL56: https://isvimedgovco.sharepoint.com/:f:/s/1Admin_Y_Financiera/IgCsojgZ1oSPQLAtK0yc-mNzAb8cABpLn_42Hza6Gmluo6E?e=ZgJq4E | AM56: Se materializó el Riesgo? (Ver evento potencial principal en Columna F. Relacionar detalles de la materialización - que, como, cuando, donde): No se evidencia la materialización del evento potencial principal. Durante el período evaluado, los documentos soporte de los hechos económicos fueron entregados a contabilidad dentro de los tiempos establecidos para su causación. Los Controles están bien diseñados, se aplican de acuerdo al diseño y son efectivos? (Ver controles en la columna P / Concluir frente a cada control) Las medidas de control para este riesgo están bien diseñadas y se aplican de acuerdo con el proceso. El control principal, correspondiente al envío del cronograma financiero con la información requerida, permite establecer los tiempos para la entrega de documentos. Adicionalmente, se cuenta con controles asociados al seguimiento y validación de la información recibida por parte de contabilidad. En este sentido, los controles son coherentes y contribuyen a mitigar el riesgo. Que acciones propones o se están llevando a cabo para gestionar el riesgo que se materializó? (Si no aplica colocar N/A) No aplica, dado que el riesgo no se materializó. Se mantienen los controles establecidos para su mitigación. Que acciones propones o se están llevando a cabo para fortalecer los controles? (En el caso de que tener Acciones de mejora / Acciones correctivas en proceso, relacionar el avance. Si tienes acciones específicas a desarrollar en la columna AJ, también relacionar el avance) Se mantiene la aplicación del cronograma financiero y el seguimiento a la entrega oportuna de la información. | AN56: *https://isvimedgovco.sharepoint.com/:f:/s/1Admin_Y_Financiera/IgA1sVERu2yUR6DBuEPUUDbqAYNa1CniNbmKwNt3385x0Uw?e=bfgSHz *https://isvimedgovco.sharepoint.com/:f:/s/1Admin_Y_Financiera/IgA1sVERu2yUR6DBuEPUUDbqAYNa1CniNbmKwNt3385x0Uw?e=olktVR | AO56: Se materializó el Riesgo? (Ver evento potencial principal en Columna F. Relacionar detalles de la materialización - que, como, cuando, donde): Los Controles están bien diseñados, se aplican de acuerdo al diseño y son efectivos? (Ver controles en la columna P / Concluir frente a cada control) Que acciones propones o se están llevando a cabo para gestionar el riesgo que se materializó? (Si no aplica colocar N/A) Que acciones propones o se están llevando a cabo para fortalecer los controles? (En el caso de que tener Acciones de mejora / Acciones correctivas en proceso, relacionar el avance. Si tienes acciones específicas a desarrollar en la columna AJ, también relacionar el avance) | AQ56: Se materializó el Riesgo? (Ver evento potencial principal en Columna F. Relacionar detalles de la materialización - que, como, cuando, donde): Los Controles están bien diseñados, se aplican de acuerdo al diseño y son efectivos? (Ver controles en la columna P / Concluir frente a cada control) Que acciones propones o se están llevando a cabo para gestionar el riesgo que se materializó? (Si no aplica colocar N/A) Que acciones propones o se están llevando a cabo para fortalecer los controles? (En el caso de que tener Acciones de mejora / Acciones correctivas en proceso, relacionar el avance. Si tienes acciones específicas a desarrollar en la columna AJ, también relacionar el avance)
H57: Incumplimiento del cronograma de cierre financiero mensual por parte de las depedencias y proveedores. | P57: El profesional contable, la primera semana de cada mes, envia un correo masivo con el cronograma de cierre financiero a todas las dependencias. Los supervisores verifican los términos establecidos en el cronograma y coordinan si es aplicable con los proveedores para el cumplimiento del mismo | Q57: =IF(OR(R57="Preventivo",R57="Detectivo"),"Probabilidad",IF(R57="Correctivo","Impacto","")) -> Probabilidad | R57: Preventivo | S57: manual | T57: =IF(AND(R57="Preventivo",S57="Automático"),"50%",IF(AND(R57="Preventivo",S57="Manual"),"40%",IF(AND(R57="Detectivo",S57="Automático"),"40%",IF(AND(R57="Detectivo",S57="Manual"),"30%",IF(AND(R57="Correctivo",S57="Automático"),"35%",IF(AND(R57="Correctivo",S57="Manual"),"25%","")))))) -> 40% | U57: Sin Documentar | V57: Aleatoria | W57: Con Registro | X57: Correo masivo con el cronograma de cierre financiero a todas las dependencias del Instituto | Y57: =IFERROR(IF(AND(Q56="Probabilidad",Q57="Probabilidad"),(AA56-(+AA56*T57)),IF(Q57="Probabilidad",(K56-(+K56*T57)),IF(Q57="Impacto",AA56,""))),"") -> 0.336 | Z57: =IFERROR(IF(Y57="","",IF(Y57<=0.2,"Muy Baja",IF(Y57<=0.4,"Baja",IF(Y57<=0.6,"Media",IF(Y57<=0.8,"Alta","Muy Alta"))))),"") -> Baja | AA57: =+Y57 -> 0.336 | AB57: =IFERROR(IF(AC57="","",IF(AC57<=0.2,"Leve",IF(AC57<=0.4,"Menor",IF(AC57<=0.6,"Moderado",IF(AC57<=0.8,"Mayor","Catastrófico"))))),"") -> Moderado | AC57: =IFERROR(IF(AND(Q56="Impacto",Q57="Impacto"),(AC56-(+AC56*T57)),IF(Q57="Impacto",(#REF!-(+#REF!*T57)),IF(Q57="Probabilidad",AC56,""))),"") -> 0.6 | AJ57: Realizar capacitación a los funcionarios que autorizan pagos sobre los soportes y plazos requeridos para su entrega a Contabilidad
H58: Desconocimiento de cuáles son los documentos que soportan el pago por parte de los funcionarios responsables. | P58: El profesional contable asesora a los funcionarios responsables de presentar cuentas de cobro sobre los requistios para causarlas. Lo anterior a necesidad. | Q58: =IF(OR(R58="Preventivo",R58="Detectivo"),"Probabilidad",IF(R58="Correctivo","Impacto","")) -> Probabilidad | R58: Preventivo | S58: manual | T58: =IF(AND(R58="Preventivo",S58="Automático"),"50%",IF(AND(R58="Preventivo",S58="Manual"),"40%",IF(AND(R58="Detectivo",S58="Automático"),"40%",IF(AND(R58="Detectivo",S58="Manual"),"30%",IF(AND(R58="Correctivo",S58="Automático"),"35%",IF(AND(R58="Correctivo",S58="Manual"),"25%","")))))) -> 40% | U58: Sin Documentar | V58: Aleatoria | W58: Sin Registro | X58: NA | Y58: =IFERROR(IF(AND(Q57="Probabilidad",Q58="Probabilidad"),(AA57-(+AA57*T58)),IF(AND(Q57="Impacto",Q58="Probabilidad"),(AA56-(+AA56*T58)),IF(Q58="Impacto",AA57,""))),"") -> 0.2016 | Z58: =IFERROR(IF(Y58="","",IF(Y58<=0.2,"Muy Baja",IF(Y58<=0.4,"Baja",IF(Y58<=0.6,"Media",IF(Y58<=0.8,"Alta","Muy Alta"))))),"") -> Baja | AA58: =+Y58 -> 0.2016 | AB58: =IFERROR(IF(AC58="","",IF(AC58<=0.2,"Leve",IF(AC58<=0.4,"Menor",IF(AC58<=0.6,"Moderado",IF(AC58<=0.8,"Mayor","Catastrófico"))))),"") -> Moderado | AC58: =IFERROR(IF(AND(Q57="Impacto",Q58="Impacto"),(AC57-(+AC57*T58)),IF(AND(Q57="Probabilidad",Q58="Impacto"),(AC56-(+AC56*T58)),IF(Q58="Probabilidad",AC57,""))),"") -> 0.6
P59: En caso de que se entreguen facturas por fuera del cronograma de cierre financiero, no son recibidas para su causación y pago. En el caso de que se generen intereses moratorios, el funcionario responsable de su presentación oportuna a Contabilidad, debe asumir este costo y presentar el respectivo soporte de pago a Tesorería. | Q59: =IF(OR(R59="Preventivo",R59="Detectivo"),"Probabilidad",IF(R59="Correctivo","Impacto","")) -> Impacto | R59: Correctivo | S59: manual | T59: =IF(AND(R59="Preventivo",S59="Automático"),"50%",IF(AND(R59="Preventivo",S59="Manual"),"40%",IF(AND(R59="Detectivo",S59="Automático"),"40%",IF(AND(R59="Detectivo",S59="Manual"),"30%",IF(AND(R59="Correctivo",S59="Automático"),"35%",IF(AND(R59="Correctivo",S59="Manual"),"25%","")))))) -> 25% | U59: Sin Documentar | W59: Con Registro | X59: Soportes de pago de intereses moratorios | Y59: =IFERROR(IF(AND(Q58="Probabilidad",Q59="Probabilidad"),(AA58-(+AA58*T59)),IF(AND(Q58="Impacto",Q59="Probabilidad"),(AA57-(+AA57*T59)),IF(Q59="Impacto",AA58,""))),"") -> 0.2016 | Z59: =IFERROR(IF(Y59="","",IF(Y59<=0.2,"Muy Baja",IF(Y59<=0.4,"Baja",IF(Y59<=0.6,"Media",IF(Y59<=0.8,"Alta","Muy Alta"))))),"") -> Baja | AA59: =+Y59 -> 0.2016 | AB59: =IFERROR(IF(AC59="","",IF(AC59<=0.2,"Leve",IF(AC59<=0.4,"Menor",IF(AC59<=0.6,"Moderado",IF(AC59<=0.8,"Mayor","Catastrófico"))))),"") -> Moderado | AC59: =IFERROR(IF(AND(Q58="Impacto",Q59="Impacto"),(AC58-(+AC58*T59)),IF(AND(Q58="Probabilidad",Q59="Impacto"),(AC57-(+AC57*T59)),IF(Q59="Probabilidad",AC58,""))),"") -> 0.45
A60: GF27 | B60: lograr un 100% de cumplimiento en la Elaboración y certificación de los estados financieros de manera trimestral. | C60: Contabilidad | D60: Posiblidad de afectación reputacional | E60: -Insatisfacción de la alta dirección por no contar con información contable oportuna y necesaria para efectos de control, toma de decisiones y rendición de cuentas. -Hallazgos por parte de los entes de control. | F60: debido a que no se cumpla con la elaboración, certificación y publicación de los estados financieros de manera trimestral | G60: Posiblidad de afectación reputacional reflejada en la insatisfacción de la alta dirección por no contar con información contable oportuna y necesaria para efectos de control, toma de decisiones y rendición de cuentas así como por hallazgos o sanciones por parte de los entes de control. lo anterior, debido a que no se cumpla con la elaboración, certificación y publicación de los estados financieros de manera trimestral. | H60: 1. Las dependencias no remiten la documentación según lineamientos y términos establecidos en el cronograma financiero mensual. | I60: Gestión | J60: Baja | K60: =IF(J60="","",IF(J60="Muy Baja",0.2,IF(J60="Baja",0.4,IF(J60="Media",0.6,IF(J60="Alta",0.8,IF(J60="Muy Alta",1,)))))) -> 0.4 | L60: Mayor | M60: =IF(L60="","",IF(L60="Leve",0.2,IF(L60="Menor",0.4,IF(L60="Moderado",0.6,IF(L60="Mayor",0.8,IF(L60="Catastrófico",1,)))))) -> 0.8 | N60: =IF(OR(AND(J60="Muy Baja",L60="Leve"),AND(J60="Muy Baja",L60="Menor"),AND(J60="Baja",L60="Leve")),"Bajo",IF(OR(AND(J60="Muy baja",L60="Moderado"),AND(J60="Baja",L60="Menor"),AND(J60="Baja",L60="Moderado"),AND(J60="Media",L60="Leve"),AND(J60="Media",L60="Menor"),AND(J60="Media",L60="Moderado"),AND(J60="Alta",L60="Leve"),AND(J60="Alta",L60="Menor")),"Moderado",IF(OR(AND(J60="Muy Baja",L60="Mayor"),AND(J60="Baja",L60="Mayor"),AND(J60="Media",L60="Mayor"),AND(J60="Alta",L60="Moderado"),AND(J60="Alta",L60="Mayor"),AND(J60="Muy Alta",L60="Leve"),AND(J60="Muy Alta",L60="Menor"),AND(J60="Muy Alta",L60="Moderado"),AND(J60="Muy Alta",L60="Mayor")),"Alto",IF(OR(AND(J60="Muy Baja",L60="Catastrófico"),AND(J60="Baja",L60="Catastrófico"),AND(J60="Media",L60="Catastrófico"),AND(J60="Alta",L60="Catastrófico"),AND(J60="Muy Alta",L60="Catastrófico")),"Extremo","")))) -> Alto | O60: 1.1 | P60: El equipo contable valida que los documentos se entreguen dentro del cronograma de cierre financiero, de lo contrario no son recibidos para su reporte y por lo tanto no se verán reflejados en los estados financieros. | Q60: =IF(OR(R60="Preventivo",R60="Detectivo"),"Probabilidad",IF(R60="Correctivo","Impacto","")) -> Impacto | R60: Correctivo | S60: Manual | T60: =IF(AND(R60="Preventivo",S60="Automático"),"50%",IF(AND(R60="Preventivo",S60="Manual"),"40%",IF(AND(R60="Detectivo",S60="Automático"),"40%",IF(AND(R60="Detectivo",S60="Manual"),"30%",IF(AND(R60="Correctivo",S60="Automático"),"35%",IF(AND(R60="Correctivo",S60="Manual"),"25%","")))))) -> 25% | U60: Sin Documentar | V60: Aleatoria | W60: Sin Registro | X60: NA | Y60: =IFERROR(IF(Q60="Probabilidad",(K60-(+K60*T60)),IF(Q60="Impacto",K60,"")),"") -> 0.4 | Z60: =IFERROR(IF(Y60="","",IF(Y60<=0.2,"Muy Baja",IF(Y60<=0.4,"Baja",IF(Y60<=0.6,"Media",IF(Y60<=0.8,"Alta","Muy Alta"))))),"") -> Baja | AA60: =+Y60 -> 0.4 | AB60: =IFERROR(IF(AC60="","",IF(AC60<=0.2,"Leve",IF(AC60<=0.4,"Menor",IF(AC60<=0.6,"Moderado",IF(AC60<=0.8,"Mayor","Catastrófico"))))),"") -> Moderado | AC60: =IFERROR(IF(Q60="Impacto",(M60-(+M60*T60)),IF(Q60="Probabilidad",M60,"")),"") -> 0.6 | AD60: =IFERROR(IF(AE60=0,"",IF(AND(AE60>0,AE60<=0.2),"Muy Baja",IF(AE60<=0.4,"Baja",IF(AE60<=0.6,"Media",IF(AE60<=0.8,"Alta","Muy Alta"))))),"") -> Muy Baja | AE60: =MIN(Y60:Y63) -> 0.144 | AF60: =IFERROR(IF(AG60=0,"",IF(AND(AG60>0,AG60<=0.2),"Leve",IF(AG60<=0.4,"Menor",IF(AG60<=0.6,"Moderado",IF(AG60<=0.8,"Mayor","Catastrófico"))))),"") -> Moderado | AG60: =MIN(AC60:AC63) -> 0.45 | AH60: =IFERROR(IF(OR(AND(AD60="Muy Baja",AF60="Leve"),AND(AD60="Muy Baja",AF60="Menor"),AND(AD60="Baja",AF60="Leve")),"Bajo",IF(OR(AND(AD60="Muy Baja",AF60="Moderado"),AND(AD60="Baja",AF60="Menor"),AND(AD60="Baja",AF60="Moderado"),AND(AD60="Media",AF60="Leve"),AND(AD60="Media",AF60="Menor"),AND(AD60="Media",AF60="Moderado"),AND(AD60="Alta",AF60="Leve"),AND(AD60="Alta",AF60="Menor")),"Moderado",IF(OR(AND(AD60="Muy Baja",AF60="Mayor"),AND(AD60="Baja",AF60="Mayor"),AND(AD60="Media",AF60="Mayor"),AND(AD60="Alta",AF60="Moderado"),AND(AD60="Alta",AF60="Mayor"),AND(AD60="Muy Alta",AF60="Leve"),AND(AD60="Muy Alta",AF60="Menor"),AND(AD60="Muy Alta",AF60="Moderado"),AND(AD60="Muy Alta",AF60="Mayor")),"Alto",IF(OR(AND(AD60="Muy Baja",AF60="Catastrófico"),AND(AD60="Baja",AF60="Catastrófico"),AND(AD60="Media",AF60="Catastrófico"),AND(AD60="Alta",AF60="Catastrófico"),AND(AD60="Muy Alta",AF60="Catastrófico")),"Extremo","")))),"") -> Moderado | AI60: Reducir (mitigar) | AK60: Se materializó el Riesgo? (Ver evento potencial principal en Columna F. Relacionar detalles de la materialización - que, como, cuando, donde): No se evidencia la materialización del evento potencial principal. Durante el período evaluado se dio cumplimiento a la elaboración, certificación y publicación de los estados financieros de manera trimestral. Los Controles están bien diseñados, se aplican de acuerdo al diseño y son efectivos? (Ver controles en la columna P / Concluir frente a cada control) Las medidas de control para este riesgo están bien diseñadas y se aplican de acuerdo con el proceso. El control relacionado con el cronograma permite planificar y anticipar la elaboración de los estados financieros, facilitando su presentación oportuna y reduciendo el riesgo de retrasos por fallas operativas o del sistema. Adicionalmente, se cuenta con controles de revisión, validación y aprobación de la información antes de su certificación y publicación. En este sentido, los controles son coherentes y contribuyen a mitigar el riesgo. Que acciones propones o se están llevando a cabo para gestionar el riesgo que se materializó? (Si no aplica colocar N/A) No aplica, dado que el riesgo no se materializó. Se mantienen los controles establecidos para su mitigación. Que acciones propones o se están llevando a cabo para fortalecer los controles? (En el caso de que tener Acciones de mejora / Acciones correctivas en proceso, relacionar el avance. Si tienes acciones específicas a desarrollar en la columna AJ, también relacionar el avance) Se mantiene la aplicación del cronograma y el seguimiento a cada una de las etapas del proceso. Adicionalmente, se recomienda continuar fortaleciendo la oportunidad en la preparación y revisión de la información, con el fin de asegurar el cumplimiento de los tiempos establecidos para la certificación y publicación. | AL60: https://isvimedgovco.sharepoint.com/:f:/s/1Admin_Y_Financiera/IgCsojgZ1oSPQLAtK0yc-mNzAb8cABpLn_42Hza6Gmluo6E?e=ZgJq4E | AM60: Se materializó el Riesgo? (Ver evento potencial principal en Columna F. Relacionar detalles de la materialización - que, como, cuando, donde): No se evidencia la materialización del evento potencial principal. Durante el período evaluado se dio cumplimiento a la elaboración, certificación y publicación de los estados financieros de manera trimestral. Los Controles están bien diseñados, se aplican de acuerdo al diseño y son efectivos? (Ver controles en la columna P / Concluir frente a cada control) Las medidas de control para este riesgo están bien diseñadas y se aplican de acuerdo con el proceso. El control relacionado con el cronograma permite planificar y anticipar la elaboración de los estados financieros, facilitando su presentación oportuna y reduciendo el riesgo de retrasos por fallas operativas o del sistema. Adicionalmente, se cuenta con controles de revisión, validación y aprobación de la información antes de su certificación y publicación. En este sentido, los controles son coherentes y contribuyen a mitigar el riesgo. Que acciones propones o se están llevando a cabo para gestionar el riesgo que se materializó? (Si no aplica colocar N/A) No aplica, dado que el riesgo no se materializó. Se mantienen los controles establecidos para su mitigación. Que acciones propones o se están llevando a cabo para fortalecer los controles? (En el caso de que tener Acciones de mejora / Acciones correctivas en proceso, relacionar el avance. Si tienes acciones específicas a desarrollar en la columna AJ, también relacionar el avance) Se mantiene la aplicación del cronograma y el seguimiento a cada una de las etapas del proceso. Adicionalmente, se recomienda continuar fortaleciendo la oportunidad en la preparación y revisión de la información, con el fin de asegurar el cumplimiento de los tiempos establecidos para la certificación y publicación. | AN60: *https://isvimedgovco.sharepoint.com/:f:/s/Admin_Y_Financiera-Contabilidad/IgDuY099CpqxR5A04f9ZTFH-AcM5l1M6HGameU-4ymO-rEU?e=lMAxjD *https://isvimedgovco.sharepoint.com/:f:/s/1Admin_Y_Financiera/IgA1sVERu2yUR6DBuEPUUDbqAYNa1CniNbmKwNt3385x0Uw?e=olktVR | AO60: Se materializó el Riesgo? (Ver evento potencial principal en Columna F. Relacionar detalles de la materialización - que, como, cuando, donde): Los Controles están bien diseñados, se aplican de acuerdo al diseño y son efectivos? (Ver controles en la columna P / Concluir frente a cada control) Que acciones propones o se están llevando a cabo para gestionar el riesgo que se materializó? (Si no aplica colocar N/A) Que acciones propones o se están llevando a cabo para fortalecer los controles? (En el caso de que tener Acciones de mejora / Acciones correctivas en proceso, relacionar el avance. Si tienes acciones específicas a desarrollar en la columna AJ, también relacionar el avance) | AQ60: Se materializó el Riesgo? (Ver evento potencial principal en Columna F. Relacionar detalles de la materialización - que, como, cuando, donde): Los Controles están bien diseñados, se aplican de acuerdo al diseño y son efectivos? (Ver controles en la columna P / Concluir frente a cada control) Que acciones propones o se están llevando a cabo para gestionar el riesgo que se materializó? (Si no aplica colocar N/A) Que acciones propones o se están llevando a cabo para fortalecer los controles? (En el caso de que tener Acciones de mejora / Acciones correctivas en proceso, relacionar el avance. Si tienes acciones específicas a desarrollar en la columna AJ, también relacionar el avance)
O61: 1.2 | P61: El profesional contable, la primera semana de cada mes, envia un correo masivo con el cronograma de cierre financiero a todas las dependencias. | Q61: =IF(OR(R61="Preventivo",R61="Detectivo"),"Probabilidad",IF(R61="Correctivo","Impacto","")) -> Probabilidad | R61: Preventivo | S61: manual | T61: =IF(AND(R61="Preventivo",S61="Automático"),"50%",IF(AND(R61="Preventivo",S61="Manual"),"40%",IF(AND(R61="Detectivo",S61="Automático"),"40%",IF(AND(R61="Detectivo",S61="Manual"),"30%",IF(AND(R61="Correctivo",S61="Automático"),"35%",IF(AND(R61="Correctivo",S61="Manual"),"25%","")))))) -> 40% | U61: Sin Documentar | V61: Aleatoria | W61: Con Registro | X61: Correo masivo con el cronograma de cierre financiero a todas las dependencias del Instituto | Y61: =IFERROR(IF(AND(Q60="Probabilidad",Q61="Probabilidad"),(AA60-(+AA60*T61)),IF(Q61="Probabilidad",(K60-(+K60*T61)),IF(Q61="Impacto",AA60,""))),"") -> 0.24 | Z61: =IFERROR(IF(Y61="","",IF(Y61<=0.2,"Muy Baja",IF(Y61<=0.4,"Baja",IF(Y61<=0.6,"Media",IF(Y61<=0.8,"Alta","Muy Alta"))))),"") -> Baja | AA61: =+Y61 -> 0.24 | AB61: =IFERROR(IF(AC61="","",IF(AC61<=0.2,"Leve",IF(AC61<=0.4,"Menor",IF(AC61<=0.6,"Moderado",IF(AC61<=0.8,"Mayor","Catastrófico"))))),"") -> Moderado | AC61: =IFERROR(IF(AND(Q60="Impacto",Q61="Impacto"),(AC60-(+AC60*T61)),IF(Q61="Impacto",(#REF!-(+#REF!*T61)),IF(Q61="Probabilidad",AC60,""))),"") -> 0.6
H62: 2. El aplicativo CHIP presenta fallas. | O62: 2 | P62: El profesional contable verifica que la presentación de los informes se realice antes de la fecha limite de presentación del reporte. | Q62: =IF(OR(R62="Preventivo",R62="Detectivo"),"Probabilidad",IF(R62="Correctivo","Impacto","")) -> Probabilidad | R62: Preventivo | S62: Manual | T62: =IF(AND(R62="Preventivo",S62="Automático"),"50%",IF(AND(R62="Preventivo",S62="Manual"),"40%",IF(AND(R62="Detectivo",S62="Automático"),"40%",IF(AND(R62="Detectivo",S62="Manual"),"30%",IF(AND(R62="Correctivo",S62="Automático"),"35%",IF(AND(R62="Correctivo",S62="Manual"),"25%","")))))) -> 40% | U62: Documentado | V62: Aleatoria | W62: Con Registro | X62: Registro de aceptación de la publicacion | Y62: =IFERROR(IF(AND(Q61="Probabilidad",Q62="Probabilidad"),(AA61-(+AA61*T62)),IF(AND(Q61="Impacto",Q62="Probabilidad"),(AA60-(+AA60*T62)),IF(Q62="Impacto",AA61,""))),"") -> 0.144 | Z62: =IFERROR(IF(Y62="","",IF(Y62<=0.2,"Muy Baja",IF(Y62<=0.4,"Baja",IF(Y62<=0.6,"Media",IF(Y62<=0.8,"Alta","Muy Alta"))))),"") -> Muy Baja | AA62: =+Y62 -> 0.144 | AB62: =IFERROR(IF(AC62="","",IF(AC62<=0.2,"Leve",IF(AC62<=0.4,"Menor",IF(AC62<=0.6,"Moderado",IF(AC62<=0.8,"Mayor","Catastrófico"))))),"") -> Moderado | AC62: =IFERROR(IF(AND(Q61="Impacto",Q62="Impacto"),(AC61-(+AC61*T62)),IF(AND(Q61="Probabilidad",Q62="Impacto"),(AC60-(+AC60*T62)),IF(Q62="Probabilidad",AC61,""))),"") -> 0.6
O63: 3 | P63: En caso de materialización del riesgo, el profesional contable elabora y presenta de manera extemporanea los estados financieros, cumpliendo con el plan de mejoramiento sobre hallazgos del ente de control , asi ccomo el pago de intereses moratorios si a ellos hubiere lugar. | Q63: =IF(OR(R63="Preventivo",R63="Detectivo"),"Probabilidad",IF(R63="Correctivo","Impacto","")) -> Impacto | R63: Correctivo | S63: Manual | T63: =IF(AND(R63="Preventivo",S63="Automático"),"50%",IF(AND(R63="Preventivo",S63="Manual"),"40%",IF(AND(R63="Detectivo",S63="Automático"),"40%",IF(AND(R63="Detectivo",S63="Manual"),"30%",IF(AND(R63="Correctivo",S63="Automático"),"35%",IF(AND(R63="Correctivo",S63="Manual"),"25%","")))))) -> 25% | U63: Documentado | V63: Aleatoria | W63: Con Registro | X63: soportes de presentación de los informes de manera extemporánea y soportes de pago de intereses moratorios | Y63: =IFERROR(IF(AND(Q62="Probabilidad",Q63="Probabilidad"),(AA62-(+AA62*T63)),IF(AND(Q62="Impacto",Q63="Probabilidad"),(AA61-(+AA61*T63)),IF(Q63="Impacto",AA62,""))),"") -> 0.144 | Z63: =IFERROR(IF(Y63="","",IF(Y63<=0.2,"Muy Baja",IF(Y63<=0.4,"Baja",IF(Y63<=0.6,"Media",IF(Y63<=0.8,"Alta","Muy Alta"))))),"") -> Muy Baja | AA63: =+Y63 -> 0.144 | AB63: =IFERROR(IF(AC63="","",IF(AC63<=0.2,"Leve",IF(AC63<=0.4,"Menor",IF(AC63<=0.6,"Moderado",IF(AC63<=0.8,"Mayor","Catastrófico"))))),"") -> Moderado | AC63: =IFERROR(IF(AND(Q62="Impacto",Q63="Impacto"),(AC62-(+AC62*T63)),IF(AND(Q62="Probabilidad",Q63="Impacto"),(AC61-(+AC61*T63)),IF(Q63="Probabilidad",AC62,""))),"") -> 0.45
A64: GF28 | B64: Disminuir a 0 las diferencias entre la información contable prensentada a la CGN a través del CHIP y la del sistema de información contable de la entidad, en cada trimestre. | C64: Contabilidad | D64: Posiblidad de afectación reputacional | E64: * Insatisfacción de la alta dirección por no contar con información contable precisa para efectos de control, toma de decisiones y rendición de cuentas. *Hallazgos por parte de los entes de control. | F64: debido a que existan diferencias entre la información contable prensentada a la CGN a través del CHIP y la del sistema de información contable de la entidad. | G64: Posiblidad de afectación reputacional reflejada en insatisfacción de la alta dirección por no contar con información contable precisa para efectos de control, toma de decisiones y rendición de cuentas así como hallazgos por parte de los entes de control, debido a que existan diferencias entre la información contable prensentada a la CGN a través del CHIP y la del sistema de información contable de la entidad. | H64: Desactualización en el sistema de información contable de las modificaciones emitidas por la CGN en cuanto a denominación de cuentas contables. | I64: Gestión | J64: Alta | K64: =IF(J64="","",IF(J64="Muy Baja",0.2,IF(J64="Baja",0.4,IF(J64="Media",0.6,IF(J64="Alta",0.8,IF(J64="Muy Alta",1,)))))) -> 0.8 | L64: Mayor | M64: =IF(L64="","",IF(L64="Leve",0.2,IF(L64="Menor",0.4,IF(L64="Moderado",0.6,IF(L64="Mayor",0.8,IF(L64="Catastrófico",1,)))))) -> 0.8 | N64: =IF(OR(AND(J64="Muy Baja",L64="Leve"),AND(J64="Muy Baja",L64="Menor"),AND(J64="Baja",L64="Leve")),"Bajo",IF(OR(AND(J64="Muy baja",L64="Moderado"),AND(J64="Baja",L64="Menor"),AND(J64="Baja",L64="Moderado"),AND(J64="Media",L64="Leve"),AND(J64="Media",L64="Menor"),AND(J64="Media",L64="Moderado"),AND(J64="Alta",L64="Leve"),AND(J64="Alta",L64="Menor")),"Moderado",IF(OR(AND(J64="Muy Baja",L64="Mayor"),AND(J64="Baja",L64="Mayor"),AND(J64="Media",L64="Mayor"),AND(J64="Alta",L64="Moderado"),AND(J64="Alta",L64="Mayor"),AND(J64="Muy Alta",L64="Leve"),AND(J64="Muy Alta",L64="Menor"),AND(J64="Muy Alta",L64="Moderado"),AND(J64="Muy Alta",L64="Mayor")),"Alto",IF(OR(AND(J64="Muy Baja",L64="Catastrófico"),AND(J64="Baja",L64="Catastrófico"),AND(J64="Media",L64="Catastrófico"),AND(J64="Alta",L64="Catastrófico"),AND(J64="Muy Alta",L64="Catastrófico")),"Extremo","")))) -> Alto | O64: 1 | P64: El profesional contable revisa y valida las denominaciones y actualizaciones de las cuentas convergentes hechas por la CGN para reportar oportunamente la información contable. Lo anterior se realiza de manera trimestral a través del PUC de la CGN. | Q64: =IF(OR(R64="Preventivo",R64="Detectivo"),"Probabilidad",IF(R64="Correctivo","Impacto","")) -> Probabilidad | R64: Preventivo | S64: Manual | T64: =IF(AND(R64="Preventivo",S64="Automático"),"50%",IF(AND(R64="Preventivo",S64="Manual"),"40%",IF(AND(R64="Detectivo",S64="Automático"),"40%",IF(AND(R64="Detectivo",S64="Manual"),"30%",IF(AND(R64="Correctivo",S64="Automático"),"35%",IF(AND(R64="Correctivo",S64="Manual"),"25%","")))))) -> 40% | U64: Sin Documentar | V64: Aleatoria | W64: Con Registro | X64: Reporte CHIP de información contable. | Y64: =IFERROR(IF(Q64="Probabilidad",(K64-(+K64*T64)),IF(Q64="Impacto",K64,"")),"") -> 0.48 | Z64: =IFERROR(IF(Y64="","",IF(Y64<=0.2,"Muy Baja",IF(Y64<=0.4,"Baja",IF(Y64<=0.6,"Media",IF(Y64<=0.8,"Alta","Muy Alta"))))),"") -> Media | AA64: =+Y64 -> 0.48 | AB64: =IFERROR(IF(AC64="","",IF(AC64<=0.2,"Leve",IF(AC64<=0.4,"Menor",IF(AC64<=0.6,"Moderado",IF(AC64<=0.8,"Mayor","Catastrófico"))))),"") -> Mayor | AC64: =IFERROR(IF(Q64="Impacto",(M64-(+M64*T64)),IF(Q64="Probabilidad",M64,"")),"") -> 0.8 | AD64: baja | AE64: =MIN(Y64:Y66) -> 0.336 | AF64: =IFERROR(IF(AG64=0,"",IF(AND(AG64>0,AG64<=0.2),"Leve",IF(AG64<=0.4,"Menor",IF(AG64<=0.6,"Moderado",IF(AG64<=0.8,"Mayor","Catastrófico"))))),"") -> Moderado | AG64: =MIN(AC64:AC66) -> 0.6 | AH64: MODERADO | AI64: Reducir (mitigar) | AK64: Se materializó el Riesgo? (Ver evento potencial principal en Columna F. Relacionar detalles de la materialización - que, como, cuando, donde): No se evidencia la materialización del evento potencial principal. Durante el período evaluado no se presentaron diferencias entre la información contable reportada a la CGN y la del sistema contable de la entidad. Los Controles están bien diseñados, se aplican de acuerdo al diseño y son efectivos? (Ver controles en la columna P / Concluir frente a cada control) Las medidas de control para este riesgo están bien diseñadas y se aplican de acuerdo con el proceso. El control relacionado con la revisión y validación de las denominaciones y actualizaciones de las cuentas permite asegurar la consistencia de la información a reportar. Adicionalmente, el control de verificación al momento del cargue a la CGN permite detectar oportunamente posibles errores. En este sentido, los controles son coherentes y contribuyen a mitigar el riesgo. Que acciones propones o se están llevando a cabo para gestionar el riesgo que se materializó? (Si no aplica colocar N/A) No aplica, dado que el riesgo no se materializó. Se mantienen los controles establecidos para su mitigación. Que acciones propones o se están llevando a cabo para fortalecer los controles? (En el caso de que tener Acciones de mejora / Acciones correctivas en proceso, relacionar el avance. Si tienes acciones específicas a desarrollar en la columna AJ, también relacionar el avance) Se mantiene la aplicación de los controles establecidos y el seguimiento al proceso de validación y reporte de la información. | AL64: https://isvimedgovco.sharepoint.com/:f:/s/1Admin_Y_Financiera/IgCsojgZ1oSPQLAtK0yc-mNzAb8cABpLn_42Hza6Gmluo6E?e=ZgJq4E | AM64: Se materializó el Riesgo? (Ver evento potencial principal en Columna F. Relacionar detalles de la materialización - que, como, cuando, donde): No se evidencia la materialización del evento potencial principal. Durante el período evaluado no se presentaron diferencias entre la información contable reportada a la CGN y la del sistema contable de la entidad. Los Controles están bien diseñados, se aplican de acuerdo al diseño y son efectivos? (Ver controles en la columna P / Concluir frente a cada control) Las medidas de control para este riesgo están bien diseñadas y se aplican de acuerdo con el proceso. El control relacionado con la revisión y validación de las denominaciones y actualizaciones de las cuentas permite asegurar la consistencia de la información a reportar. Adicionalmente, el control de verificación al momento del cargue a la CGN permite detectar oportunamente posibles errores. En este sentido, los controles son coherentes y contribuyen a mitigar el riesgo. Que acciones propones o se están llevando a cabo para gestionar el riesgo que se materializó? (Si no aplica colocar N/A) No aplica, dado que el riesgo no se materializó. Se mantienen los controles establecidos para su mitigación. Que acciones propones o se están llevando a cabo para fortalecer los controles? (En el caso de que tener Acciones de mejora / Acciones correctivas en proceso, relacionar el avance. Si tienes acciones específicas a desarrollar en la columna AJ, también relacionar el avance) Se mantiene la aplicación de los controles establecidos y el seguimiento al proceso de validación y reporte de la información. | AN64: *https://isvimedgovco.sharepoint.com/:f:/s/Admin_Y_Financiera-Contabilidad/IgC9zTQu9Vp1QYV5yBmtYYMUAcz1FGCjlEKfy7qihG9duEU?e=hAMgaX | AO64: Se materializó el Riesgo? (Ver evento potencial principal en Columna F. Relacionar detalles de la materialización - que, como, cuando, donde): Los Controles están bien diseñados, se aplican de acuerdo al diseño y son efectivos? (Ver controles en la columna P / Concluir frente a cada control) Que acciones propones o se están llevando a cabo para gestionar el riesgo que se materializó? (Si no aplica colocar N/A) Que acciones propones o se están llevando a cabo para fortalecer los controles? (En el caso de que tener Acciones de mejora / Acciones correctivas en proceso, relacionar el avance. Si tienes acciones específicas a desarrollar en la columna AJ, también relacionar el avance) | AQ64: Se materializó el Riesgo? (Ver evento potencial principal en Columna F. Relacionar detalles de la materialización - que, como, cuando, donde): Los Controles están bien diseñados, se aplican de acuerdo al diseño y son efectivos? (Ver controles en la columna P / Concluir frente a cada control) Que acciones propones o se están llevando a cabo para gestionar el riesgo que se materializó? (Si no aplica colocar N/A) Que acciones propones o se están llevando a cabo para fortalecer los controles? (En el caso de que tener Acciones de mejora / Acciones correctivas en proceso, relacionar el avance. Si tienes acciones específicas a desarrollar en la columna AJ, también relacionar el avance)
H65: Errores manuales en la generación del archivo plano del sistema de información contable para cargarlo en el CHIP. | O65: 2 | P65: El profesional contable valida si el sistema CHIP está detectando algún tipo de error para ser corregido en el momento de trasmitir la información contable, por está razón el profesional contable controla este reporte se suba minimo una semana antes. | Q65: =IF(OR(R65="Preventivo",R65="Detectivo"),"Probabilidad",IF(R65="Correctivo","Impacto","")) -> Probabilidad | R65: Detectivo | S65: Manual | T65: =IF(AND(R65="Preventivo",S65="Automático"),"50%",IF(AND(R65="Preventivo",S65="Manual"),"40%",IF(AND(R65="Detectivo",S65="Automático"),"40%",IF(AND(R65="Detectivo",S65="Manual"),"30%",IF(AND(R65="Correctivo",S65="Automático"),"35%",IF(AND(R65="Correctivo",S65="Manual"),"25%","")))))) -> 30% | U65: Sin Documentar | V65: Aleatoria | W65: Con Registro | X65: Reporte CHIP de información contable. | Y65: =IFERROR(IF(AND(Q64="Probabilidad",Q65="Probabilidad"),(AA64-(+AA64*T65)),IF(Q65="Probabilidad",(K64-(+K64*T65)),IF(Q65="Impacto",AA64,""))),"") -> 0.336 | Z65: =IFERROR(IF(Y65="","",IF(Y65<=0.2,"Muy Baja",IF(Y65<=0.4,"Baja",IF(Y65<=0.6,"Media",IF(Y65<=0.8,"Alta","Muy Alta"))))),"") -> Baja | AA65: =+Y65 -> 0.336 | AB65: =IFERROR(IF(AC65="","",IF(AC65<=0.2,"Leve",IF(AC65<=0.4,"Menor",IF(AC65<=0.6,"Moderado",IF(AC65<=0.8,"Mayor","Catastrófico"))))),"") -> Mayor | AC65: =IFERROR(IF(AND(Q64="Impacto",Q65="Impacto"),(AC64-(+AC64*T65)),IF(Q65="Impacto",(#REF!-(+#REF!*T65)),IF(Q65="Probabilidad",AC64,""))),"") -> 0.8
O66: 3 | P66: En caso de materialización del riesgo, la CGN envia correos electrónicos informando los valores incorrectos que deben ser saneados oportunamente, adicionalmente lo envian con copia a la dirección y a los responsables de la información con el fin de que estos esten al tanto de lo que sucede. | Q66: =IF(OR(R66="Preventivo",R66="Detectivo"),"Probabilidad",IF(R66="Correctivo","Impacto","")) -> Impacto | R66: Correctivo | S66: Manual | T66: =IF(AND(R66="Preventivo",S66="Automático"),"50%",IF(AND(R66="Preventivo",S66="Manual"),"40%",IF(AND(R66="Detectivo",S66="Automático"),"40%",IF(AND(R66="Detectivo",S66="Manual"),"30%",IF(AND(R66="Correctivo",S66="Automático"),"35%",IF(AND(R66="Correctivo",S66="Manual"),"25%","")))))) -> 25% | U66: Sin Documentar | V66: Aleatoria | W66: Con Registro | X66: Reporte CHIP de información contable corregido | Y66: =IFERROR(IF(AND(Q65="Probabilidad",Q66="Probabilidad"),(AA65-(+AA65*T66)),IF(AND(Q65="Impacto",Q66="Probabilidad"),(AA64-(+AA64*T66)),IF(Q66="Impacto",AA65,""))),"") -> 0.336 | Z66: =IFERROR(IF(Y66="","",IF(Y66<=0.2,"Muy Baja",IF(Y66<=0.4,"Baja",IF(Y66<=0.6,"Media",IF(Y66<=0.8,"Alta","Muy Alta"))))),"") -> Baja | AA66: =+Y66 -> 0.336 | AB66: =IFERROR(IF(AC66="","",IF(AC66<=0.2,"Leve",IF(AC66<=0.4,"Menor",IF(AC66<=0.6,"Moderado",IF(AC66<=0.8,"Mayor","Catastrófico"))))),"") -> Moderado | AC66: =IFERROR(IF(AND(Q65="Impacto",Q66="Impacto"),(AC65-(+AC65*T66)),IF(AND(Q65="Probabilidad",Q66="Impacto"),(AC64-(+AC64*T66)),IF(Q66="Probabilidad",AC65,""))),"") -> 0.6
